Workbook
Name DISNAME: ALLOC!$C$7:$C$336
Name disname2: ALLOC!$A$7:$A$336
Name disnameA: ALLOC!$A$7:$A$336

Sheet Please Read Instructions
B1: Last Updated: September 1, 2026. 2025–2026 allocations are updated through August 2026 for the GL 821 Restricted worksheet.
B2: Fund Balance Reporting Tool Instructions
B3: This tool is provided to assist districts in properly coding their ending fund balances for the 2025–2026 school year.
B4: The use of this tool is optional. However, Fund Balance equity must be categorized by classifications required by GASB Statement 54 and the Accounting Manual.
B5: Districts may not need to utilize every General Ledger Account Code presented here. If a particular GL code does not apply to your district, you are not required to use it.
B6: It is recommended that you save a copy of this excel file for your own use.
B7: The Fund Balance Summary worksheet summarizes all the behind-the-scenes data entered on the other sheets.
B8: In Column A, the GL account numbers and names are hyperlinked to the appropriate sheets. Click on the name to go to that sheet.
B9: From any other sheet, click on (Return to summary sheet) to return to the "Fund Balance Summary" sheet.
B10: SHEET: FUND BALANCE SUMMARY
B11: In the large yellow cell [A-B2], a drop-down list of district names appears in alphabetical order.
B12: Select your district. This will populate the sheet appropriately.
... B28: Paul.Stone@k12.wa.us.

Sheet CCDDD
D1: CCDDD | E1: SCHOOL DISTRICT (25-26) | F1: Class | G1: Basis | H1: Nonhigh | I1: =SUM(I2:I334) -> 92 | K1: =SUM(W2:W334) -> 0 | L1: =SUM(#REF!) -> #REF! | P1: CCDDD | Q1: SCHOOL DISTRICT (25-26 Rosetta) | R1: Class | S1: Basis | T1: Nonhigh | U1: =SUM(U2:U331) -> 92
C2: 1 | D2: 14005 | E2: ABERDEEN | F2: 1 | G2: Accrual | H2: No | I2: =IF(+G2="cash",1,0) -> 0 | K2: =+F2-R2 -> 0 | L2: =+I2-U2 -> 0 | N2: =+P2-D2 -> 0 | P2: 14005 | Q2: Aberdeen School District | R2: 1 | S2: Accrual | T2: No | U2: =IF(+S2="cash",1,0) -> 0
C3: 2 | D3: 21226 | E3: ADNA | F3: 2 | G3: Accrual | H3: No | I3: =IF(+G3="cash",1,0) -> 0 | K3: =+F3-R3 -> 0 | L3: =+I3-U3 -> 0 | N3: =+P3-D3 -> 0 | P3: 21226 | Q3: Adna School District | R3: 2 | S3: Accrual | T3: No | U3: =IF(+S3="cash",1,0) -> 0
C4: 3 | D4: 22017 | E4: ALMIRA | F4: 2 | G4: Cash | H4: No | I4: =IF(+G4="cash",1,0) -> 1 | K4: =+F4-R4 -> 0 | L4: =+I4-U4 -> 0 | N4: =+P4-D4 -> 0 | P4: 22017 | Q4: Almira School District | R4: 2 | S4: Cash | T4: No | U4: =IF(+S4="cash",1,0) -> 1
C5: 4 | D5: 29103 | E5: ANACORTES | F5: 1 | G5: Accrual | H5: No | I5: =IF(+G5="cash",1,0) -> 0 | K5: =+F5-R5 -> 0 | L5: =+I5-U5 -> 0 | N5: =+P5-D5 -> 0 | P5: 29103 | Q5: Anacortes School District | R5: 1 | S5: Accrual | T5: No | U5: =IF(+S5="cash",1,0) -> 0
C6: 5 | D6: 31016 | E6: ARLINGTON | F6: 1 | G6: Accrual | H6: No | I6: =IF(+G6="cash",1,0) -> 0 | K6: =+F6-R6 -> 0 | L6: =+I6-U6 -> 0 | N6: =+P6-D6 -> 0 | P6: 31016 | Q6: Arlington School District | R6: 1 | S6: Accrual | T6: No | U6: =IF(+S6="cash",1,0) -> 0
C7: 6 | D7: 02420 | E7: ASOTIN | F7: 2 | G7: Cash | H7: No | I7: =IF(+G7="cash",1,0) -> 1 | K7: =+F7-R7 -> 0 | L7: =+I7-U7 -> 0 | N7: =+P7-D7 -> 0 | P7: 02420 | Q7: Asotin-Anatone School District | R7: 2 | S7: Cash | T7: No | U7: =IF(+S7="cash",1,0) -> 1
C8: 7 | D8: 17408 | E8: AUBURN | F8: 1 | G8: Accrual | H8: No | I8: =IF(+G8="cash",1,0) -> 0 | K8: =+F8-R8 -> 0 | L8: =+I8-U8 -> 0 | N8: =+P8-D8 -> 0 | P8: 17408 | Q8: Auburn School District | R8: 1 | S8: Accrual | T8: No | U8: =IF(+S8="cash",1,0) -> 0
C9: 8 | D9: 18303 | E9: BAINBRIDGE | F9: 1 | G9: Accrual | H9: No | I9: =IF(+G9="cash",1,0) -> 0 | K9: =+F9-R9 -> 0 | L9: =+I9-U9 -> 0 | N9: =+P9-D9 -> 0 | P9: 18303 | Q9: Bainbridge Island School District | R9: 1 | S9: Accrual | T9: No | U9: =IF(+S9="cash",1,0) -> 0
C10: 9 | D10: 06119 | E10: BATTLE GROUND | F10: 1 | G10: Accrual | H10: No | I10: =IF(+G10="cash",1,0) -> 0 | K10: =+F10-R10 -> 0 | L10: =+I10-U10 -> 0 | N10: =+P10-D10 -> 0 | P10: 06119 | Q10: Battle Ground School District | R10: 1 | S10: Accrual | T10: No | U10: =IF(+S10="cash",1,0) -> 0
C11: 10 | D11: 17405 | E11: BELLEVUE | F11: 1 | G11: Accrual | H11: No | I11: =IF(+G11="cash",1,0) -> 0 | K11: =+F11-R11 -> 0 | L11: =+I11-U11 -> 0 | N11: =+P11-D11 -> 0 | P11: 17405 | Q11: Bellevue School District | R11: 1 | S11: Accrual | T11: No | U11: =IF(+S11="cash",1,0) -> 0
C12: 11 | D12: 37501 | E12: BELLINGHAM | F12: 1 | G12: Accrual | H12: No | I12: =IF(+G12="cash",1,0) -> 0 | K12: =+F12-R12 -> 0 | L12: =+I12-U12 -> 0 | N12: =+P12-D12 -> 0 | P12: 37501 | Q12: Bellingham School District | R12: 1 | S12: Accrual | T12: No | U12: =IF(+S12="cash",1,0) -> 0
C13: 12 | D13: 01122 | E13: BENGE | F13: 2 | G13: Cash | H13: Yes | I13: =IF(+G13="cash",1,0) -> 1 | K13: =+F13-R13 -> 0 | L13: =+I13-U13 -> 0 | N13: =+P13-D13 -> 0 | P13: 01122 | Q13: Benge School District | R13: 2 | S13: Cash | T13: Yes | U13: =IF(+S13="cash",1,0) -> 1
... C75: 74 | D75: 13165 | E75: EPHRATA | F75: 1 | G75: Accrual | H75: No | I75: =IF(+G75="cash",1,0) -> 0 | K75: =+F75-R75 -> 0 | L75: =+I75-U75 -> 0 | N75: =+P75-D75 -> 0 | P75: 13165 | Q75: Ephrata School District | R75: 1 | S75: Accrual | T75: No | U75: =IF(+S75="cash",1,0) -> 0
C76: 75 | D76: 06701 | E76: ESA 112 | F76: 1 | G76: Accrual | I76: =IF(+G76="cash",1,0) -> 0 | K76: =+F76-R76 -> 0 | L76: =+I76-U76 -> 0 | N76: =+P76-D76 -> 0 | P76: 06701 | Q76: ESA 112 | R76: 1 | S76: Accrual | U76: =IF(+S76="cash",1,0) -> 0
C77: 76 | D77: 32801 | E77: ESD 101 | F77: 1 | G77: Accrual | I77: =IF(+G77="cash",1,0) -> 0 | K77: =+F77-R77 -> 0 | L77: =+I77-U77 -> 0 | N77: =+P77-D77 -> 0 | P77: 32801 | Q77: ESD 101 | R77: 1 | S77: Accrual | U77: =IF(+S77="cash",1,0) -> 0
C78: 77 | D78: 39801 | E78: ESD 105 | F78: 1 | G78: Accrual | I78: =IF(+G78="cash",1,0) -> 0 | K78: =+F78-R78 -> 0 | L78: =+I78-U78 -> 0 | N78: =+P78-D78 -> 0 | P78: 39801 | Q78: ESD 105 | R78: 1 | S78: Accrual | U78: =IF(+S78="cash",1,0) -> 0
C79: 78 | D79: 06801 | E79: ESD 112 | F79: 1 | G79: Accrual | I79: =IF(+G79="cash",1,0) -> 0 | K79: =+F79-R79 -> 0 | L79: =+I79-U79 -> 0 | N79: =+P79-D79 -> 0 | P79: 06801 | Q79: ESD 112 | R79: 1 | S79: Accrual | U79: =IF(+S79="cash",1,0) -> 0
C80: 79 | D80: 34801 | E80: ESD 113 | F80: 1 | G80: Accrual | I80: =IF(+G80="cash",1,0) -> 0 | K80: =+F80-R80 -> 0 | L80: =+I80-U80 -> 0 | N80: =+P80-D80 -> 0 | P80: 34801 | Q80: ESD 113 | R80: 1 | S80: Accrual | U80: =IF(+S80="cash",1,0) -> 0
C81: 80 | D81: 18801 | E81: ESD 114 | F81: 1 | G81: Accrual | I81: =IF(+G81="cash",1,0) -> 0 | K81: =+F81-R81 -> 0 | L81: =+I81-U81 -> 0 | N81: =+P81-D81 -> 0 | P81: 18801 | Q81: ESD 114 | R81: 1 | S81: Accrual | U81: =IF(+S81="cash",1,0) -> 0
C82: 81 | D82: 17801 | E82: ESD 121 | F82: 1 | G82: Accrual | I82: =IF(+G82="cash",1,0) -> 0 | K82: =+F82-R82 -> 0 | L82: =+I82-U82 -> 0 | N82: =+P82-D82 -> 0 | P82: 17801 | Q82: ESD 121 | R82: 1 | S82: Accrual | U82: =IF(+S82="cash",1,0) -> 0
C83: 82 | D83: 11801 | E83: ESD 123 | F83: 1 | G83: Accrual | I83: =IF(+G83="cash",1,0) -> 0 | K83: =+F83-R83 -> 0 | L83: =+I83-U83 -> 0 | N83: =+P83-D83 -> 0 | P83: 11801 | Q83: ESD 123 | R83: 1 | S83: Accrual | U83: =IF(+S83="cash",1,0) -> 0
C84: 83 | D84: 04801 | E84: ESD 171 | F84: 1 | G84: Accrual | I84: =IF(+G84="cash",1,0) -> 0 | K84: =+F84-R84 -> 0 | L84: =+I84-U84 -> 0 | N84: =+P84-D84 -> 0 | P84: 04801 | Q84: ESD 171 | R84: 1 | S84: Accrual | U84: =IF(+S84="cash",1,0) -> 0
C85: 84 | D85: 29801 | E85: ESD 189 | F85: 1 | G85: Accrual | I85: =IF(+G85="cash",1,0) -> 0 | K85: =+F85-R85 -> 0 | L85: =+I85-U85 -> 0 | N85: =+P85-D85 -> 0 | P85: 29801 | Q85: ESD 189 | R85: 1 | S85: Accrual | U85: =IF(+S85="cash",1,0) -> 0
C86: 85 | D86: 21036 | E86: EVALINE | F86: 2 | G86: Cash | H86: Yes | I86: =IF(+G86="cash",1,0) -> 1 | K86: =+F86-R86 -> 0 | L86: =+I86-U86 -> 0 | N86: =+P86-D86 -> 0 | P86: 21036 | Q86: Evaline School District | R86: 2 | S86: Cash | T86: Yes | U86: =IF(+S86="cash",1,0) -> 1
C87: 86 | D87: 31002 | E87: EVERETT | F87: 1 | G87: Accrual | H87: No | I87: =IF(+G87="cash",1,0) -> 0 | K87: =+F87-R87 -> 0 | L87: =+I87-U87 -> 0 | N87: =+P87-D87 -> 0 | P87: 31002 | Q87: Everett School District | R87: 1 | S87: Accrual | T87: No | U87: =IF(+S87="cash",1,0) -> 0
C88: 87 | D88: 06114 | E88: EVERGREEN (CLARK) | F88: 1 | G88: Accrual | H88: No | I88: =IF(+G88="cash",1,0) -> 0 | K88: =+F88-R88 -> 0 | L88: =+I88-U88 -> 0 | N88: =+P88-D88 -> 0 | P88: 06114 | Q88: Evergreen School District (Clark) | R88: 1 | S88: Accrual | T88: No | U88: =IF(+S88="cash",1,0) -> 0
C89: 88 | D89: 33205 | E89: EVERGREEN (STEVENS) | F89: 2 | G89: Cash | H89: Yes | I89: =IF(+G89="cash",1,0) -> 1 | K89: =+F89-R89 -> 0 | L89: =+I89-U89 -> 0 | N89: =+P89-D89 -> 0 | P89: 33205 | Q89: Evergreen School District (Stevens) | R89: 2 | S89: Cash | T89: Yes | U89: =IF(+S89="cash",1,0) -> 1
C90: 89 | D90: 17210 | E90: FEDERAL WAY | F90: 1 | G90: Accrual | H90: No | I90: =IF(+G90="cash",1,0) -> 0 | K90: =+F90-R90 -> 0 | L90: =+I90-U90 -> 0 | N90: =+P90-D90 -> 0 | P90: 17210 | Q90: Federal Way School District | R90: 1 | S90: Accrual | T90: No | U90: =IF(+S90="cash",1,0) -> 0
C91: 90 | D91: 37502 | E91: FERNDALE | F91: 1 | G91: Accrual | H91: No | I91: =IF(+G91="cash",1,0) -> 0 | K91: =+F91-R91 -> 0 | L91: =+I91-U91 -> 0 | N91: =+P91-D91 -> 0 | P91: 37502 | Q91: Ferndale School District | R91: 1 | S91: Accrual | T91: No | U91: =IF(+S91="cash",1,0) -> 0
C92: 91 | D92: 27417 | E92: FIFE | F92: 1 | G92: Accrual | H92: No | I92: =IF(+G92="cash",1,0) -> 0 | K92: =+F92-R92 -> 0 | L92: =+I92-U92 -> 0 | N92: =+P92-D92 -> 0 | P92: 27417 | Q92: Fife School District | R92: 1 | S92: Accrual | T92: No | U92: =IF(+S92="cash",1,0) -> 0
C93: 92 | D93: 03053 | E93: FINLEY | F93: 2 | G93: Accrual | H93: No | I93: =IF(+G93="cash",1,0) -> 0 | K93: =+F93-R93 -> 0 | L93: =+I93-U93 -> 0 | N93: =+P93-D93 -> 0 | P93: 03053 | Q93: Finley School District | R93: 2 | S93: Accrual | T93: No | U93: =IF(+S93="cash",1,0) -> 0
C94: 93 | D94: 27402 | E94: FRANKLIN PIERCE | F94: 1 | G94: Accrual | H94: No | I94: =IF(+G94="cash",1,0) -> 0 | K94: =+F94-R94 -> 0 | L94: =+I94-U94 -> 0 | N94: =+P94-D94 -> 0 | P94: 27402 | Q94: Franklin Pierce School District | R94: 1 | S94: Accrual | T94: No | U94: =IF(+S94="cash",1,0) -> 0
C95: 94 | D95: 32358 | E95: FREEMAN | F95: 2 | G95: Cash | H95: No | I95: =IF(+G95="cash",1,0) -> 1 | K95: =+F95-R95 -> 0 | L95: =+I95-U95 -> 0 | N95: =+P95-D95 -> 0 | P95: 32358 | Q95: Freeman School District | R95: 2 | S95: Cash | T95: No | U95: =IF(+S95="cash",1,0) -> 1
C96: 95 | D96: 38302 | E96: GARFIELD | F96: 2 | G96: Cash | H96: No | I96: =IF(+G96="cash",1,0) -> 1 | K96: =+F96-R96 -> 0 | L96: =+I96-U96 -> 0 | N96: =+P96-D96 -> 0 | P96: 38302 | Q96: Garfield School District | R96: 2 | S96: Cash | T96: No | U96: =IF(+S96="cash",1,0) -> 1
C97: 96 | D97: 20401 | E97: GLENWOOD | F97: 2 | G97: Cash | H97: No | I97: =IF(+G97="cash",1,0) -> 1 | K97: =+F97-R97 -> 0 | L97: =+I97-U97 -> 0 | N97: =+P97-D97 -> 0 | P97: 20401 | Q97: Glenwood School District | R97: 2 | S97: Cash | T97: No | U97: =IF(+S97="cash",1,0) -> 1
... C331: 330 | D331: 39205 | E331: ZILLAH | F331: 2 | G331: Accrual | H331: No | I331: =IF(+G331="cash",1,0) -> 0 | K331: =+F331-R331 -> 0 | L331: =+I331-U331 -> 0 | N331: =+P331-D331 -> 0 | P331: 39205 | Q331: Zillah School District | R331: 2 | S331: Accrual | T331: No | U331: =IF(+S331="cash",1,0) -> 0

Sheet Fund Balance Summary
A1: CCDDD | B1: =INDEX(CCDDD!$P$2:$Q$331,MATCH(A2,CCDDD!$Q$2:$Q$331,0),1) -> 14005 | L1: General Fund Equity Accounts, by SUB-FUND
A2: Aberdeen School District | L2: FY 2025–2026
L3: Sub-Funds | N3: Total | O3: Check Column B to Column N. Should equal zero
A4: FY 2025–2026 | B4: GF | C4: ASB | D4: DSF | E4: CPF | F4: TVF | G4: PF | L4: 10 | M4: 11 | N4: GF
A5: Total Assets & Deferred Outflows of Resources | B5: 0 | C5: 0 | D5: 0 | E5: 0 | F5: 0 | G5: 0
A6: Total Liabilities & Deferred Inflows of Resources | B6: 0 | C6: 0 | D6: 0 | E6: 0 | F6: 0 | G6: 0 | R6: GENERAL FUND EQUITY ACCOUNTS, BY SUB-FUND: Districts are encouraged to track Fund Balance Equity by Sub-Fund. In the yellow cells provided in columns L & M, enter values, segregated by Sub-Fund, associated with the corresponding General Ledger account values in column B. Columns L & M are added together in column N. Column O compares column N to Column B. The amounts calculated in columns L & M, at Row 57, are intended to represent your ENDING Fund Balance, by Sub-Fund. This worksheet, and supporting work-tabs, can be used to support amounts provided in the supplemental F-196 report: Fund Balance, by Sub-Fund.
A7: Total Fund Balance | B7: =B5-B6 -> 0 | C7: =C5-C6 -> 0 | D7: =D5-D6 -> 0 | E7: =E5-E6 -> 0 | F7: =F5-F6 -> 0 | G7: =G5-G6 -> 0
A9: Nonspendable | B9: =B10+B11 -> 0 | C9: =C10+C11 -> 0 | D9: =D10+D11 -> 0 | E9: =E10+E11 -> 0 | F9: =F10+F11 -> 0 | G9: =G10+G11 -> 0 | L9: =L10+L11 -> 0 | M9: =M10+M11 -> 0 | N9: =N10+N11 -> 0 | O9: =+B9-N9 -> 0
A10: GL 840 Inventory & Prepaid Items | B10: ='GL 840 Nonspendable'!B9 -> 0 | C10: ='GL 840 Nonspendable'!B16 -> 0 | E10: ='GL 840 Nonspendable'!B24 -> 0 | L10: 0 | M10: 0 | N10: =+L10+M10 -> 0 | O10: =+B10-N10 -> 0
A11: GL 855 Trust Principal | G11: ='GL 855 Nonspendable'!B7 -> 0
A13: Restricted | B13: =SUM(B14:B32) -> 1794832.2 | C13: =SUM(C14:C32) -> 0 | D13: =SUM(D15:D32) -> 0 | E13: =SUM(E14:E32) -> 0 | F13: =SUM(F16,F21:F22,F24) -> 0 | G13: =SUM(G14:G32) -> 0 | L13: =SUM(L14:L32) -> 0 | M13: =SUM(M14:M32) -> 0 | N13: =SUM(N14:N32) -> 0 | O13: =+B13-N13 -> 1794832.2
A14: GL 810 Other Items | B14: ='GL 810 Restricted'!B5 -> 0 | C14: ='GL 810 Restricted'!E5 -> 0 | E14: ='GL 810 Restricted'!C5 -> 0 | G14: ='GL 810 Restricted'!G5 -> 0 | L14: 0 | M14: 0 | N14: =+L14+M14 -> 0 | O14: =+B14-N14 -> 0
A15: GL 815 Unequalized Deductible Revenues | B15: =IF(VLOOKUP(B1,CCDDD!$P$2:$S$331,4,FALSE)="Cash",'GL 815 Restricted'!$C$14,0) -> 0 | L15: 0 | M15: 0 | N15: =+L15+M15 -> 0 | O15: =+B15-N15 -> 0
A16: GL 819 Restricted to Fund Purposes | C16: =C7-C9-C14-C24 -> 0 | F16: =IF(F7-F9-F34-SUM(F21:F24)>=0,F7-F9-F34-SUM(F21:F24),0) -> 0
A17: GL 821 Carryover of Restricted Revenues | B17: ='GL 821 Restricted'!C171 -> 1794832.2 | L17: 0 | M17: 0 | N17: =+L17+M17 -> 0 | O17: =+B17-N17 -> 1794832.2
A18: GL 823 Restricted for Transition to Kindergarten | B18: ='GL 823 Restricted'!F23 -> 0 | L18: 0 | M18: 0 | N18: =+L18+M18 -> 0 | O18: =+B18-N18 -> 0
A19: GL 825 Restricted for Skills Centers | B19: ='GL 825 Restricted'!E44 -> 0 | E19: ='GL 825 Restricted'!E51 -> 0 | L19: 0 | M19: 0 | N19: =+L19+M19 -> 0 | O19: =+B19-N19 -> 0
A20: GL 828 Carryover of Food Service Revenue | B20: =IF('GL 828 Restricted'!B37>0,'GL 828 Restricted'!B37,0) -> 0 | L20: 0 | M20: 0 | N20: =+L20+M20 -> 0 | O20: =+B20-N20 -> 0
A21: GL 830 Debt Service | B21: ='GL 830 Restricted'!B6 -> 0 | D21: =D7-D22-D45 -> 0 | E21: ='GL 830 Restricted'!C6 -> 0 | F21: ='GL 830 Restricted'!D6 -> 0 | L21: 0 | M21: 0 | N21: =+L21+M21 -> 0 | O21: =+B21-N21 -> 0
A22: GL 835 Arbitrage Rebate | B22: ='GL 835 Restricted'!B6 -> 0 | D22: ='GL 835 Restricted'!C6 -> 0 | E22: ='GL 835 Restricted'!D6 -> 0 | F22: ='GL 835 Restricted'!E6 -> 0 | L22: 0 | M22: 0 | N22: =+L22+M22 -> 0 | O22: =+B22-N22 -> 0
A23: GL 845 Self-Insurance | B23: ='GL 845 Restricted'!B7 -> 0 | L23: 0 | M23: 0 | N23: =+L23+M23 -> 0 | O23: =+B23-N23 -> 0
A24: GL 850 Uninsured Risks | B24: ='GL 850 Restricted'!B8 -> 0 | C24: ='GL 850 Restricted'!C8 -> 0 | E24: ='GL 850 Restricted'!D8 -> 0 | F24: ='GL 850 Restricted'!E8 -> 0 | L24: 0 | M24: 0 | N24: =+L24+M24 -> 0 | O24: =+B24-N24 -> 0
A25: GL 861 Bond Proceeds | E25: ='GL 861 CPF Restricted'!C11 -> 0
A26: GL 863 State Proceeds | E26: ='GL 863 CPF Restricted'!C11 -> 0
A27: GL 864 Federal Proceeds | E27: ='GL 864 CPF Restricted'!C11 -> 0
A28: GL 865 Other Proceeds | E28: ='GL 865 CPF Restricted'!C11 -> 0
A29: GL 866 Impact Fee Proceeds | E29: ='GL 866 CPF Restricted'!C11 -> 0
A30: GL 867 Mitigation Fee Proceeds | E30: ='GL 867 CPF Restricted'!C11 -> 0
A31: GL 868 CTE Carryover/Redirection Proceeds | E31: ='GL 868 CPF Restricted'!C8 -> 0
A32: GL 869 Undistributed Proceeds | E32: ='GL 869 CPF Restricted'!C11 -> 0
A34: Committed | B34: =SUM(B35:B38) -> 0 | E34: =SUM(E35:E38) -> 0 | F34: =SUM(F35:F38) -> 0 | G34: =SUM(G35:G38) -> 0 | L34: =SUM(L35:L38) -> 0 | M34: =SUM(M35:M38) -> 0 | N34: =SUM(N35:N38) -> 0 | O34: =+B34-N34 -> 0
A35: GL 862 Levy Proceeds | E35: ='GL 862 CPF Restricted'!C11 -> 0
A36: GL 870 Other Purposes | B36: ='GL 870 Committed'!B6 -> 0 | E36: ='GL 870 Committed'!C6 -> 0 | F36: ='GL 870 Committed'!G6 -> 0 | G36: ='GL 870 Committed'!F6 -> 0 | L36: 0 | M36: 0 | N36: =+L36+M36 -> 0 | O36: =+B36-N36 -> 0
A37: GL 872 Economic Stabilization Policy | B37: ='GL 872 Committed'!B5 -> 0 | L37: 0 | M37: 0 | N37: =+L37+M37 -> 0 | O37: =+B37-N37 -> 0
A38: GL 873 Depreciation Sub-Fund Facility Maintenance | B38: ='GL 873 Committed'!B5 -> 0 | L38: 0 | M38: 0 | N38: =+L38+M38 -> 0 | O38: =+B38-N38 -> 0
A41: Assigned | B41: =MAX(MIN(SUM(B42:B45),B7-B9-B13-B34),0) -> 0 | E41: =E45 -> 0 | G41: =G45 -> 0 | L41: =SUM(L42:L45) -> 0 | M41: =SUM(M42:M45) -> 0 | N41: =SUM(N42:N45) -> 0 | O41: =+B41-N41 -> 0
A42: GL 875 Contingencies | B42: ='GL 875 Assigned'!B6 -> 0 | L42: 0 | M42: 0 | N42: =+L42+M42 -> 0 | O42: =+B42-N42 -> 0
A43: GL 884 Other Capital Projects | B43: ='GL 884 Assigned'!B5 -> 0 | L43: 0 | M43: 0 | N43: =+L43+M43 -> 0 | O43: =+B43-N43 -> 0
A44: GL 888 Other Purposes | B44: ='GL 888 Assigned'!B5 -> 0 | L44: 0 | M44: 0 | N44: =+L44+M44 -> 0 | O44: =+B44-N44 -> 0
A45: GL 889 Fund Purposes | D45: 0 | E45: =IF(E7-E9-E13-E34>=0,E7-E9-E13-E34,0) -> 0 | G45: =IF(G7-G9-G13-G34>=0,G7-G9-G13-G34,0) -> 0 | L45: 0 | M45: 0 | N45: =+L45+M45 -> 0 | O45: =+B45-N45 -> 0
A47: Unassigned | B47: =+B48+B49 -> -1794832.2 | L47: =+L48+L49 -> 0 | M47: =+M48+M49 -> 0 | N47: =+N48+N49 -> 0 | O47: =+B47-N47 -> -1794832.2
A48: GL 890 Unassigned Fund Balance | B48: =B7-B9-B13-B34-B41-B49 -> -1794832.2 | C48: =IF(C7-C9-C13-C34>=0,0,C7-C9-C13-C34) -> 0 | D48: =IF(D7-D9-D13-D34>=0,0,D7-D9-D13-D34) -> 0 | E48: =IF(E7-E9-E13-E34>=0,0,E7-E9-E13-E34) -> 0 | F48: =IF(F7-F9-F13-F34>=0,0,F7-F9-F13-F34) -> 0 | G48: =IF(G7-G9-G13-G34>=0,0,G7-G9-G13-G34) -> 0 | L48: 0 | M48: 0 | N48: =+L48+M48 -> 0 | O48: =+B48-N48 -> -1794832.2
A49: GL 891 Unassigned MFBP | B49: ='GL 891 Unassigned MFBP'!B28 -> 0 | L49: 0 | M49: 0 | N49: =+L49+M49 -> 0 | O49: =+B49-N49 -> 0
A51: Reported Final Fund Balance
A52: Nonspendable | B52: =B9 -> 0 | C52: =C9 -> 0 | D52: =D9 -> 0 | E52: =E9 -> 0 | F52: =F9 -> 0 | G52: =G9 -> 0 | L52: =L9 -> 0 | M52: =M9 -> 0 | N52: =N9 -> 0 | O52: =+B52-N52 -> 0
A53: Restricted | B53: =B13 -> 1794832.2 | C53: =C13 -> 0 | D53: =D13 -> 0 | E53: =E13 -> 0 | F53: =F13 -> 0 | G53: =G13 -> 0 | L53: =L13 -> 0 | M53: =M13 -> 0 | N53: =N13 -> 0 | O53: =+B53-N53 -> 1794832.2
A54: Committed | B54: =B34 -> 0 | C54: =C34 -> 0 | D54: =D34 -> 0 | E54: =E34 -> 0 | F54: =F34 -> 0 | G54: =G34 -> 0 | L54: =L34 -> 0 | M54: =M34 -> 0 | N54: =N34 -> 0 | O54: =+B54-N54 -> 0
A55: Assigned | B55: =IF(SUM(B52:B54)>B7,0,MIN(B7-SUM(B52:B54),B41)) -> 0 | C55: =IF(SUM(C52:C54)>C7,0,C7-SUM(C52:C54)) -> 0 | D55: =IF(SUM(D52:D54)>D7,0,D7-SUM(D52:D54)) -> 0 | E55: =IF(SUM(E52:E54)>E7,0,E7-SUM(E52:E54)) -> 0 | F55: =IF(SUM(F52:F54)>F7,0,F7-SUM(F52:F54)) -> 0 | G55: =IF(SUM(G52:G54)>G7,0,G7-SUM(G52:G54)) -> 0 | L55: =L41 -> 0 | M55: =M41 -> 0 | N55: =N41 -> 0 | O55: =+B55-N55 -> 0
A56: Unassigned | B56: =B7-SUM(B52:B55) -> -1794832.2 | C56: =IF(SUM(C52:C54)>C7,C7-SUM(C52:C54),0) -> 0 | D56: =IF(SUM(D52:D54)>D7,D7-SUM(D52:D54),0) -> 0 | E56: =IF(SUM(E52:E54)>E7,E7-SUM(E52:E54),0) -> 0 | F56: =IF(SUM(F52:F54)>F7,F7-SUM(F52:F54),0) -> 0 | G56: =IF(SUM(G52:G54)>G7,G7-SUM(G52:G54),0) -> 0 | L56: =L47 -> 0 | M56: =M47 -> 0 | N56: =N47 -> 0 | O56: =+B56-N56 -> -1794832.2
A57: Total Fund Balance | B57: =SUM(B52:B56) -> 0 | C57: =SUM(C52:C56) -> 0 | D57: =SUM(D52:D56) -> 0 | E57: =SUM(E52:E56) -> 0 | F57: =SUM(F52:F56) -> 0 | G57: =SUM(G52:G56) -> 0 | L57: =SUM(L52:L56) -> 0 | M57: =SUM(M52:M56) -> 0 | N57: =SUM(N52:N56) -> 0 | O57: =+B57-N57 -> 0
A60: Apportionment Reports by Office of Superintendent of Public Instruction is licensed under a Creative Commons Attribution 4.0 International License

Sheet ALLOC
B1: 1 | C1: 2 | D1: 3 | E1: 4 | F1: 5 | G1: 6 | H1: 7 | I1: 8 | J1: 9 | K1: 10 | L1: 11 | M1: 12 | N1: 13 | O1: 14 | P1: 15 | Q1: 16 | R1: 17 | S1: 18 | T1: 19 | U1: 20 | V1: 21 | W1: 22 | X1: 23 | Y1: 24 | Z1: 25 | AA1: 26 | AB1: 27 | AC1: 28 | AD1: 29 | AE1: 30 | AF1: 31 | AG1: 32 | AH1: 33 | AI1: 34 | AJ1: 35 | AK1: 36 | AL1: 37 | AM1: 38 | AN1: 39 | AO1: 40 | AP1: 41 | AQ1: 42 | AR1: 43
N2: Good 25-26 | S2: 4156_ta | T2: 4156_c | U2: 4156_i | AQ2: Paul Entry | AR2: Paul Entry
A3: August 2026 Allocations | D3: 088A | E3: 075A | F3: 075Ahp | G3: 087A | H3: 116A | I3: O7hp | J3: O7 | K3: 137A | L3: Z095 | M3: 157A | N3: 076A | O3: 136A | P3: 4159_ta | Q3: 4159_c | R3: 4159_i | S3: 34_ta | T3: 34_c | U3: 34_i | V3: 4126_ta | W3: 4126_c | X3: 4126_i | Y3: Z456 | Z3: 198A | AA3: 040A | AB3: 200A | AC3: Z266 | AD3: E55 | AE3: Z603 | AI3: E54 | AJ3: Z583 | AN3: A24 | AO3: A27
A4: =COUNTA(DISNAME) -> 330 | D4: CARRYOVER ACCT. 4121 | E4: CARRYOVER ACCT. 4155 | F4: CARRYOVER ACCT. 4155 | G4: Prog 21 Calc | H4: 116A | I4: HP LAP Total | J4: Regular LAP Total | K4: TBIP Total Alloc | L4: HiCap Total | M4: TRN 4199 Total bfr Adjust | N4: FED RESTRICTED | O4: STATE | P4: INST. 59 | Q4: INST CARRYOVER | R4: INST INDIRECT | S4: INST. 4156 | T4: INST CARRYOVER | U4: INST INDIRECT | V4: INST. 26 | W4: INST CARRYOVER | X4: INST INDIRECT | Y4: FIRE DIST | Z4: MS CTE | AA4: CTE | AB4: MS CTE MIN | AC4: CTE MIN | AD4: CTE FTE | AE4: CTE 9-12 TOTAL | AF4: Basic Ed | AG4: Alloc | AH4: CTE Enhance | AI4: MS CTE | AJ4: CTE 7-8 TOTAL | AK4: Basic Ed | AL4: Alloc | AM4: MS CTE | AN4: 1400 | AO4: 5400 | AP4: Transpo Stabl | AQ4: 25-26 PLD 34 | AR4: 205-26 PLD 34
D5: SPECIAL ED | E5: LAP Regular | F5: LAP HiPov | G5: 4121 | H5: 3121 | I5: 4155 | J5: 4155 | K5: 4165 | L5: 4174 | M5: 4199 | N5: RATE | O5: RATE | Q5: ACCT. 4159 | R5: ACCT. 4159 | S5: & INST 34 | T5: ACCT. 4156 & 34 | U5: ACCT. 4156 & 34 | W5: ACCT. 4126 | X5: ACCT. 4126 | Y5: PAY | Z5: CARRYOVER | AA5: CARRYOVER | AB5: EXPEND | AC5: EXPEND | AE5: BASIC ED | AF5: Per Student | AG5: per Student | AI5: FTE | AJ5: BASIC ED | AK5: Per Student | AL5: per Student | AM5: ENHANCE | AP5: 419902 | AQ5: Carryover | AR5: Allocation | BD5: pld | BF5: Carryover | BG5: Allocation
A6: Sort | B6: ccddd | C6: Select District => | D6: =SUM(D7:D336) -> 2482542.4 | E6: =SUM(E7:E336) -> 18891996 | F6: =SUM(F7:F336) -> 8457435.7 | G6: =SUM(G7:G336) -> 2.512594e+09 | H6: =SUM(H7:H336) -> 3.7600299e+08 | I6: =SUM(I7:I336) -> 1.6628973e+08 | J6: =SUM(J7:J336) -> 3.8945639e+08 | K6: =SUM(K7:K336) -> 3.0049356e+08 | ... M6: =SUM(M7:M336) -> 8.0690838e+08 | N6: 0.035 | O6: 0.1498141 | P6: =SUM(P7:P336) -> 181128.88 | Q6: =SUM(Q7:Q336) -> 36677.14 | R6: =SUM(R7:R336) -> 7545.73 | S6: =SUM(S7:S336) -> 13388974 | T6: =SUM(T7:T336) -> 483476.64 | U6: =SUM(U7:U336) -> 448210.59 | V6: =SUM(V7:V336) -> 3835025.2 | W6: =SUM(W7:W336) -> 252479.69 | ... AP6: =SUM(AP7:AP336) -> 0 | AQ6: 24731363 | AR6: =SUM(AR7:AR336) -> 1.2524011e+08 | AY6: CCDDD | AZ6: SCHOOL DISTRICT (25-26) | BD6: ccddd | BF6: 24731363 | BG6: 1.0938461e+08
A7: ABERDEEN | B7: 14005 | C7: =CONCATENATE(B7," ",A7," SCHOOL DISTRICT") -> 14005 ABERDEEN SCHOOL DISTRICT | F7: 33274.85 | G7: 8037347.9 | H7: 1291980.7 | I7: 985846.72 | J7: 1495847.4 | K7: 813199.41 | L7: 95942.93 | M7: 1725148.7 | N7: 0.0261 | O7: 0.1626 | S7: 226761.03 | U7: 7257.49 | Y7: 2462.26 | AB7: 1165452.5 | AC7: 2502526.4 | AD7: 238.62 | AE7: 2247573.7 | AI7: 116.49 | AJ7: 1076187.6 | AN7: 4000 | AQ7: 0 | AR7: 353454.04 | AU7: =+B7-AY7 -> 0 | AX7: 1 | AY7: 14005 | AZ7: ABERDEEN | BA7: =+AY7-BD7 -> 0 | BC7: 1 | BD7: 14005 | BE7: ABERDEEN | BF7: 0 | BG7: 291854.15
A8: ADNA | B8: 21226 | C8: =CONCATENATE(B8," ",A8," SCHOOL DISTRICT") -> 21226 ADNA SCHOOL DISTRICT | G8: 822207.12 | H8: 131333.86 | J8: 112809.21 | L8: 20915.99 | M8: 403150.97 | N8: 0.0366 | O8: 0.2256 | Y8: 530.14 | AA8: 53267.51 | AB8: 105118.29 | AC8: 534656.26 | AD8: 47.69 | AE8: 458031.79 | AI8: 10.4 | AJ8: 97971.24 | AQ8: 13368.51 | AR8: 67265.14 | AU8: =+B8-AY8 -> 0 | AX8: 2 | AY8: 21226 | AZ8: ADNA | BA8: =+AY8-BD8 -> 0 | BC8: 2 | BD8: 21226 | BE8: ADNA | BF8: 13368.51 | BG8: 60789.17
A9: ALMIRA | B9: 22017 | C9: =CONCATENATE(B9," ",A9," SCHOOL DISTRICT") -> 22017 ALMIRA SCHOOL DISTRICT | G9: 150609.57 | H9: 22587.74 | J9: 32275.73 | L9: 3316 | M9: 211917.43 | O9: 0.3323 | Y9: 112.26 | Z9: 5354.42 | AA9: 594.94 | AB9: 9740.43 | AC9: 82671.04 | AD9: 7.72 | AE9: 72681.7 | AI9: 0.94 | AJ9: 8811.32 | AQ9: 63521.25 | AR9: 22444.46 | AU9: =+B9-AY9 -> 0 | AX9: 3 | AY9: 22017 | AZ9: ALMIRA | BA9: =+AY9-BD9 -> 0 | BC9: 3 | BD9: 22017 | BE9: ALMIRA | BF9: 63521.25 | BG9: 21250.3
A10: ANACORTES | B10: 29103 | C10: =CONCATENATE(B10," ",A10," SCHOOL DISTRICT") -> 29103 ANACORTES SCHOOL DISTRICT | G10: 6032313.4 | H10: 906591 | I10: 17463.86 | J10: 639504.13 | K10: 101354.69 | L10: 91716.71 | M10: 1619277.1 | N10: 0.0555 | O10: 0.1828 | Y10: 2159.91 | Z10: 22065.6 | AA10: 27408.85 | AB10: 350595.69 | AC10: 1217848.4 | AD10: 106.56 | AE10: 1105376.1 | AI10: 32.57 | AJ10: 332164.28 | AN10: 21000 | AQ10: 0 | AR10: 305172.45 | AU10: =+B10-AY10 -> 0 | AX10: 4 | AY10: 29103 | AZ10: ANACORTES | BA10: =+AY10-BD10 -> 0 | BC10: 4 | BD10: 29103 | BE10: ANACORTES | BF10: 0 | BG10: 260223.28
A11: ARLINGTON | B11: 31016 | C11: =CONCATENATE(B11," ",A11," SCHOOL DISTRICT") -> 31016 ARLINGTON SCHOOL DISTRICT | E11: 20781.72 | G11: 14390882 | H11: 2197761 | I11: 56663.33 | J11: 1736461 | K11: 726953.55 | L11: 196374.26 | M11: 4597478.8 | N11: 0.0326 | O11: 0.1438 | Z11: 36685.74 | AA11: 400049.24 | AB11: 387891.4 | AC11: 4135069.5 | AD11: 372.22 | AE11: 3861475.8 | AI11: 35.39 | AJ11: 360848.47 | AQ11: 29064.24 | AR11: 651445.42 | AU11: =+B11-AY11 -> 0 | AX11: 5 | AY11: 31016 | AZ11: ARLINGTON | BA11: =+AY11-BD11 -> 0 | BC11: 5 | BD11: 31016 | BE11: ARLINGTON | BF11: 29064.24 | BG11: 553712.09
A12: ASOTIN | B12: 02420 | C12: =CONCATENATE(B12," ",A12," SCHOOL DISTRICT") -> 02420 ASOTIN SCHOOL DISTRICT | E12: 15143.04 | G12: 1181005.7 | H12: 207275.73 | J12: 170552.91 | L12: 19895.99 | M12: 435809.05 | N12: 0.0507 | O12: 0.2231 | AB12: 15047.74 | AC12: 468550.51 | AD12: 46.48 | AE12: 437810.24 | AI12: 1.53 | AJ12: 14036.16 | AQ12: 4630.83 | AR12: 74448.08 | AU12: =+B12-AY12 -> 0 | AX12: 6 | AY12: 02420 | AZ12: ASOTIN | BA12: =+AY12-BD12 -> 0 | BC12: 6 | BD12: 02420 | BE12: ASOTIN | BF12: 4630.83 | BG12: 64380.57
A13: AUBURN | B13: 17408 | C13: =CONCATENATE(B13," ",A13," SCHOOL DISTRICT") -> 17408 AUBURN SCHOOL DISTRICT | F13: 162120.88 | G13: 33141528 | H13: 4901956.3 | I13: 4573335.1 | J13: 7729599.3 | K13: 10421808 | L13: 599637.8 | M13: 12796432 | N13: 0.0332 | O13: 0.1354 | Y13: 13850.13 | AA13: 175881.71 | AB13: 2423473.5 | AC13: 9521391.3 | AD13: 820.58 | AE13: 8360503.6 | AI13: 225.37 | AJ13: 2255953.4 | AQ13: 4181165.7 | AR13: 2183424.2 | AU13: =+B13-AY13 -> 0 | AX13: 7 | AY13: 17408 | AZ13: AUBURN | BA13: =+AY13-BD13 -> 0 | BC13: 7 | BD13: 17408 | BE13: AUBURN | BF13: 4181165.7 | BG13: 1958667.7
A14: BAINBRIDGE | B14: 18303 | C14: =CONCATENATE(B14," ",A14," SCHOOL DISTRICT") -> 18303 BAINBRIDGE SCHOOL DISTRICT | G14: 8307638.3 | H14: 1018973.2 | J14: 322763.57 | K14: 106448.48 | L14: 126846.87 | M14: 1848921.5 | N14: 0.0196 | O14: 0.1936 | Y14: 2810.5 | AB14: 589112.81 | AC14: 3429013.8 | AD14: 295.05 | AE14: 3174195.3 | AI14: 51.12 | AJ14: 540943.39 | AQ14: 2132.28 | AR14: 379370.76 | AU14: =+B14-AY14 -> 0 | AX14: 8 | AY14: 18303 | AZ14: BAINBRIDGE | BA14: =+AY14-BD14 -> 0 | BC14: 8 | BD14: 18303 | BE14: BAINBRIDGE | BF14: 2132.28 | BG14: 347296.56
A15: BATTLE GROUND | B15: 06119 | C15: =CONCATENATE(B15," ",A15," SCHOOL DISTRICT") -> 06119 BATTLE GROUND SCHOOL DISTRICT | E15: 272090.25 | F15: 15898.61 | G15: 28978723 | H15: 4469687.5 | I15: 261888.36 | J15: 3824553.7 | K15: 2709454.7 | L15: 427203.13 | M15: 14379866 | N15: 0.0295 | O15: 0.1542 | Y15: 10401.32 | AA15: 305032.98 | AB15: 713788.32 | AC15: 10170890 | AD15: 957.75 | AE15: 9567626.1 | AI15: 67.42 | AJ15: 661373.81 | AQ15: 738975.4 | AR15: 1287421.5 | AU15: =+B15-AY15 -> 0 | AX15: 9 | AY15: 06119 | AZ15: BATTLE GROUND | BA15: =+AY15-BD15 -> 0 | BC15: 9 | BD15: 06119 | BE15: BATTLE GROUND | BF15: 738975.4 | BG15: 1097482.5
A16: BELLEVUE | B16: 17405 | C16: =CONCATENATE(B16," ",A16," SCHOOL DISTRICT") -> 17405 BELLEVUE SCHOOL DISTRICT | E16: 107243.27 | G16: 43995367 | H16: 5347245.3 | I16: 708538.79 | J16: 3563612.2 | K16: 8424881.1 | L16: 728436.56 | M16: 8081260 | N16: 0.0367 | O16: 0.1276 | Y16: 4641.02 | Z16: 200192 | AA16: 112608 | AB16: 2540156.6 | AC16: 10293404 | AD16: 846.65 | AE16: 8952015.5 | AI16: 228.38 | AJ16: 2374072.5 | AQ16: 50270.29 | AR16: 2211402.7 | AU16: =+B16-AY16 -> 0 | AX16: 10 | AY16: 17405 | AZ16: BELLEVUE | BA16: =+AY16-BD16 -> 0 | BC16: 10 | BD16: 17405 | BE16: BELLEVUE | BF16: 50270.29 | BG16: 2068894
A17: BELLINGHAM | B17: 37501 | C17: =CONCATENATE(B17," ",A17," SCHOOL DISTRICT") -> 37501 BELLINGHAM SCHOOL DISTRICT | E17: 79332.03 | G17: 28396043 | H17: 4357164.3 | I17: 647496.84 | J17: 3131156.2 | K17: 2002552.3 | L17: 358029.03 | M17: 7045325 | N17: 0.042 | O17: 0.1647 | Y17: 897.23 | AA17: 263577.57 | AB17: 5933270.6 | AC17: 10216695 | AD17: 954.07 | AE17: 9353531.4 | AI17: 578.92 | AJ17: 5571522.5 | AQ17: 0 | AR17: 1223672.1 | AU17: =+B17-AY17 -> 0 | AX17: 11 | AY17: 37501 | AZ17: BELLINGHAM | BA17: =+AY17-BD17 -> 0 | BC17: 11 | BD17: 37501 | BE17: BELLINGHAM | BF17: 0 | BG17: 1044378.1
A18: BENGE | B18: 01122 | C18: =CONCATENATE(B18," ",A18," SCHOOL DISTRICT") -> 01122 BENGE SCHOOL DISTRICT | D18: 695.89 | M18: 113274.44 | N18: 0.1432 | O18: 0.3435 | AN18: 1.57 | AQ18: 2039.78 | AR18: 2960.04 | AU18: =+B18-AY18 -> 0 | AX18: 12 | AY18: 01122 | AZ18: BENGE | BA18: =+AY18-BD18 -> 0 | BC18: 12 | BD18: 01122 | BE18: BENGE | BF18: 2039.78 | BG18: 3046.14
A19: BETHEL | B19: 27403 | C19: =CONCATENATE(B19," ",A19," SCHOOL DISTRICT") -> 27403 BETHEL SCHOOL DISTRICT | F19: 159895.27 | G19: 45581364 | H19: 6906688.9 | I19: 3777491 | J19: 7951126.3 | K19: 3428084.4 | L19: 693979.01 | M19: 19614742 | N19: 0.0397 | O19: 0.1494 | Y19: 16241.11 | AA19: 245890.34 | AB19: 2508551.1 | AC19: 11115140 | AD19: 1041.5 | AE19: 10210904 | AI19: 244.18 | AJ19: 2349888.5 | AQ19: 290692.05 | AR19: 2345447.1 | AU19: =+B19-AY19 -> 0 | AX19: 13 | AY19: 27403 | AZ19: BETHEL | BA19: =+AY19-BD19 -> 0 | BC19: 13 | BD19: 27403 | BE19: BETHEL | BF19: 290692.05 | BG19: 2042884.6
A20: BICKLETON | B20: 20203 | C20: =CONCATENATE(B20," ",A20," SCHOOL DISTRICT") -> 20203 BICKLETON SCHOOL DISTRICT | H20: 26221.4 | M20: 246200.8 | N20: 0.023 | O20: 0.259 | Y20: 70.47 | AB20: 13397.66 | AC20: 12716.54 | AD20: 0.99 | AE20: 9401.94 | AI20: 1.35 | AJ20: 12446.83 | AQ20: 2883.21 | AR20: 19540.89 | AU20: =+B20-AY20 -> 0 | AX20: 14 | AY20: 20203 | AZ20: BICKLETON | BA20: =+AY20-BD20 -> 0 | BC20: 14 | BD20: 20203 | BE20: BICKLETON | BF20: 2883.21 | BG20: 19630.34
A21: BLAINE | B21: 37503 | C21: =CONCATENATE(B21," ",A21," SCHOOL DISTRICT") -> 37503 BLAINE SCHOOL DISTRICT | E21: 72341.08 | F21: 32545.76 | G21: 5172153.9 | H21: 767649.33 | I21: 314809.85 | J21: 728340.54 | K21: 219357.14 | L21: 66301.42 | M21: 1778809.2 | N21: 0.0382 | O21: 0.1899 | Y21: 1623.21 | Z21: 5619.88 | AB21: 91987.98 | AC21: 1196608.7 | AD21: 106.82 | AE21: 1088298.7 | AI21: 8.59 | AJ21: 85920.21 | AQ21: 0 | AR21: 232912.1 | AU21: =+B21-AY21 -> 0 | AX21: 15 | AY21: 37503 | AZ21: BLAINE | BA21: =+AY21-BD21 -> 0 | BC21: 15 | BD21: 37503 | BE21: BLAINE | BF21: 0 | BG21: 197570.75
A22: BOISTFORT | B22: 21234 | C22: =CONCATENATE(B22," ",A22," SCHOOL DISTRICT") -> 21234 BOISTFORT SCHOOL DISTRICT | G22: 924802.89 | H22: 107503.38 | I22: 24206.8 | J22: 109206.91 | L22: 12379.74 | M22: 256794.27 | O22: 0.147 | Y22: 68.01 | Z22: 1065.83 | AB22: 8327.66 | AC22: 8715.79 | AI22: 0.8 | AJ22: 7548.46 | AQ22: 39411.94 | AR22: 13272.96 | AU22: =+B22-AY22 -> 0 | AX22: 16 | AY22: 21234 | AZ22: BOISTFORT | BA22: =+AY22-BD22 -> 0 | BC22: 16 | BD22: 21234 | BE22: BOISTFORT | BF22: 39411.94 | BG22: 10645.22
A23: BREMERTON | B23: 18100 | C23: =CONCATENATE(B23," ",A23," SCHOOL DISTRICT") -> 18100 BREMERTON SCHOOL DISTRICT | E23: 140589.44 | G23: 13524630 | H23: 1836314.6 | I23: 1415674.6 | J23: 2298573.9 | K23: 1256889.2 | L23: 162498.36 | M23: 2976961.8 | N23: 0.0456 | O23: 0.1628 | Y23: 3544.68 | Z23: 99952.22 | AA23: 114537.52 | AB23: 1401637.4 | AC23: 3280008.6 | AD23: 289.68 | AE23: 3062864.1 | AI23: 127.2 | AJ23: 1322163.6 | AQ23: 63228.07 | AR23: 597799.83 | AU23: =+B23-AY23 -> 0 | AX23: 17 | AY23: 18100 | AZ23: BREMERTON | BA23: =+AY23-BD23 -> 0 | BC23: 17 | BD23: 18100 | BE23: BREMERTON | BF23: 63228.07 | BG23: 521282.95
A24: BREWSTER | B24: 24111 | C24: =CONCATENATE(B24," ",A24," SCHOOL DISTRICT") -> 24111 BREWSTER SCHOOL DISTRICT | E24: 27543.15 | F24: 18316.96 | G24: 1507933.7 | H24: 252763.77 | I24: 313804.1 | J24: 658999.68 | K24: 708551.75 | L24: 29401.85 | M24: 286460.31 | N24: 0.0656 | O24: 0.2194 | Y24: 813.65 | Z24: 1684.59 | AA24: 9546.04 | AB24: 157005.26 | AC24: 886432 | AD24: 86.08 | AE24: 810856.98 | AI24: 16.09 | AJ24: 148643.81 | AQ24: 8.7311491e-11 | AR24: 119185.85 | AU24: =+B24-AY24 -> 0 | AX24: 18 | AY24: 24111 | AZ24: BREWSTER | BA24: =+AY24-BD24 -> 0 | BC24: 18 | BD24: 24111 | BE24: BREWSTER | BF24: 8.7311491e-11 | BG24: 106306.25
A25: BRIDGEPORT | B25: 09075 | C25: =CONCATENATE(B25," ",A25," SCHOOL DISTRICT") -> 09075 BRIDGEPORT SCHOOL DISTRICT | E25: 43270.8 | F25: 10019.76 | G25: 1068154.8 | H25: 181951.72 | I25: 243062.78 | J25: 480156.76 | K25: 713348.12 | L25: 22327.74 | M25: 230937.91 | N25: 0.0443 | O25: 0.2028 | Y25: 604.71 | Z25: 17.09 | AA25: 17.09 | AB25: 52580.6 | AC25: 247127.35 | AD25: 25.19 | AE25: 237243.25 | AI25: 5.36 | AJ25: 49520.08 | AN25: 2478.21 | AQ25: 88316.93 | AR25: 93789.31 | AU25: =+B25-AY25 -> 0 | AX25: 19 | AY25: 09075 | AZ25: BRIDGEPORT | BA25: =+AY25-BD25 -> 0 | BC25: 19 | BD25: 09075 | BE25: BRIDGEPORT | BF25: 88316.93 | BG25: 84692.49
A26: BRINNON | B26: 16046 | C26: =CONCATENATE(B26," ",A26," SCHOOL DISTRICT") -> 16046 BRINNON SCHOOL DISTRICT | G26: 91825.96 | H26: 14322.28 | I26: 23211.99 | J26: 38465.59 | L26: 2100.15 | M26: 150502.45 | N26: 0.1138 | O26: 0.393 | Y26: 60.63 | AQ26: 1856.59 | AR26: 8129.55 | AU26: =+B26-AY26 -> 0 | AX26: 20 | AY26: 16046 | AZ26: BRINNON | BA26: =+AY26-BD26 -> 0 | BC26: 20 | BD26: 16046 | BE26: BRINNON | BF26: 1856.59 | BG26: 7413.91
A27: BURLINGTON EDISON | B27: 29100 | C27: =CONCATENATE(B27," ",A27," SCHOOL DISTRICT") -> 29100 BURLINGTON EDISON SCHOOL DISTRICT | E27: 143158.04 | F27: 55132.55 | G27: 7587636.8 | H27: 1311192 | I27: 850340.03 | J27: 1402323.7 | K27: 1413982.1 | L27: 107496.05 | M27: 2897716.3 | N27: 0.0178 | O27: 0.1157 | Y27: 1968.17 | AB27: 647435.63 | AC27: 2821002.6 | AD27: 253.53 | AE27: 2583164.4 | AI27: 59.27 | AJ27: 593338.64 | AN27: 1482.37 | AQ27: 0 | AR27: 406468.74 | AU27: =+B27-AY27 -> 0 | AX27: 21 | AY27: 29100 | AZ27: BURLINGTON EDISON | BA27: =+AY27-BD27 -> 0 | BC27: 21 | BD27: 29100 | BE27: BURLINGTON EDISON | BF27: 0 | BG27: 345622.77
A28: CAMAS | B28: 06117 | C28: =CONCATENATE(B28," ",A28," SCHOOL DISTRICT") -> 06117 CAMAS SCHOOL DISTRICT | G28: 14569001 | H28: 2195544.9 | J28: 991888.64 | K28: 617941.65 | L28: 242693.61 | M28: 4268009.1 | N28: 0.053 | O28: 0.1401 | Y28: 5028.59 | AA28: 12545.42 | AB28: 368206.76 | AC28: 4229372.4 | AD28: 406.6 | AE28: 4061599.3 | AI28: 35.54 | AJ28: 348551.57 | AQ28: 135303.1 | AR28: 759136.56 | AU28: =+B28-AY28 -> 0 | AX28: 22 | AY28: 06117 | AZ28: CAMAS | BA28: =+AY28-BD28 -> 0 | BC28: 22 | BD28: 06117 | BE28: CAMAS | BF28: 135303.1 | BG28: 671236.33
A29: CAPE FLATTERY | B29: 05401 | C29: =CONCATENATE(B29," ",A29," SCHOOL DISTRICT") -> 05401 CAPE FLATTERY SCHOOL DISTRICT | G29: 1078754.3 | H29: 175076.79 | I29: 156404.65 | J29: 250800.13 | L29: 15143.06 | M29: 334888.4 | N29: 0.0641 | O29: 0.23 | Y29: 394.13 | AC29: 119239.45 | AD29: 10.14 | AE29: 95432.29 | AN29: 2000 | AQ29: 19062.13 | AR29: 74677.2 | AU29: =+B29-AY29 -> 0 | AX29: 23 | AY29: 05401 | AZ29: CAPE FLATTERY | BA29: =+AY29-BD29 -> 0 | BC29: 23 | BD29: 05401 | BE29: CAPE FLATTERY | BF29: 19062.13 | BG29: 65488.53
A30: CARBONADO | B30: 27019 | C30: =CONCATENATE(B30," ",A30," SCHOOL DISTRICT") -> 27019 CARBONADO SCHOOL DISTRICT | G30: 318457.98 | H30: 47473.8 | J30: 44971.51 | L30: 5694.08 | M30: 96172.64 | N30: 0.0751 | O30: 0.2824 | AQ30: 10033.03 | AR30: 19189.24 | AU30: =+B30-AY30 -> 0 | AX30: 24 | AY30: 27019 | AZ30: CARBONADO | BA30: =+AY30-BD30 -> 0 | BC30: 24 | BD30: 27019 | BE30: CARBONADO | BF30: 10033.03 | BG30: 16451.66
A31: CASCADE | B31: 04228 | C31: =CONCATENATE(B31," ",A31," SCHOOL DISTRICT") -> 04228 CASCADE SCHOOL DISTRICT | E31: 2748.97 | F31: 494.54 | H31: 279376 | J31: 386756.11 | K31: 244177.83 | L31: 37802.4 | M31: 997898.36 | O31: 0.1581 | Y31: 983.27 | Z31: 15264.49 | AA31: 57423.56 | AB31: 570702.85 | AC31: 1345430.6 | AD31: 127.54 | AE31: 1201338.6 | AI31: 55.56 | AJ31: 513302.4 | AN31: 1928.69 | AQ31: 0 | AR31: 112718.91 | AU31: =+B31-AY31 -> 0 | AX31: 25 | AY31: 04228 | AZ31: CASCADE | BA31: =+AY31-BD31 -> 0 | BC31: 25 | BD31: 04228 | BE31: CASCADE | BF31: 0 | BG31: 112806.63
A32: CASHMERE | B32: 04222 | C32: =CONCATENATE(B32," ",A32," SCHOOL DISTRICT") -> 04222 CASHMERE SCHOOL DISTRICT | E32: 35395.85 | F32: 17701.71 | G32: 2303162.1 | H32: 321852.42 | J32: 543472.92 | K32: 333306.45 | L32: 51889.95 | M32: 602759.86 | N32: 0.0347 | O32: 0.1572 | Z32: 10351.46 | AA32: 102164.44 | AB32: 470768.15 | AC32: 1442890.2 | AD32: 138.65 | AE32: 1331678.6 | AI32: 46.51 | AJ32: 438271.15 | AN32: 398.5 | AQ32: 0 | AR32: 169157.08 | AU32: =+B32-AY32 -> 0 | AX32: 26 | AY32: 04222 | AZ32: CASHMERE | BA32: =+AY32-BD32 -> 0 | BC32: 26 | BD32: 04222 | BE32: CASHMERE | BF32: 0 | BG32: 154582.17
A33: CASTLE ROCK | B33: 08401 | C33: =CONCATENATE(B33," ",A33," SCHOOL DISTRICT") -> 08401 CASTLE ROCK SCHOOL DISTRICT | G33: 2948464.9 | H33: 486267.62 | I33: 324746.89 | J33: 520059.27 | K33: 44693.26 | L33: 43992.26 | M33: 1097811.9 | N33: 0.0381 | O33: 0.1795 | Y33: 1160.25 | Z33: 3077.22 | AA33: 99496.9 | AB33: 64637.56 | AC33: 993802.04 | AD33: 92.01 | AE33: 866646.77 | AI33: 6.53 | AJ33: 60287.31 | AQ33: 9108.76 | AR33: 154477.84 | AU33: =+B33-AY33 -> 0 | AX33: 27 | AY33: 08401 | AZ33: CASTLE ROCK | BA33: =+AY33-BD33 -> 0 | BC33: 27 | BD33: 08401 | BE33: CASTLE ROCK | BF33: 9108.76 | BG33: 129395.55
A34: CATALYST | B34: 18901 | C34: =CONCATENATE(B34," ",A34," PUBLIC SCHOOLS CHARTER") -> 18901 CATALYST PUBLIC SCHOOLS CHARTER | G34: 1489151.5 | H34: 246990.04 | J34: 209691.78 | K34: 11950 | L34: 19004.9 | M34: 499986.85 | N34: 0.0387 | O34: 0.1535 | AQ34: 50709.75 | AR34: 81595.09 | AU34: =+B34-AY34 -> 0 | AX34: 28 | AY34: 18901 | AZ34: CATALYST | BA34: =+AY34-BD34 -> 0 | BC34: 28 | BD34: 18901 | BE34: CATALYST | BF34: 50709.75 | BG34: 71376.37
A35: CENTERVILLE | B35: 20215 | C35: =CONCATENATE(B35," ",A35," SCHOOL DISTRICT") -> 20215 CENTERVILLE SCHOOL DISTRICT | H35: 26689.19 | J35: 23875.19 | L35: 2984.39 | M35: 205290.37 | N35: 0.0749 | O35: 0.2686 | Y35: 77.02 | AQ35: 10158.87 | AR35: 10098.04 | AU35: =+B35-AY35 -> 0 | AX35: 29 | AY35: 20215 | AZ35: CENTERVILLE | BA35: =+AY35-BD35 -> 0 | BC35: 29 | BD35: 20215 | BE35: CENTERVILLE | BF35: 10158.87 | BG35: 10192.22
A36: CENTRAL KITSAP | B36: 18401 | C36: =CONCATENATE(B36," ",A36," SCHOOL DISTRICT") -> 18401 CENTRAL KITSAP SCHOOL DISTRICT | E36: 310293.61 | F36: 66732.27 | G36: 30517217 | H36: 4400262.5 | I36: 655506.8 | J36: 3591105.7 | K36: 1040268.3 | L36: 410216.98 | M36: 7526664.4 | N36: 0.037 | O36: 0.1433 | Y36: 8739.6 | Z36: 107393.22 | AA36: 568035.83 | AB36: 1319456.4 | AC36: 7492085.6 | AD36: 643.28 | AE36: 6920897.2 | AI36: 116.53 | AJ36: 1233151.8 | AN36: 18542.35 | AQ36: 338.31 | AR36: 1347084.5 | AU36: =+B36-AY36 -> 0 | AX36: 30 | AY36: 18401 | AZ36: CENTRAL KITSAP | BA36: =+AY36-BD36 -> 0 | BC36: 30 | BD36: 18401 | BE36: CENTRAL KITSAP | BF36: 338.31 | BG36: 1166653.3
A37: CENTRAL VALLEY | B37: 32356 | C37: =CONCATENATE(B37," ",A37," SCHOOL DISTRICT") -> 32356 CENTRAL VALLEY SCHOOL DISTRICT | E37: 89219.6 | F37: 20876.93 | G37: 32060062 | H37: 5236987.1 | I37: 1474291.7 | J37: 4594660.7 | K37: 1636098.4 | L37: 469981.19 | M37: 7800342.7 | N37: 0.0324 | O37: 0.1468 | Y37: 9224.68 | AB37: 4679485.1 | AC37: 7648146 | AD37: 728.66 | AE37: 6998676.5 | AI37: 461.26 | AJ37: 4347224.2 | AQ37: 1427049.1 | AR37: 1591229.1 | AU37: =+B37-AY37 -> 0 | AX37: 31 | AY37: 32356 | AZ37: CENTRAL VALLEY | BA37: =+AY37-BD37 -> 0 | BC37: 31 | BD37: 32356 | BE37: CENTRAL VALLEY | BF37: 1427049.1 | BG37: 1342636
A38: CENTRALIA | B38: 21401 | C38: =CONCATENATE(B38," ",A38," SCHOOL DISTRICT") -> 21401 CENTRALIA SCHOOL DISTRICT | E38: 164037.26 | G38: 7817091.2 | H38: 1154742.6 | I38: 1064878 | J38: 1670711.2 | K38: 944336 | L38: 103348.65 | M38: 2827281.3 | N38: 0.0241 | O38: 0.1139 | Y38: 2575.34 | Z38: 22350.81 | AA38: 52151.9 | AB38: 1091034.9 | AC38: 3146147.8 | AD38: 299.02 | AE38: 2816417 | AI38: 108.83 | AJ38: 1005373.2 | AQ38: 251875.45 | AR38: 371119.77 | AU38: =+B38-AY38 -> 0 | AX38: 32 | AY38: 21401 | AZ38: CENTRALIA | BA38: =+AY38-BD38 -> 0 | BC38: 32 | BD38: 21401 | BE38: CENTRALIA | BF38: 251875.45 | BG38: 324704.45
A39: CHEHALIS | B39: 21302 | C39: =CONCATENATE(B39," ",A39," SCHOOL DISTRICT") -> 21302 CHEHALIS SCHOOL DISTRICT | G39: 5689231.8 | H39: 950414.79 | I39: 551587.86 | J39: 1154837.1 | K39: 251811.5 | L39: 94979.19 | M39: 1911087.9 | N39: 0.0335 | O39: 0.1691 | P39: 181128.88 | Q39: 18086.82 | R39: 7545.73 | S39: 3520415.6 | T39: 154079.16 | U39: 114549.91 | Y39: 2463.08 | AC39: 2433961.9 | AD39: 224.32 | AE39: 2154591 | AQ39: 0 | AR39: 321247.73 | AU39: =+B39-AY39 -> 0 | AX39: 33 | AY39: 21302 | AZ39: CHEHALIS | BA39: =+AY39-BD39 -> 0 | BC39: 33 | BD39: 21302 | BE39: CHEHALIS | BF39: 0 | BG39: 279416.53
A40: CHENEY | B40: 32360 | C40: =CONCATENATE(B40," ",A40," SCHOOL DISTRICT") -> 32360 CHENEY SCHOOL DISTRICT | E40: 185377.92 | F40: 62212.76 | G40: 12221492 | H40: 1919316.7 | I40: 919637.25 | J40: 2080126.6 | K40: 938994.61 | L40: 173647.85 | M40: 4674781.4 | N40: 0.0279 | O40: 0.165 | Y40: 4232.14 | AB40: 1017263.4 | AC40: 2255150.8 | AD40: 212.19 | AE40: 1998666.9 | AI40: 101.87 | AJ40: 941175.4 | AQ40: 48586.83 | AR40: 589820.96 | AU40: =+B40-AY40 -> 0 | AX40: 34 | AY40: 32360 | AZ40: CHENEY | BA40: =+AY40-BD40 -> 0 | BC40: 34 | BD40: 32360 | BE40: CHENEY | BF40: 48586.83 | BG40: 497779.88
A41: CHEWELAH | B41: 33036 | C41: =CONCATENATE(B41," ",A41," SCHOOL DISTRICT") -> 33036 CHEWELAH SCHOOL DISTRICT | E41: 22081.52 | F41: 8942.79 | G41: 1582357.9 | H41: 283230.97 | I41: 254779.3 | J41: 324083.71 | K41: 4469.32 | L41: 22990.93 | M41: 739355.06 | N41: 0.0306 | O41: 0.2001 | Y41: 603.89 | AA41: 15501.22 | AB41: 101357.89 | AC41: 381569.56 | AD41: 34.24 | AE41: 322544.84 | AI41: 10.18 | AJ41: 93960.19 | AQ41: 0 | AR41: 73030.09 | AU41: =+B41-AY41 -> 0 | AX41: 35 | AY41: 33036 | AZ41: CHEWELAH | BA41: =+AY41-BD41 -> 0 | BC41: 35 | BD41: 33036 | BE41: CHEWELAH | BF41: 0 | BG41: 59665.8
A42: CHIEF LESCHI TRIBAL | B42: 27901 | C42: =CONCATENATE(B42," ",A42," TRIBAL COMPACT") -> 27901 CHIEF LESCHI TRIBAL TRIBAL COMPACT | D42: 120314.36 | E42: 29597.87 | F42: 22625.93 | G42: 1880500.5 | H42: 354080.43 | I42: 230104.91 | J42: 312737.93 | M42: 827783.81 | N42: 0.0387 | O42: 0.1535 | Y42: 608.81 | Z42: 13701.21 | AA42: 13701.21 | AB42: 86813.23 | AC42: 515329.58 | AD42: 45.82 | AE42: 466860.34 | AI42: 8.12 | AJ42: 81207.66 | AQ42: 10912.69 | AR42: 93374.02 | AU42: =+B42-AY42 -> 0 | AX42: 36 | AY42: 27901 | AZ42: CHIEF LESCHI TRIBAL | BA42: =+AY42-BD42 -> 0 | BC42: 36 | BD42: 27901 | BE42: CHIEF LESCHI TRIBAL | BF42: 10912.69 | BG42: 76923.09
A43: CHIMACUM | B43: 16049 | C43: =CONCATENATE(B43," ",A43," SCHOOL DISTRICT") -> 16049 CHIMACUM SCHOOL DISTRICT | E43: 29321.35 | F43: 14772.33 | G43: 2286631.6 | H43: 251369.14 | I43: 241561.39 | J43: 283974.8 | L43: 22912.98 | M43: 1032471.7 | N43: 0.0368 | O43: 0.2334 | Y43: 587.5 | AB43: 83683.01 | AC43: 653031.05 | AD43: 58.98 | AE43: 600953.32 | AI43: 7.81 | AJ43: 77989.29 | AQ43: 75283.93 | AR43: 79197.51 | AU43: =+B43-AY43 -> 0 | AX43: 37 | AY43: 16049 | AZ43: CHIMACUM | BA43: =+AY43-BD43 -> 0 | BC43: 37 | BD43: 16049 | BE43: CHIMACUM | BF43: 75283.93 | BG43: 72959.88
A44: CLARKSTON | B44: 02250 | C44: =CONCATENATE(B44," ",A44," SCHOOL DISTRICT") -> 02250 CLARKSTON SCHOOL DISTRICT | G44: 6044150.7 | H44: 1005540.2 | I44: 414278.9 | J44: 939975.39 | K44: 39678.92 | L44: 75052.13 | M44: 1448884.2 | N44: 0.0516 | O44: 0.2124 | Y44: 1937.86 | AB44: 65727.05 | AC44: 1340662.2 | AD44: 129.1 | AE44: 1216051 | AI44: 6.73 | AJ44: 62108.7 | AQ44: 68608.2 | AR44: 263176.94 | AU44: =+B44-AY44 -> 0 | AX44: 38 | AY44: 02250 | AZ44: CLARKSTON | BA44: =+AY44-BD44 -> 0 | BC44: 38 | BD44: 02250 | BE44: CLARKSTON | BF44: 68608.2 | BG44: 211888.92
A45: CLE ELUM-ROSLYN | B45: 19404 | C45: =CONCATENATE(B45," ",A45," SCHOOL DISTRICT") -> 19404 CLE ELUM-ROSLYN SCHOOL DISTRICT | E45: 8480.29 | G45: 1907875.1 | H45: 315274.64 | J45: 303296.25 | K45: 39537.64 | L45: 31026.85 | M45: 760567.42 | N45: 0.078 | O45: 0.2178 | Y45: 825.12 | AA45: 65602.48 | AB45: 66639.25 | AC45: 929865.58 | AD45: 91.5 | AE45: 897199.38 | AI45: 6.56 | AJ45: 63129.63 | AN45: 47045.3 | AQ45: 0 | AR45: 112765.19 | AU45: =+B45-AY45 -> 0 | AX45: 39 | AY45: 19404 | AZ45: CLE ELUM-ROSLYN | BA45: =+AY45-BD45 -> 0 | BC45: 39 | BD45: 19404 | BE45: CLE ELUM-ROSLYN | BF45: 0 | BG45: 96071.69
A46: CLOVER PARK | B46: 27400 | C46: =CONCATENATE(B46," ",A46," SCHOOL DISTRICT") -> 27400 CLOVER PARK SCHOOL DISTRICT | E46: 162595.64 | F46: 203587.27 | G46: 36546869 | H46: 4989234.7 | I46: 3328240.6 | J46: 5985859.6 | K46: 3801113.4 | L46: 395330.98 | M46: 9563799.1 | N46: 0.0424 | O46: 0.1597 | S46: 157077.39 | T46: 14281.97 | U46: 6270.25 | V46: 2782481.2 | W46: 201662.05 | X46: 106093.59 | Y46: 10276.78 | Z46: 316000.48 | AA46: 262754.98 | AB46: 3847385.2 | AC46: 6399480.6 | AD46: 606.1 | AE46: 5942087.5 | AI46: 375.56 | AJ46: 3614348.8 | AO46: 20000 | AQ46: 119961.6 | AR46: 1482602.2 | AU46: =+B46-AY46 -> 0 | AX46: 40 | AY46: 27400 | AZ46: CLOVER PARK | BA46: =+AY46-BD46 -> 0 | BC46: 40 | BD46: 27400 | BE46: CLOVER PARK | BF46: 119961.6 | BG46: 1262256.8
A47: COLFAX | B47: 38300 | C47: =CONCATENATE(B47," ",A47," SCHOOL DISTRICT") -> 38300 COLFAX SCHOOL DISTRICT | E47: 6279.4 | G47: 915254.5 | H47: 150441.27 | J47: 126753.21 | L47: 16915.67 | M47: 566135.22 | N47: 0.0214 | O47: 0.2066 | Y47: 443.29 | AA47: 5707.95 | AB47: 93733.97 | AC47: 454202.95 | AD47: 44.06 | AE47: 423241.38 | AI47: 9.15 | AJ47: 86295.04 | AQ47: 54839.15 | AR47: 63163.02 | AU47: =+B47-AY47 -> 0 | AX47: 41 | AY47: 38300 | AZ47: COLFAX | BA47: =+AY47-BD47 -> 0 | BC47: 41 | BD47: 38300 | BE47: COLFAX | BF47: 54839.15 | BG47: 55292.18
A48: COLLEGE PLACE | B48: 36250 | C48: =CONCATENATE(B48," ",A48," SCHOOL DISTRICT") -> 36250 COLLEGE PLACE SCHOOL DISTRICT | F48: 46789 | G48: 3697164.5 | H48: 633889.1 | I48: 474187.96 | J48: 567809.67 | K48: 435922.86 | L48: 48413.59 | M48: 940290.87 | N48: 0.0561 | O48: 0.1927 | Y48: 1294.63 | AA48: 58901.36 | AB48: 224397.77 | AC48: 1417567 | AD48: 135.34 | AE48: 1274938.4 | AI48: 22.99 | AJ48: 212346.76 | AQ48: 0 | AR48: 184145.46 | AU48: =+B48-AY48 -> 0 | AX48: 42 | AY48: 36250 | AZ48: COLLEGE PLACE | BA48: =+AY48-BD48 -> 0 | BC48: 42 | BD48: 36250 | BE48: COLLEGE PLACE | BF48: 0 | BG48: 152806.96
A49: COLTON | B49: 38306 | C49: =CONCATENATE(B49," ",A49," SCHOOL DISTRICT") -> 38306 COLTON SCHOOL DISTRICT | G49: 406533.04 | H49: 68174.12 | J49: 33712.66 | M49: 192942.26 | N49: 0.0464 | O49: 0.2593 | Y49: 139.3 | AB49: 22752.26 | AC49: 60932.22 | AD49: 5.85 | AE49: 54894.91 | AI49: 2.33 | AJ49: 21430.61 | AQ49: 18753.19 | AR49: 30520.99 | AU49: =+B49-AY49 -> 0 | AX49: 43 | AY49: 38306 | AZ49: COLTON | BA49: =+AY49-BD49 -> 0 | BC49: 43 | BD49: 38306 | BE49: COLTON | BF49: 18753.19 | BG49: 27076.99
A50: COLUMBIA (STEVENS) | B50: 33206 | C50: =CONCATENATE(B50," ",A50," SCHOOL DISTRICT") -> 33206 COLUMBIA (STEVENS) SCHOOL DISTRICT | G50: 264103.09 | H50: 42632.37 | I50: 36144.4 | J50: 57145.73 | L50: 3316 | M50: 291908.24 | N50: 0.0477 | O50: 0.3457 | Y50: 92.59 | AB50: 17223.47 | AC50: 87541.69 | AD50: 8.86 | AE50: 83456.73 | AI50: 1.75 | AJ50: 16221.06 | AQ50: 0 | AR50: 23942.59 | AU50: =+B50-AY50 -> 0 | AX50: 44 | AY50: 33206 | AZ50: COLUMBIA (STEVENS) | BA50: =+AY50-BD50 -> 0 | BC50: 44 | BD50: 33206 | BE50: COLUMBIA (STEVENS) | BF50: 0 | BG50: 21784.98
A51: COLUMBIA (WALLA WALLA) | B51: 36400 | C51: =CONCATENATE(B51," ",A51," SCHOOL DISTRICT") -> 36400 COLUMBIA (WALLA WALLA) SCHOOL DISTRICT | E51: 20565.21 | F51: 23664.66 | G51: 1624525.3 | H51: 277833.11 | I51: 253673.98 | J51: 306619.44 | K51: 240253.57 | L51: 24427.86 | M51: 476598.78 | N51: 0.0329 | O51: 0.196 | Y51: 649.78 | AC51: 641860.42 | AD51: 61.69 | AE51: 581037.61 | AQ51: 0 | AR51: 94853.99 | AU51: =+B51-AY51 -> 0 | AX51: 45 | AY51: 36400 | AZ51: COLUMBIA (WALLA WALLA) | BA51: =+AY51-BD51 -> 0 | BC51: 45 | BD51: 36400 | BE51: COLUMBIA (WALLA WALLA) | BF51: 0 | BG51: 80972.1
A52: COLVILLE | B52: 33115 | C52: =CONCATENATE(B52," ",A52," SCHOOL DISTRICT") -> 33115 COLVILLE SCHOOL DISTRICT | G52: 3866940.1 | H52: 638470.26 | I52: 575704.11 | J52: 774348.9 | K52: 14878.75 | L52: 54175.86 | M52: 1712161.4 | N52: 0.0273 | O52: 0.2285 | Y52: 1434.75 | AB52: 254471.2 | AC52: 1167284.5 | AD52: 107.6 | AE52: 1033515.8 | AI52: 24.94 | AJ52: 235149.26 | AQ52: 0 | AR52: 205329.62 | AU52: =+B52-AY52 -> 0 | AX52: 46 | AY52: 33115 | AZ52: COLVILLE | BA52: =+AY52-BD52 -> 0 | BC52: 46 | BD52: 33115 | BE52: COLVILLE | BF52: 0 | BG52: 171779.31
A53: CONCRETE | B53: 29011 | C53: =CONCATENATE(B53," ",A53," SCHOOL DISTRICT") -> 29011 CONCRETE SCHOOL DISTRICT | E53: 6607.41 | G53: 1441584.7 | H53: 236556.86 | I53: 174540.61 | J53: 252979.28 | K53: 23493.37 | L53: 15687.74 | M53: 837936.63 | N53: 0.0587 | O53: 0.2236 | Y53: 416.25 | AB53: 48836.08 | AC53: 260123.98 | AD53: 24.23 | AE53: 237502.76 | AI53: 4.81 | AJ53: 46162.92 | AN53: 3736.63 | AQ53: 0 | AR53: 70139.13 | AU53: =+B53-AY53 -> 0 | AX53: 47 | AY53: 29011 | AZ53: CONCRETE | BA53: =+AY53-BD53 -> 0 | BC53: 47 | BD53: 29011 | BE53: CONCRETE | BF53: 0 | BG53: 58878.71
A54: CONWAY | B54: 29317 | C54: =CONCATENATE(B54," ",A54," SCHOOL DISTRICT") -> 29317 CONWAY SCHOOL DISTRICT | G54: 720385.49 | H54: 92480.78 | J54: 94732.04 | K54: 45845.03 | L54: 14951.08 | M54: 249786.84 | N54: 0.028 | O54: 0.1979 | Y54: 355.61 | AQ54: 5216.44 | AR54: 49424.57 | AU54: =+B54-AY54 -> 0 | AX54: 48 | AY54: 29317 | AZ54: CONWAY | BA54: =+AY54-BD54 -> 0 | BC54: 48 | BD54: 29317 | BE54: CONWAY | BF54: 5216.44 | BG54: 45436.49
A55: COSMOPOLIS | B55: 14099 | C55: =CONCATENATE(B55," ",A55," SCHOOL DISTRICT") -> 14099 COSMOPOLIS SCHOOL DISTRICT | E55: 2873.55 | F55: 4604.49 | G55: 324491.96 | H55: 55988.71 | I55: 60240.67 | J55: 66098.92 | K55: 3706.28 | L55: 4752.93 | M55: 87776.76 | N55: 0.0304 | O55: 0.2247 | AN55: 4500 | AQ55: 45086.91 | AR55: 21403.65 | AU55: =+B55-AY55 -> 0 | AX55: 49 | AY55: 14099 | AZ55: COSMOPOLIS | BA55: =+AY55-BD55 -> 0 | BC55: 49 | BD55: 14099 | BE55: COSMOPOLIS | BF55: 45086.91 | BG55: 18613.56
A56: COULEE-HARTLINE | B56: 13151 | C56: =CONCATENATE(B56," ",A56," SCHOOL DISTRICT") -> 13151 COULEE-HARTLINE SCHOOL DISTRICT | E56: 5513.45 | G56: 310551.99 | H56: 52047.11 | J56: 61567.07 | L56: 5637.19 | M56: 401352.13 | N56: 0.0331 | O56: 0.2245 | Y56: 147.49 | Z56: 607.75 | AA56: 14586.1 | AB56: 26339.18 | AC56: 190842.22 | AD56: 18.98 | AE56: 178743.13 | AI56: 2.65 | AJ56: 24303.01 | AN56: 500 | AQ56: 0 | AR56: 27263.31 | AU56: =+B56-AY56 -> 0 | AX56: 50 | AY56: 13151 | AZ56: COULEE-HARTLINE | BA56: =+AY56-BD56 -> 0 | BC56: 50 | BD56: 13151 | BE56: COULEE-HARTLINE | BF56: 0 | BG56: 24738.44
A57: COUPEVILLE | B57: 15204 | C57: =CONCATENATE(B57," ",A57," SCHOOL DISTRICT") -> 15204 COUPEVILLE SCHOOL DISTRICT | G57: 2519086.5 | H57: 396165 | J57: 328460.13 | K57: 64545.08 | L57: 33516.34 | M57: 674996.48 | N57: 0.0563 | O57: 0.2081 | S57: 156713.27 | U57: 6594.72 | Y57: 823.49 | AB57: 119772.94 | AC57: 323311.55 | AD57: 30.2 | AE57: 307796.62 | AI57: 11.34 | AJ57: 113504.58 | AQ57: 0 | AR57: 113732.6 | AU57: =+B57-AY57 -> 0 | AX57: 51 | AY57: 15204 | AZ57: COUPEVILLE | BA57: =+AY57-BD57 -> 0 | BC57: 51 | BD57: 15204 | BE57: COUPEVILLE | BF57: 0 | BG57: 94522.25
A58: CRESCENT | B58: 05313 | C58: =CONCATENATE(B58," ",A58," SCHOOL DISTRICT") -> 05313 CRESCENT SCHOOL DISTRICT | G58: 694660.78 | H58: 113498.97 | I58: 74278.4 | J58: 160604.92 | L58: 12490.28 | M58: 148298.58 | N58: 0.0657 | O58: 0.1973 | Y58: 326.12 | AC58: 29078.82 | AD58: 1.72 | AE58: 16213.46 | AQ58: 0 | AR58: 35848.56 | AU58: =+B58-AY58 -> 0 | AX58: 52 | AY58: 05313 | AZ58: CRESCENT | BA58: =+AY58-BD58 -> 0 | BC58: 52 | BD58: 05313 | BE58: CRESCENT | BF58: 0 | BG58: 31311.57
A59: CRESTON | B59: 22073 | C59: =CONCATENATE(B59," ",A59," SCHOOL DISTRICT") -> 22073 CRESTON SCHOOL DISTRICT | G59: 265037.38 | H59: 43509.19 | I59: 12821.85 | J59: 25643.73 | L59: 2873.87 | M59: 749785.7 | N59: 0.0599 | O59: 0.3231 | Y59: 72.11 | Z59: 523.74 | AA59: 523.74 | AB59: 6160.06 | AC59: 46533.22 | AD59: 4.77 | AE59: 44801.85 | AI59: 0.63 | AJ59: 5863.31 | AN59: 1343.93 | AQ59: 33316.13 | AR59: 23701.38 | AU59: =+B59-AY59 -> 0 | AX59: 53 | AY59: 22073 | AZ59: CRESTON | BA59: =+AY59-BD59 -> 0 | BC59: 53 | BD59: 22073 | BE59: CRESTON | BF59: 33316.13 | BG59: 21488.3
A60: CURLEW | B60: 10050 | C60: =CONCATENATE(B60," ",A60," SCHOOL DISTRICT") -> 10050 CURLEW SCHOOL DISTRICT | D60: 30679.95 | G60: 495305.73 | H60: 76811.75 | I60: 70188.66 | J60: 105006.66 | M60: 279090.8 | N60: 0.027 | O60: 0.3394 | Y60: 153.23 | AC60: 3359.91 | AD60: 0.02 | AE60: 145.89 | AN60: 1353.21 | AQ60: 8285.92 | AR60: 28702.89 | AU60: =+B60-AY60 -> 0 | AX60: 54 | AY60: 10050 | AZ60: CURLEW | BA60: =+AY60-BD60 -> 0 | BC60: 54 | BD60: 10050 | BE60: CURLEW | BF60: 8285.92 | BG60: 24579.63
A61: CUSICK | B61: 26059 | C61: =CONCATENATE(B61," ",A61," SCHOOL DISTRICT") -> 26059 CUSICK SCHOOL DISTRICT | F61: 5787.91 | G61: 671249.77 | H61: 100978.23 | I61: 88205.6 | J61: 179727.18 | L61: 12269.19 | M61: 356723.35 | N61: 0.0586 | O61: 0.4122 | AB61: 30089.14 | AC61: 108538.45 | AD61: 11.12 | AE61: 104726.55 | AI61: 3.08 | AJ61: 28589.83 | AN61: 809.46 | AQ61: 24609.02 | AR61: 41885.11 | AU61: =+B61-AY61 -> 0 | AX61: 55 | AY61: 26059 | AZ61: CUSICK | BA61: =+AY61-BD61 -> 0 | BC61: 55 | BD61: 26059 | BE61: CUSICK | BF61: 24609.02 | BG61: 36331.89
A62: DAMMAN | B62: 19007 | C62: =CONCATENATE(B62," ",A62," SCHOOL DISTRICT") -> 19007 DAMMAN SCHOOL DISTRICT | G62: 113883.79 | H62: 11957.32 | N62: 0.1436 | O62: 0.8422 | Y62: 36.87 | AQ62: 3312.49 | AR62: 5148.45 | AU62: =+B62-AY62 -> 0 | AX62: 56 | AY62: 19007 | AZ62: DAMMAN | BA62: =+AY62-BD62 -> 0 | BC62: 56 | BD62: 19007 | BE62: DAMMAN | BF62: 3312.49 | BG62: 4237.87
A63: DARRINGTON | B63: 31330 | C63: =CONCATENATE(B63," ",A63," SCHOOL DISTRICT") -> 31330 DARRINGTON SCHOOL DISTRICT | G63: 1368932.7 | H63: 228936.98 | I63: 113468.04 | J63: 177088.16 | L63: 14503.43 | M63: 412633.01 | N63: 0.0721 | O63: 0.2301 | Y63: 381.84 | AC63: 131404.76 | AD63: 11.41 | AE63: 116330.16 | AQ63: 0 | AR63: 66866.02 | AU63: =+B63-AY63 -> 0 | AX63: 57 | AY63: 31330 | AZ63: DARRINGTON | BA63: =+AY63-BD63 -> 0 | BC63: 57 | BD63: 31330 | BE63: DARRINGTON | BF63: 0 | BG63: 54784.05
A64: DAVENPORT | B64: 22207 | C64: =CONCATENATE(B64," ",A64," SCHOOL DISTRICT") -> 22207 DAVENPORT SCHOOL DISTRICT | G64: 1281627.6 | H64: 227320.35 | I64: 216645.31 | J64: 262627.17 | L64: 21111.86 | M64: 582830.64 | N64: 0.0349 | O64: 0.1997 | AB64: 142194.51 | AC64: 516246.15 | AD64: 51.4 | AE64: 484275.7 | AI64: 14.34 | AJ64: 132422.76 | AQ64: 0 | AR64: 78793.02 | AU64: =+B64-AY64 -> 0 | AX64: 58 | AY64: 22207 | AZ64: DAVENPORT | BA64: =+AY64-BD64 -> 0 | BC64: 58 | BD64: 22207 | BE64: DAVENPORT | BF64: 0 | BG64: 67860.07
A65: DAYTON | B65: 07002 | C65: =CONCATENATE(B65," ",A65," SCHOOL DISTRICT") -> 07002 DAYTON SCHOOL DISTRICT | H65: 80859.68 | I65: 113494.98 | J65: 136811.15 | K65: 1578.05 | L65: 10743.72 | M65: 408532.96 | N65: 0.0352 | O65: 0.2283 | Y65: 222.87 | AB65: 122584.49 | AC65: 260023.29 | AD65: 23.78 | AE65: 228500.2 | AI65: 12.13 | AJ65: 114283.71 | AN65: 3000 | AQ65: 0 | AR65: 42203.5 | AU65: =+B65-AY65 -> 0 | AX65: 59 | AY65: 07002 | AZ65: DAYTON | BA65: =+AY65-BD65 -> 0 | BC65: 59 | BD65: 07002 | BE65: DAYTON | BF65: 0 | BG65: 42296.78
A66: DEER PARK | B66: 32414 | C66: =CONCATENATE(B66," ",A66," SCHOOL DISTRICT") -> 32414 DEER PARK SCHOOL DISTRICT | D66: 308471.08 | E66: 94194.46 | G66: 4878525.9 | H66: 781976.28 | I66: 477393.43 | J66: 960755.64 | K66: 51233.74 | L66: 83452.66 | M66: 1802639.8 | N66: 0.0382 | O66: 0.1949 | Y66: 2198.42 | AC66: 1049269.5 | AD66: 97.99 | AE66: 922922.38 | AQ66: 129938.01 | AR66: 229413.88 | AU66: =+B66-AY66 -> 0 | AX66: 60 | AY66: 32414 | AZ66: DEER PARK | BA66: =+AY66-BD66 -> 0 | BC66: 60 | BD66: 32414 | BE66: DEER PARK | BF66: 129938.01 | BG66: 188519.45
A67: DIERINGER | B67: 27343 | C67: =CONCATENATE(B67," ",A67," SCHOOL DISTRICT") -> 27343 DIERINGER SCHOOL DISTRICT | G67: 3241209.9 | H67: 468371.57 | J67: 254670.9 | K67: 245952.4 | L67: 50883.92 | M67: 1493841.1 | N67: 0.0742 | O67: 0.1724 | Y67: 1202.86 | Z67: 80267.94 | AB67: 941199.04 | AI67: 87.4 | AJ67: 891215.28 | AQ67: 0 | AR67: 181862.93 | AU67: =+B67-AY67 -> 0 | AX67: 61 | AY67: 27343 | AZ67: DIERINGER | BA67: =+AY67-BD67 -> 0 | BC67: 61 | BD67: 27343 | BE67: DIERINGER | BF67: 0 | BG67: 159665.02
A68: DIXIE | B68: 36101 | C68: =CONCATENATE(B68," ",A68," SCHOOL DISTRICT") -> 36101 DIXIE SCHOOL DISTRICT | F68: 124.3 | H68: 8904.65 | I68: 4800.38 | J68: 10400.86 | M68: 115786.04 | N68: 0.1633 | O68: 0.3748 | Y68: 12.29 | AQ68: 12002.37 | AR68: 3756.67 | AU68: =+B68-AY68 -> 0 | AX68: 62 | AY68: 36101 | AZ68: DIXIE | BA68: =+AY68-BD68 -> 0 | BC68: 62 | BD68: 36101 | BE68: DIXIE | BF68: 12002.37 | BG68: 3861.22
A69: EAST VALLEY (SPOKANE) | B69: 32361 | C69: =CONCATENATE(B69," ",A69," SCHOOL DISTRICT") -> 32361 EAST VALLEY (SPOKANE) SCHOOL DISTRICT | E69: 88801.86 | F69: 21637.22 | G69: 8917123.1 | H69: 1348149.4 | I69: 935390.6 | J69: 1355882.1 | K69: 388763.58 | L69: 109494.65 | M69: 2891246.9 | N69: 0.0295 | O69: 0.1798 | Y69: 2374.59 | AB69: 273500.26 | AC69: 2044375.8 | AD69: 193.2 | AE69: 1855603.2 | AI69: 26.87 | AJ69: 253163 | AQ69: 0 | AR69: 383056.95 | AU69: =+B69-AY69 -> 0 | AX69: 63 | AY69: 32361 | AZ69: EAST VALLEY (SPOKANE) | BA69: =+AY69-BD69 -> 0 | BC69: 63 | BD69: 32361 | BE69: EAST VALLEY (SPOKANE) | BF69: 0 | BG69: 320541.79
A70: EAST VALLEY (YAKIMA) | B70: 39090 | C70: =CONCATENATE(B70," ",A70," SCHOOL DISTRICT") -> 39090 EAST VALLEY (YAKIMA) SCHOOL DISTRICT | E70: 130162.72 | F70: 50779.34 | G70: 5567130.4 | H70: 970386.7 | I70: 1089084.8 | J70: 1437264.8 | K70: 813090.4 | L70: 102795.99 | M70: 2273920.3 | N70: 0.0457 | O70: 0.1553 | Y70: 364.63 | AA70: 165854.52 | AB70: 1098545.2 | AC70: 2560190.3 | AD70: 251.59 | AE70: 2369697.4 | AI70: 112.04 | AJ70: 1035120.3 | AQ70: 18703.93 | AR70: 380801.6 | AU70: =+B70-AY70 -> 0 | AX70: 64 | AY70: 39090 | AZ70: EAST VALLEY (YAKIMA) | BA70: =+AY70-BD70 -> 0 | BC70: 64 | BD70: 39090 | BE70: EAST VALLEY (YAKIMA) | BF70: 18703.93 | BG70: 333012.23
A71: EASTMONT | B71: 09206 | C71: =CONCATENATE(B71," ",A71," SCHOOL DISTRICT") -> 09206 EASTMONT SCHOOL DISTRICT | E71: 251616.25 | F71: 48755.62 | G71: 10487169 | H71: 1620149.4 | I71: 1886140.6 | J71: 2404984 | K71: 2064174.8 | L71: 182048.39 | M71: 2674834.3 | N71: 0.0302 | O71: 0.1507 | S71: 168801.56 | U71: 6057.61 | Y71: 3884.72 | Z71: 12227.74 | AA71: 191567.95 | AB71: 1238727.7 | AC71: 4153528.9 | AD71: 405.76 | AE71: 3821979.9 | AI71: 124.33 | AJ71: 1148527 | AQ71: 0 | AR71: 646580.03 | AU71: =+B71-AY71 -> 0 | AX71: 65 | AY71: 09206 | AZ71: EASTMONT | BA71: =+AY71-BD71 -> 0 | BC71: 65 | BD71: 09206 | BE71: EASTMONT | BF71: 0 | BG71: 575297.79
A72: EASTON | B72: 19028 | C72: =CONCATENATE(B72," ",A72," SCHOOL DISTRICT") -> 19028 EASTON SCHOOL DISTRICT | E72: 2528.01 | F72: 358.78 | G72: 216637.8 | H72: 31679.13 | I72: 29981.89 | J72: 50701.07 | M72: 152238.55 | N72: 0.1 | O72: 0.4147 | Y72: 68.83 | AB72: 4046 | AC72: 21970.98 | AD72: 2.07 | AE72: 21085.86 | AI72: 0.39 | AJ72: 3782.82 | AN72: 556.01 | AQ72: 57615.01 | AR72: 24971.52 | AU72: =+B72-AY72 -> 0 | AX72: 66 | AY72: 19028 | AZ72: EASTON | BA72: =+AY72-BD72 -> 0 | BC72: 66 | BD72: 19028 | BE72: EASTON | BF72: 57615.01 | BG72: 23162.26
A73: EATONVILLE | B73: 27404 | C73: =CONCATENATE(B73," ",A73," SCHOOL DISTRICT") -> 27404 EATONVILLE SCHOOL DISTRICT | E73: 48756.79 | G73: 3611969.5 | H73: 612800.89 | I73: 72399.32 | J73: 615449.55 | K73: 47200.45 | L73: 61235.45 | M73: 1704717.4 | N73: 0.0363 | O73: 0.1752 | Y73: 455.58 | AB73: 671475.94 | AC73: 1263630.4 | AD73: 120.17 | AE73: 1131959.3 | AI73: 67.83 | AJ73: 626588.18 | AN73: 7000 | AQ73: 40267.96 | AR73: 204031.95 | AU73: =+B73-AY73 -> 0 | AX73: 67 | AY73: 27404 | AZ73: EATONVILLE | BA73: =+AY73-BD73 -> 0 | BC73: 67 | BD73: 27404 | BE73: EATONVILLE | BF73: 40267.96 | BG73: 175899.3
A74: EDMONDS | B74: 31015 | C74: =CONCATENATE(B74," ",A74," SCHOOL DISTRICT") -> 31015 EDMONDS SCHOOL DISTRICT | E74: 323548.84 | F74: 125531.77 | G74: 55497841 | H74: 8133222.6 | I74: 1826894.9 | J74: 6818681.5 | K74: 7931911.9 | L74: 729967.16 | M74: 20614526 | N74: 0.038 | O74: 0.1308 | Y74: 16351.73 | Z74: 20724.25 | AA74: 393760.78 | AB74: 1129054.6 | AC74: 11318924 | AD74: 932.19 | AE74: 9856253.8 | AI74: 101.66 | AJ74: 1056768.2 | AQ74: 0 | AR74: 2500578 | AU74: =+B74-AY74 -> 0 | AX74: 68 | AY74: 31015 | AZ74: EDMONDS | BA74: =+AY74-BD74 -> 0 | BC74: 68 | BD74: 31015 | BE74: EDMONDS | BF74: 0 | BG74: 2154482.9
A75: ELLENSBURG | B75: 19401 | C75: =CONCATENATE(B75," ",A75," SCHOOL DISTRICT") -> 19401 ELLENSBURG SCHOOL DISTRICT | E75: 81501.96 | F75: 26558.22 | G75: 5750575.8 | H75: 1010741.6 | I75: 527022.89 | J75: 1051061.4 | K75: 392864.7 | L75: 102574.93 | M75: 2061215.1 | N75: 0.0414 | O75: 0.1613 | Y75: 2465.54 | Z75: 20906.62 | AA75: 169153.58 | AB75: 281570.56 | AC75: 1922108.4 | AD75: 193.7 | AE75: 1824650.7 | AI75: 28.59 | AJ75: 264193.56 | AQ75: 0 | AR75: 342199.8 | AU75: =+B75-AY75 -> 0 | AX75: 69 | AY75: 19401 | AZ75: ELLENSBURG | BA75: =+AY75-BD75 -> 0 | BC75: 69 | BD75: 19401 | BE75: ELLENSBURG | BF75: 0 | BG75: 293407.57
A76: ELMA | B76: 14068 | C76: =CONCATENATE(B76," ",A76," SCHOOL DISTRICT") -> 14068 ELMA SCHOOL DISTRICT | E76: 82224.3 | F76: 51458.47 | G76: 3246535.1 | H76: 575928.35 | I76: 511769.29 | J76: 714045.27 | K76: 238291.4 | L76: 49850.53 | M76: 1287777.4 | N76: 0.0419 | O76: 0.1431 | Y76: 1302.83 | Z76: 39688.57 | AA76: 291049.55 | AB76: 460884.85 | AC76: 3249230.5 | AD76: 323.82 | AE76: 3050240.9 | AI76: 46.83 | AJ76: 432832.05 | AN76: 2117.07 | AQ76: 56439.15 | AR76: 176989.7 | AU76: =+B76-AY76 -> 0 | AX76: 70 | AY76: 14068 | AZ76: ELMA | BA76: =+AY76-BD76 -> 0 | BC76: 70 | BD76: 14068 | BE76: ELMA | BF76: 56439.15 | BG76: 149481.12
A77: ENDICOTT | B77: 38308 | C77: =CONCATENATE(B77," ",A77," SCHOOL DISTRICT") -> 38308 ENDICOTT SCHOOL DISTRICT | G77: 207547.7 | H77: 33589.8 | I77: 23433.08 | J77: 34044.27 | M77: 212123.67 | N77: 0.0889 | O77: 0.3423 | Y77: 64.73 | AQ77: 23143.69 | AR77: 22114.44 | AU77: =+B77-AY77 -> 0 | AX77: 71 | AY77: 38308 | AZ77: ENDICOTT | BA77: =+AY77-BD77 -> 0 | BC77: 71 | BD77: 38308 | BE77: ENDICOTT | BF77: 23143.69 | BG77: 20436.58
A78: ENTIAT | B78: 04127 | C78: =CONCATENATE(B78," ",A78," SCHOOL DISTRICT") -> 04127 ENTIAT SCHOOL DISTRICT | H78: 113209.06 | I78: 135439.62 | J78: 194072.98 | K78: 223744.77 | L78: 13372.52 | M78: 285688.35 | N78: 0.0842 | O78: 0.2015 | Y78: 366.27 | Z78: 8296.3 | AB78: 261352.18 | AC78: 264794.78 | AD78: 24.84 | AE78: 238552.72 | AI78: 26.24 | AJ78: 247246.8 | AN78: 2688.97 | AQ78: 0.05 | AR78: 54251.13 | AU78: =+B78-AY78 -> 0 | AX78: 72 | AY78: 04127 | AZ78: ENTIAT | BA78: =+AY78-BD78 -> 0 | BC78: 72 | BD78: 04127 | BE78: ENTIAT | BF78: 0.05 | BG78: 54344.38
A79: ENUMCLAW | B79: 17216 | C79: =CONCATENATE(B79," ",A79," SCHOOL DISTRICT") -> 17216 ENUMCLAW SCHOOL DISTRICT | E79: 94380.35 | G79: 11194334 | H79: 1557469.8 | J79: 1046806.7 | K79: 654345.34 | L79: 153200.14 | M79: 3667488 | N79: 0.0373 | O79: 0.1783 | Y79: 694.84 | Z79: 93153.4 | AA79: 251859.19 | AB79: 1818107.2 | AC79: 5099361.7 | AD79: 456.03 | AE79: 4646325 | AI79: 169.8 | AJ79: 1699713.9 | AN79: 6902.95 | AQ79: 218516.09 | AR79: 527602.6 | AU79: =+B79-AY79 -> 0 | AX79: 73 | AY79: 17216 | AZ79: ENUMCLAW | BA79: =+AY79-BD79 -> 0 | BC79: 73 | BD79: 17216 | BE79: ENUMCLAW | BF79: 218516.09 | BG79: 456818.99
A80: EPHRATA | B80: 13165 | C80: =CONCATENATE(B80," ",A80," SCHOOL DISTRICT") -> 13165 EPHRATA SCHOOL DISTRICT | D80: 441236.64 | E80: 100538.88 | F80: 51931.32 | G80: 4762247.4 | H80: 789328.85 | I80: 907274.04 | J80: 1160894.7 | K80: 832195.28 | L80: 88235.77 | M80: 2333590.2 | N80: 0.0547 | O80: 0.1849 | S80: 122632.73 | U80: 5129.89 | Y80: 2309.86 | Z80: 45890.45 | AA80: 165586.28 | AB80: 430456.48 | AC80: 2213105 | AD80: 215.7 | AE80: 2071776 | AI80: 43.23 | AJ80: 407250.51 | AN80: 3804.17 | AQ80: 0 | AR80: 316349.19 | AU80: =+B80-AY80 -> 0 | AX80: 74 | AY80: 13165 | AZ80: EPHRATA | BA80: =+AY80-BD80 -> 0 | BC80: 74 | BD80: 13165 | BE80: EPHRATA | BF80: 0 | BG80: 275008.65
A81: ESA 112 | B81: 06701 | C81: =CONCATENATE(B81," ",A81) -> 06701 ESA 112 | G81: 27264748 | AQ81: 0 | AR81: 0 | AU81: =+B81-AY81 -> 0 | AX81: 75 | AY81: 06701 | AZ81: ESA 112 | BA81: =+AY81-BD81 -> 0 | BC81: 75 | BD81: 06701 | BE81: ESA 112 | BF81: 0 | BG81: 0
A82: ESD 101 | B82: 32801 | C82: =CONCATENATE(B82," ",A82) -> 32801 ESD 101 | O82: 0.11 | S82: 1086055.8 | T82: 66158.89 | U82: 34759.23 | Y82: 14.75 | AQ82: 0 | AR82: 0 | AU82: =+B82-AY82 -> 0 | AX82: 76 | AY82: 32801 | AZ82: ESD 101 | BA82: =+AY82-BD82 -> 0 | BC82: 76 | BD82: 32801 | BE82: ESD 101 | BF82: 0 | BG82: 0
A83: ESD 105 | B83: 39801 | C83: =CONCATENATE(B83," ",A83) -> 39801 ESD 105 | M83: 2097775.1 | O83: 0.11 | AQ83: 0 | AR83: 0 | AU83: =+B83-AY83 -> 0 | AX83: 77 | AY83: 39801 | AZ83: ESD 105 | BA83: =+AY83-BD83 -> 0 | BC83: 77 | BD83: 39801 | BE83: ESD 105 | BF83: 0 | BG83: 0
A84: ESD 112 | B84: 06801 | C84: =CONCATENATE(B84," ",A84) -> 06801 ESD 112 | D84: 515760.3 | M84: 6343704.7 | O84: 0.11 | S84: 708314.1 | U84: 22669.6 | AQ84: 0 | AR84: 0 | AU84: =+B84-AY84 -> 0 | AX84: 78 | AY84: 06801 | AZ84: ESD 112 | BA84: =+AY84-BD84 -> 0 | BC84: 78 | BD84: 06801 | BE84: ESD 112 | BF84: 0 | BG84: 0
A85: ESD 113 | B85: 34801 | C85: =CONCATENATE(B85," CAPITAL REGION ",A85) -> 34801 CAPITAL REGION ESD 113 | M85: 713200.39 | O85: 0.11 | Y85: 267.94 | AQ85: 0 | AR85: 0 | AU85: =+B85-AY85 -> 0 | AX85: 79 | AY85: 34801 | AZ85: ESD 113 | BA85: =+AY85-BD85 -> 0 | BC85: 79 | BD85: 34801 | BE85: ESD 113 | BF85: 0 | BG85: 0
A86: ESD 114 | B86: 18801 | C86: =CONCATENATE(B86," OLYMPIC ",A86) -> 18801 OLYMPIC ESD 114 | O86: 0.11 | S86: 347780.45 | T86: 33578.33 | U86: 12168.98 | AQ86: 0 | AR86: 0 | AU86: =+B86-AY86 -> 0 | AX86: 80 | AY86: 18801 | AZ86: ESD 114 | BA86: =+AY86-BD86 -> 0 | BC86: 80 | BD86: 18801 | BE86: ESD 114 | BF86: 0 | BG86: 0
A87: ESD 121 | B87: 17801 | C87: =CONCATENATE(B87," PUGET SOUND ",A87) -> 17801 PUGET SOUND ESD 121 | M87: 1978140.6 | O87: 0.11 | AQ87: 0 | AR87: 0 | AU87: =+B87-AY87 -> 0 | AX87: 81 | AY87: 17801 | AZ87: ESD 121 | BA87: =+AY87-BD87 -> 0 | BC87: 81 | BD87: 17801 | BE87: ESD 121 | BF87: 0 | BG87: 0
A88: ESD 123 | B88: 11801 | C88: =CONCATENATE(B88," ",A88) -> 11801 ESD 123 | O88: 0.11 | Y88: 300.72 | AQ88: 0 | AR88: 0 | AU88: =+B88-AY88 -> 0 | AX88: 82 | AY88: 11801 | AZ88: ESD 123 | BA88: =+AY88-BD88 -> 0 | BC88: 82 | BD88: 11801 | BE88: ESD 123 | BF88: 0 | BG88: 0
A89: ESD 171 | B89: 04801 | C89: =CONCATENATE(B89," ",A89) -> 04801 ESD 171 | O89: 0.11 | AQ89: 0 | AR89: 0 | AU89: =+B89-AY89 -> 0 | AX89: 83 | AY89: 04801 | AZ89: ESD 171 | BA89: =+AY89-BD89 -> 0 | BC89: 83 | BD89: 04801 | BE89: ESD 171 | BF89: 0 | BG89: 0
A90: ESD 189 | B90: 29801 | C90: =CONCATENATE(B90," NORTHWEST ",A90) -> 29801 NORTHWEST ESD 189 | O90: 0.11 | S90: 668084.92 | T90: 0.34 | U90: 22829.03 | AQ90: 0 | AR90: 0 | AU90: =+B90-AY90 -> 0 | AX90: 84 | AY90: 29801 | AZ90: ESD 189 | BA90: =+AY90-BD90 -> 0 | BC90: 84 | BD90: 29801 | BE90: ESD 189 | BF90: 0 | BG90: 0
A91: EVALINE | B91: 21036 | C91: =CONCATENATE(B91," ",A91," SCHOOL DISTRICT") -> 21036 EVALINE SCHOOL DISTRICT | G91: 78881.57 | H91: 11908.24 | I91: 17464.26 | J91: 19343.32 | K91: 2725.2 | L91: 1989.6 | M91: 38547.93 | N91: 0.1883 | O91: 0.4385 | Y91: 54.08 | AQ91: 0 | AR91: 8572.36 | AU91: =+B91-AY91 -> 0 | AX91: 85 | AY91: 21036 | AZ91: EVALINE | BA91: =+AY91-BD91 -> 0 | BC91: 85 | BD91: 21036 | BE91: EVALINE | BF91: 0 | BG91: 7966.27
A92: EVERETT | B92: 31002 | C92: =CONCATENATE(B92," ",A92," SCHOOL DISTRICT") -> 31002 EVERETT SCHOOL DISTRICT | E92: 666442.91 | F92: 154640.48 | G92: 52503938 | H92: 7197646.8 | I92: 3796262.9 | J92: 7509363.4 | K92: 8106004.6 | L92: 732900.81 | M92: 18232660 | N92: 0.0307 | O92: 0.1334 | Y92: 17009.7 | Z92: 608285.88 | AB92: 819354.18 | AC92: 14468726 | AD92: 1259.57 | AE92: 13317817 | AI92: 73.21 | AJ92: 760968.49 | AQ92: 635184.02 | AR92: 2577230.8 | AU92: =+B92-AY92 -> 0 | AX92: 86 | AY92: 31002 | AZ92: EVERETT | BA92: =+AY92-BD92 -> 0 | BC92: 86 | BD92: 31002 | BE92: EVERETT | BF92: 635184.02 | BG92: 2303188
A93: EVERGREEN (CLARK) | B93: 06114 | C93: =CONCATENATE(B93," ",A93," SCHOOL DISTRICT") -> 06114 EVERGREEN (CLARK) SCHOOL DISTRICT | E93: 522906.84 | F93: 212158.6 | G93: 50675007 | H93: 8328263.3 | I93: 4736424.2 | J93: 9153735.7 | K93: 7251911.5 | L93: 740557.4 | M93: 19863665 | N93: 0.0289 | O93: 0.1156 | Y93: 16763.88 | Z93: 70739.77 | AA93: 1088928.6 | AB93: 2231499.4 | AC93: 20819654 | AD93: 1962.56 | AE93: 19605032 | AI93: 210.64 | AJ93: 2066561.4 | AQ93: 0 | AR93: 2704359.5 | AU93: =+B93-AY93 -> 0 | AX93: 87 | AY93: 06114 | AZ93: EVERGREEN (CLARK) | BA93: =+AY93-BD93 -> 0 | BC93: 87 | BD93: 06114 | BE93: EVERGREEN (CLARK) | BF93: 0 | BG93: 2340016.2
A94: EVERGREEN (STEVENS) | B94: 33205 | C94: =CONCATENATE(B94," ",A94," SCHOOL DISTRICT") -> 33205 EVERGREEN (STEVENS) SCHOOL DISTRICT | G94: 34248.32 | H94: 5793.51 | I94: 12490.28 | J94: 27191.19 | L94: 994.8 | N94: 0.1757 | O94: 0.2837 | Y94: 23.76 | AQ94: 544.5 | AR94: 5132.17 | AU94: =+B94-AY94 -> 0 | AX94: 88 | AY94: 33205 | AZ94: EVERGREEN (STEVENS) | BA94: =+AY94-BD94 -> 0 | BC94: 88 | BD94: 33205 | BE94: EVERGREEN (STEVENS) | BF94: 544.5 | BG94: 4924.12
A95: FEDERAL WAY | B95: 17210 | C95: =CONCATENATE(B95," ",A95," SCHOOL DISTRICT") -> 17210 FEDERAL WAY SCHOOL DISTRICT | G95: 49204579 | H95: 7286650.5 | I95: 7492059.9 | J95: 11998972 | K95: 13337274 | L95: 732240.62 | M95: 18994249 | N95: 0.0325 | O95: 0.1486 | Y95: 16790.92 | AB95: 1271283.8 | AC95: 13148760 | AD95: 1146.69 | AE95: 11683029 | AI95: 118.14 | AJ95: 1182684.4 | AQ95: 0 | AR95: 2789504.9 | AU95: =+B95-AY95 -> 0 | AX95: 89 | AY95: 17210 | AZ95: FEDERAL WAY | BA95: =+AY95-BD95 -> 0 | BC95: 89 | BD95: 17210 | BE95: FEDERAL WAY | BF95: 0 | BG95: 2461716.5
A96: FERNDALE | B96: 37502 | C96: =CONCATENATE(B96," ",A96," SCHOOL DISTRICT") -> 37502 FERNDALE SCHOOL DISTRICT | G96: 11352364 | H96: 1624374.9 | I96: 1004596.2 | J96: 1809202.8 | K96: 911772.13 | L96: 151415.72 | M96: 4151478.7 | N96: 0.058 | O96: 0.1592 | Y96: 3733.96 | AA96: 221707.15 | AB96: 890498.02 | AC96: 4375325.3 | AD96: 408.72 | AE96: 4007093.5 | AI96: 87.62 | AJ96: 843204.38 | AQ96: 0 | AR96: 532060.94 | AU96: =+B96-AY96 -> 0 | AX96: 90 | AY96: 37502 | AZ96: FERNDALE | BA96: =+AY96-BD96 -> 0 | BC96: 90 | BD96: 37502 | BE96: FERNDALE | BF96: 0 | BG96: 465219.89
A97: FIFE | B97: 27417 | C97: =CONCATENATE(B97," ",A97," SCHOOL DISTRICT") -> 27417 FIFE SCHOOL DISTRICT | E97: 144185.5 | F97: 83818.79 | G97: 8262277.8 | H97: 1105411.5 | I97: 523220.54 | J97: 1581849.4 | K97: 1503888.5 | L97: 134918.51 | M97: 3319576.9 | N97: 0.0373 | O97: 0.1404 | Y97: 1264.32 | Z97: 48935.15 | AA97: 277299.19 | AB97: 671175.66 | AC97: 3471945 | AD97: 312.36 | AE97: 3182582.6 | AI97: 62.7 | AJ97: 627404.8 | AQ97: 0 | AR97: 459983.42 | AU97: =+B97-AY97 -> 0 | AX97: 91 | AY97: 27417 | AZ97: FIFE | BA97: =+AY97-BD97 -> 0 | BC97: 91 | BD97: 27417 | BE97: FIFE | BF97: 0 | BG97: 412361.56
A98: FINLEY | B98: 03053 | C98: =CONCATENATE(B98," ",A98," SCHOOL DISTRICT") -> 03053 FINLEY SCHOOL DISTRICT | D98: 24019.48 | E98: 16445.98 | F98: 25389.14 | G98: 1464469.3 | H98: 248257.08 | I98: 278543.97 | J98: 438596.22 | K98: 308601.53 | L98: 27080.67 | M98: 831060.42 | N98: 0.0277 | O98: 0.1941 | Y98: 721.06 | AA98: 28706.09 | AB98: 38927.61 | AC98: 761951 | AD98: 73.46 | AE98: 691992.16 | AI98: 3.9 | AJ98: 36014.92 | AQ98: 234664.79 | AR98: 100055.89 | AU98: =+B98-AY98 -> 0 | AX98: 92 | AY98: 03053 | AZ98: FINLEY | BA98: =+AY98-BD98 -> 0 | BC98: 92 | BD98: 03053 | BE98: FINLEY | BF98: 234664.79 | BG98: 87549.56
A99: FRANKLIN PIERCE | B99: 27402 | C99: =CONCATENATE(B99," ",A99," SCHOOL DISTRICT") -> 27402 FRANKLIN PIERCE SCHOOL DISTRICT | G99: 17960652 | H99: 2701950.1 | I99: 2354903.7 | J99: 3707186.6 | K99: 2358734.8 | L99: 228459.95 | M99: 6171392.2 | N99: 0.0313 | O99: 0.1281 | Y99: 5693.11 | AB99: 1140827.5 | AC99: 4382030.4 | AD99: 410.56 | AE99: 4024949.8 | AI99: 110.1 | AJ99: 1059545 | AQ99: 0 | AR99: 874988.35 | AU99: =+B99-AY99 -> 0 | AX99: 93 | AY99: 27402 | AZ99: FRANKLIN PIERCE | BA99: =+AY99-BD99 -> 0 | BC99: 93 | BD99: 27402 | BE99: FRANKLIN PIERCE | BF99: 0 | BG99: 753310.41
A100: FREEMAN | B100: 32358 | C100: =CONCATENATE(B100," ",A100," SCHOOL DISTRICT") -> 32358 FREEMAN SCHOOL DISTRICT | E100: 13738.69 | G100: 1408779 | H100: 242865.88 | J100: 136353.99 | K100: 6312.18 | L100: 27430.8 | M100: 1176562.8 | N100: 0.0522 | O100: 0.1997 | Y100: 729.26 | AA100: 69132.05 | AB100: 227283.01 | AC100: 996084.68 | AD100: 97.82 | AE100: 939565.54 | AI100: 22.83 | AJ100: 215286.92 | AQ100: 10633.6 | AR100: 94376.79 | AU100: =+B100-AY100 -> 0 | AX100: 94 | AY100: 32358 | AZ100: FREEMAN | BA100: =+AY100-BD100 -> 0 | BC100: 94 | BD100: 32358 | BE100: FREEMAN | BF100: 10633.6 | BG100: 82072.27
...

Sheet Indirects
A1: used for | D1: The Indirect Rates used for the 2025-2026 Financials are from 2023-24
A2: 2024-25 | C2: FY 2025-2026 Federal Indirect Rates and State Recovery Rates | F2: 619 | G2: 609 | H2: 620 | P2: Good 25-26
C3: INDIRECT COST LIMITS AND RECOVERIES | F3: Federal | G3: State | H3: Federal | M3: August Allocations | P3: 076A | Q3: 136A
F4: Restricted | G4: Recovery | H4: Unrestricted | M4: 330 | P4: FED RESTRICTED | Q4: STATE
A5: Alpha | B5: ccddd | C5: ESD | D5: CCDDD | E5: District | F5: Rate | G5: Rate | H5: Rate | P5: RATE | Q5: RATE
A6: sort | B6: sort | D6: OSPI | E6: Statewide Average | F6: 0.0387 | G6: 0.1535 | H6: 0.1535 | M6: Sort | N6: ccddd | O6: Select District => | P6: 0.035 | Q6: 0.1498141
A7: 1 | B7: 76 | C7: 101 | D7: 01109 | E7: Washtucna | F7: 0.0406 | G7: 0.3044 | H7: 0.3105 | M7: WASHTUCNA | N7: 01109 | O7: 01109 WASHTUCNA SCHOOL DISTRICT | P7: 0.0406 | Q7: 0.3044 | S7: =+F7-P7 -> 0 | T7: =+G7-Q7 -> 0
A8: 2 | B8: 154 | C8: 101 | D8: 01122 | E8: Benge | F8: 0.1432 | G8: 0.3435 | H8: 0.4921 | M8: BENGE | N8: 01122 | O8: 01122 BENGE SCHOOL DISTRICT | P8: 0.1432 | Q8: 0.3435 | S8: =+F8-P8 -> 0 | T8: =+G8-Q8 -> 0
A9: 3 | B9: 165 | C9: 123 | D9: 01147 | E9: Othello | F9: 0.0231 | G9: 0.1514 | H9: 0.1482 | M9: OTHELLO | N9: 01147 | O9: 01147 OTHELLO SCHOOL DISTRICT | P9: 0.0231 | Q9: 0.1514 | S9: =+F9-P9 -> 0 | T9: =+G9-Q9 -> 0
A10: 4 | B10: 221 | C10: 101 | D10: 01158 | E10: Lind | F10: 0.0521 | G10: 0.1874 | H10: 0.1266 | M10: LIND | N10: 01158 | O10: 01158 LIND SCHOOL DISTRICT | P10: 0.0521 | Q10: 0.1874 | S10: =+F10-P10 -> 0 | T10: =+G10-Q10 -> 0
A11: 5 | B11: 234 | C11: 101 | D11: 01160 | E11: Ritzville | F11: 0.0554 | G11: 0.2895 | H11: 0.3173 | M11: RITZVILLE | N11: 01160 | O11: 01160 RITZVILLE SCHOOL DISTRICT | P11: 0.0554 | Q11: 0.2895 | S11: =+F11-P11 -> 0 | T11: =+G11-Q11 -> 0
A12: 6 | B12: 7 | C12: 123 | D12: 02250 | E12: Clarkston | F12: 0.0516 | G12: 0.2124 | H12: 0.1967 | M12: CLARKSTON | N12: 02250 | O12: 02250 CLARKSTON SCHOOL DISTRICT | P12: 0.0516 | Q12: 0.2124 | S12: =+F12-P12 -> 0 | T12: =+G12-Q12 -> 0
A13: 7 | B13: 108 | C13: 123 | D13: 02420 | E13: Asotin-Anatone | F13: 0.0507 | G13: 0.2231 | H13: 0.2699 | M13: ASOTIN-ANATONE | N13: 02420 | O13: 02420 ASOTIN-ANATONE SCHOOL DISTRICT | P13: 0.0507 | Q13: 0.2231 | S13: =+F13-P13 -> 0 | T13: =+G13-Q13 -> 0
A14: 8 | B14: 127 | C14: 123 | D14: 03017 | E14: Kennewick | F14: 0.0329 | G14: 0.1117 | H14: 0.0984 | M14: KENNEWICK | N14: 03017 | O14: 03017 KENNEWICK SCHOOL DISTRICT | P14: 0.0329 | Q14: 0.1117 | S14: =+F14-P14 -> 0 | T14: =+G14-Q14 -> 0
A15: 9 | B15: 36 | C15: 123 | D15: 03050 | E15: Paterson | F15: 0 | G15: 0.2457 | H15: 0 | M15: PATERSON | N15: 03050 | O15: 03050 PATERSON SCHOOL DISTRICT | Q15: 0.2457 | S15: =+F15-P15 -> 0 | T15: =+G15-Q15 -> 0
A16: 10 | B16: 105 | C16: 123 | D16: 03052 | E16: Kiona Benton | F16: 0.0553 | G16: 0.2005 | H16: 0.1989 | M16: KIONA BENTON | N16: 03052 | O16: 03052 KIONA BENTON SCHOOL DISTRICT | P16: 0.0553 | Q16: 0.2005 | S16: =+F16-P16 -> 0 | T16: =+G16-Q16 -> 0
A17: 11 | B17: 292 | C17: 123 | D17: 03053 | E17: Finley | F17: 0.0277 | G17: 0.1941 | H17: 0.2039 | M17: FINLEY | N17: 03053 | O17: 03053 FINLEY SCHOOL DISTRICT | P17: 0.0277 | Q17: 0.1941 | S17: =+F17-P17 -> 0 | T17: =+G17-Q17 -> 0
A18: 12 | B18: 2 | C18: 123 | D18: 03116 | E18: Prosser | F18: 0.0416 | G18: 0.1775 | H18: 0.1779 | M18: PROSSER | N18: 03116 | O18: 03116 PROSSER SCHOOL DISTRICT | P18: 0.0416 | Q18: 0.1775 | S18: =+F18-P18 -> 0 | T18: =+G18-Q18 -> 0
A19: 13 | B19: 207 | C19: 123 | D19: 03400 | E19: Richland | F19: 0.0395 | G19: 0.1506 | H19: 0.153 | M19: RICHLAND | N19: 03400 | O19: 03400 RICHLAND SCHOOL DISTRICT | P19: 0.0395 | Q19: 0.1506 | S19: =+F19-P19 -> 0 | T19: =+G19-Q19 -> 0
A20: 14 | B20: 141 | C20: 171 | D20: 04019 | E20: Manson | F20: 0.0637 | G20: 0.1953 | H20: 0.2653 | M20: MANSON | N20: 04019 | O20: 04019 MANSON SCHOOL DISTRICT | P20: 0.0637 | Q20: 0.1953 | S20: =+F20-P20 -> 0 | T20: =+G20-Q20 -> 0
A21: 15 | B21: 294 | C21: 171 | D21: 04069 | E21: Stehekin | F21: 0.1666 | G21: 0.4045 | H21: 0.2523 | M21: STEHEKIN | N21: 04069 | O21: 04069 STEHEKIN SCHOOL DISTRICT | P21: 0.1666 | Q21: 0.4045 | S21: =+F21-P21 -> 0 | T21: =+G21-Q21 -> 0
A22: 16 | B22: 156 | C22: 171 | D22: 04127 | E22: Entiat | F22: 0.0842 | G22: 0.2015 | H22: 0.1738 | M22: ENTIAT | N22: 04127 | O22: 04127 ENTIAT SCHOOL DISTRICT | P22: 0.0842 | Q22: 0.2015 | S22: =+F22-P22 -> 0 | T22: =+G22-Q22 -> 0
A23: 17 | B23: 126 | C23: 171 | D23: 04129 | E23: Lake Chelan | F23: 0.0504 | G23: 0.2036 | H23: 0.1485 | M23: LAKE CHELAN | N23: 04129 | O23: 04129 LAKE CHELAN SCHOOL DISTRICT | P23: 0.0504 | Q23: 0.2036 | S23: =+F23-P23 -> 0 | T23: =+G23-Q23 -> 0
A24: 18 | B24: 181 | C24: 171 | D24: 04222 | E24: Cashmere | F24: 0.0347 | G24: 0.1572 | H24: 0.1626 | M24: CASHMERE | N24: 04222 | O24: 04222 CASHMERE SCHOOL DISTRICT | P24: 0.0347 | Q24: 0.1572 | S24: =+F24-P24 -> 0 | T24: =+G24-Q24 -> 0
A25: 19 | B25: 50 | C25: 171 | D25: 04228 | E25: Cascade | F25: 0 | G25: 0.1581 | H25: 0.038 | M25: CASCADE | N25: 04228 | O25: 04228 CASCADE SCHOOL DISTRICT | Q25: 0.1581 | S25: =+F25-P25 -> 0 | T25: =+G25-Q25 -> 0
A26: 20 | B26: 93 | C26: 171 | D26: 04246 | E26: Wenatchee | F26: 0.0287 | G26: 0.1293 | H26: 0.1302 | M26: WENATCHEE | N26: 04246 | O26: 04246 WENATCHEE SCHOOL DISTRICT | P26: 0.0287 | Q26: 0.1293 | S26: =+F26-P26 -> 0 | T26: =+G26-Q26 -> 0
A27: 21 | B27: 219 | D27: 04801 | E27: ESD 171 | F27: 0 | G27: 0.11 | H27: 0 | M27: ESD 171 | N27: 04801 | O27: 04801 ESD 171 | Q27: 0.11 | S27: =+F27-P27 -> 0 | T27: =+G27-Q27 -> 0
A28: 22 | B28: 35 | C28: 900 | D28: 04901 | E28: Pinnacle Prep Charter | F28: 0.0387 | G28: 0.1535 | H28: 0.1535 | M28: PINNACLES PREP | N28: 04901 | O28: 04901 PINNACLES PREP CHARTER | P28: 0.0387 | Q28: 0.1535 | S28: =+F28-P28 -> 0 | T28: =+G28-Q28 -> 0
A29: 23 | B29: 26 | C29: 114 | D29: 05121 | E29: Port Angeles | F29: 0.0801 | G29: 0.1622 | H29: 0.1853 | M29: PORT ANGELES | N29: 05121 | O29: 05121 PORT ANGELES SCHOOL DISTRICT | P29: 0.0801 | Q29: 0.1622 | S29: =+F29-P29 -> 0 | T29: =+G29-Q29 -> 0
A30: 24 | B30: 199 | C30: 114 | D30: 05313 | E30: Crescent | F30: 0.0657 | G30: 0.1973 | H30: 0.1742 | M30: CRESCENT | N30: 05313 | O30: 05313 CRESCENT SCHOOL DISTRICT | P30: 0.0657 | Q30: 0.1973 | S30: =+F30-P30 -> 0 | T30: =+G30-Q30 -> 0
A31: 25 | B31: 19 | C31: 114 | D31: 05323 | E31: Sequim | F31: 0.0618 | G31: 0.1959 | H31: 0.2323 | M31: SEQUIM | N31: 05323 | O31: 05323 SEQUIM SCHOOL DISTRICT | P31: 0.0618 | Q31: 0.1959 | S31: =+F31-P31 -> 0 | T31: =+G31-Q31 -> 0
A32: 26 | B32: 18 | C32: 114 | D32: 05401 | E32: Cape Flattery | F32: 0.0641 | G32: 0.23 | H32: 0.2448 | M32: CAPE FLATTERY | N32: 05401 | O32: 05401 CAPE FLATTERY SCHOOL DISTRICT | P32: 0.0641 | Q32: 0.23 | S32: =+F32-P32 -> 0 | T32: =+G32-Q32 -> 0
A33: 27 | B33: 45 | C33: 114 | D33: 05402 | E33: Quillayute Valley | F33: 0.0163 | G33: 0.0971 | H33: 0.0966 | M33: QUILLAYUTE VALLEY | N33: 05402 | O33: 05402 QUILLAYUTE VALLEY SCHOOL DISTRICT | P33: 0.0163 | Q33: 0.0971 | S33: =+F33-P33 -> 0 | T33: =+G33-Q33 -> 0
A34: 28 | B34: 132 | C34: 900 | D34: 05903 | E34: Quileute Tribal | F34: 0.0387 | G34: 0.1535 | H34: 0.1535 | M34: QUILEUTE | N34: 05903 | O34: 05903 QUILEUTE TRIBAL COMPACT | P34: 0.0387 | Q34: 0.1535 | S34: =+F34-P34 -> 0 | T34: =+G34-Q34 -> 0
A35: 29 | B35: 142 | C35: 112 | D35: 06037 | E35: Vancouver | F35: 0.0594 | G35: 0.1657 | H35: 0.1508 | M35: VANCOUVER | N35: 06037 | O35: 06037 VANCOUVER SCHOOL DISTRICT | P35: 0.0594 | Q35: 0.1657 | S35: =+F35-P35 -> 0 | T35: =+G35-Q35 -> 0
A36: 30 | B36: 129 | C36: 112 | D36: 06098 | E36: Hockinson | F36: 0.0423 | G36: 0.2041 | H36: 0.2144 | M36: HOCKINSON | N36: 06098 | O36: 06098 HOCKINSON SCHOOL DISTRICT | P36: 0.0423 | Q36: 0.2041 | S36: =+F36-P36 -> 0 | T36: =+G36-Q36 -> 0
A37: 31 | B37: 250 | C37: 112 | D37: 06101 | E37: Lacenter | F37: 0.0376 | G37: 0.1988 | H37: 0.1854 | M37: LACENTER | N37: 06101 | O37: 06101 LACENTER SCHOOL DISTRICT | P37: 0.0376 | Q37: 0.1988 | S37: =+F37-P37 -> 0 | T37: =+G37-Q37 -> 0
A38: 32 | B38: 162 | C38: 112 | D38: 06103 | E38: Green Mountain | F38: 0.0781 | G38: 0.2496 | H38: 0.2556 | M38: GREEN MOUNTAIN | N38: 06103 | O38: 06103 GREEN MOUNTAIN SCHOOL DISTRICT | P38: 0.0781 | Q38: 0.2496 | S38: =+F38-P38 -> 0 | T38: =+G38-Q38 -> 0
A39: 33 | B39: 160 | C39: 112 | D39: 06112 | E39: Washougal | F39: 0.0363 | G39: 0.1633 | H39: 0.1694 | M39: WASHOUGAL | N39: 06112 | O39: 06112 WASHOUGAL SCHOOL DISTRICT | P39: 0.0363 | Q39: 0.1633 | S39: =+F39-P39 -> 0 | T39: =+G39-Q39 -> 0
... A43: 37 | B43: 95 | C43: 112 | D43: 06122 | E43: Ridgefield | F43: 0.046 | G43: 0.1561 | H43: 0.1262 | M43: RIDGEFIELD | N43: 06122 | O43: 06122 RIDGEFIELD SCHOOL DISTRICT | P43: 0.046 | Q43: 0.1561 | S43: =+F43-P43 -> 0 | T43: =+G43-Q43 -> 0
A44: 38 | B44: 6 | D44: 06701 | E44: ESA 112 | F44: 0 | G44: 0 | H44: 0 | M44: ESA 112 | N44: 06701 | O44: 06701 ESA 112 | S44: =+F44-P44 -> 0 | T44: =+G44-Q44 -> 0
A45: 39 | B45: 139 | D45: 06801 | E45: ESD 112 | F45: 0 | G45: 0.11 | H45: 0 | M45: ESD 112 | N45: 06801 | O45: 06801 ESD 112 | Q45: 0.11 | S45: =+F45-P45 -> 0 | T45: =+G45-Q45 -> 0
A46: 40 | B46: 204 | C46: 909 | D46: 06901 | E46: Rooted Charter | F46: 0.0387 | G46: 0.1535 | H46: 0.1535 | M46: ROOTED VANCOUVER | N46: 06901 | O46: 06901 ROOTED VANCOUVER SCHOOL DISTRICT | P46: 0.0387 | Q46: 0.1535 | S46: =+F46-P46 -> 0 | T46: =+G46-Q46 -> 0
A47: 41 | B47: 305 | C47: 123 | D47: 07002 | E47: Dayton | F47: 0.0352 | G47: 0.2283 | H47: 0.2161 | M47: DAYTON | N47: 07002 | O47: 07002 DAYTON SCHOOL DISTRICT | P47: 0.0352 | Q47: 0.2283 | S47: =+F47-P47 -> 0 | T47: =+G47-Q47 -> 0
A48: 42 | B48: 287 | C48: 123 | D48: 07035 | E48: Starbuck | F48: 0.0743 | G48: 0.0577 | H48: 0.3392 | M48: STARBUCK | N48: 07035 | O48: 07035 STARBUCK SCHOOL DISTRICT | P48: 0.0743 | Q48: 0.0577 | S48: =+F48-P48 -> 0 | T48: =+G48-Q48 -> 0
A49: 43 | B49: 309 | C49: 112 | D49: 08122 | E49: Longview | F49: 0.0486 | G49: 0.1652 | H49: 0.1843 | M49: LONGVIEW | N49: 08122 | O49: 08122 LONGVIEW SCHOOL DISTRICT | P49: 0.0486 | Q49: 0.1652 | S49: =+F49-P49 -> 0 | T49: =+G49-Q49 -> 0
A50: 44 | B50: 270 | C50: 112 | D50: 08130 | E50: Toutle Lake | F50: 0.0196 | G50: 0.1759 | H50: 0.1807 | M50: TOUTLE LAKE | N50: 08130 | O50: 08130 TOUTLE LAKE SCHOOL DISTRICT | P50: 0.0196 | Q50: 0.1759 | S50: =+F50-P50 -> 0 | T50: =+G50-Q50 -> 0
A51: 45 | B51: 289 | C51: 112 | D51: 08401 | E51: Castle Rock | F51: 0.0381 | G51: 0.1795 | H51: 0.1648 | M51: CASTLE ROCK | N51: 08401 | O51: 08401 CASTLE ROCK SCHOOL DISTRICT | P51: 0.0381 | Q51: 0.1795 | S51: =+F51-P51 -> 0 | T51: =+G51-Q51 -> 0
A52: 46 | B52: 266 | C52: 112 | D52: 08402 | E52: Kalama | F52: 0.0555 | G52: 0.2015 | H52: 0.1859 | M52: KALAMA | N52: 08402 | O52: 08402 KALAMA SCHOOL DISTRICT | P52: 0.0555 | Q52: 0.2015 | S52: =+F52-P52 -> 0 | T52: =+G52-Q52 -> 0
A53: 47 | B53: 218 | C53: 112 | D53: 08404 | E53: Woodland | F53: 0.0212 | G53: 0.1349 | H53: 0.1277 | M53: WOODLAND | N53: 08404 | O53: 08404 WOODLAND SCHOOL DISTRICT | P53: 0.0212 | Q53: 0.1349 | S53: =+F53-P53 -> 0 | T53: =+G53-Q53 -> 0
A54: 48 | B54: 223 | C54: 112 | D54: 08458 | E54: Kelso | F54: 0.0397 | G54: 0.1649 | H54: 0.1387 | M54: KELSO | N54: 08458 | O54: 08458 KELSO SCHOOL DISTRICT | P54: 0.0397 | Q54: 0.1649 | S54: =+F54-P54 -> 0 | T54: =+G54-Q54 -> 0
A55: 49 | B55: 84 | C55: 171 | D55: 09013 | E55: Orondo | F55: 0.1029 | G55: 0.2357 | H55: 0.2203 | M55: ORONDO | N55: 09013 | O55: 09013 ORONDO SCHOOL DISTRICT | P55: 0.1029 | Q55: 0.2357 | S55: =+F55-P55 -> 0 | T55: =+G55-Q55 -> 0
A56: 50 | B56: 69 | C56: 171 | D56: 09075 | E56: Bridgeport | F56: 0.0443 | G56: 0.2028 | H56: 0.2331 | M56: BRIDGEPORT | N56: 09075 | O56: 09075 BRIDGEPORT SCHOOL DISTRICT | P56: 0.0443 | Q56: 0.2028 | S56: =+F56-P56 -> 0 | T56: =+G56-Q56 -> 0
A57: 51 | B57: 90 | C57: 171 | D57: 09102 | E57: Palisades | F57: 0.2049 | G57: 0.5501 | H57: 0.3728 | M57: PALISADES | N57: 09102 | O57: 09102 PALISADES SCHOOL DISTRICT | P57: 0.2049 | Q57: 0.5501 | S57: =+F57-P57 -> 0 | T57: =+G57-Q57 -> 0
... A69: 63 | B69: 253 | C69: 123 | D69: 11056 | E69: Kahlotus | F69: 0.0632 | G69: 0.4021 | H69: 0.4334 | M69: KAHLOTUS | N69: 11056 | O69: 11056 KAHLOTUS SCHOOL DISTRICT | P69: 0.0632 | Q69: 0.4021 | S69: =+F69-P69 -> 0 | T69: =+G69-Q69 -> 0
A70: 64 | B70: 317 | D70: 11801 | E70: ESD 123 | F70: 0 | G70: 0.11 | H70: 0 | M70: ESD 123 | N70: 11801 | O70: 11801 ESD 123 | Q70: 0.11 | S70: =+F70-P70 -> 0 | T70: =+G70-Q70 -> 0
A71: 65 | B71: 52 | C71: 123 | D71: 12110 | E71: Pomeroy | F71: 0.0625 | G71: 0.265 | H71: 0.2715 | M71: POMEROY | N71: 12110 | O71: 12110 POMEROY SCHOOL DISTRICT | P71: 0.0625 | Q71: 0.265 | S71: =+F71-P71 -> 0 | T71: =+G71-Q71 -> 0
A72: 66 | B72: 135 | C72: 105 | D72: 13073 | E72: Wahluke | F72: 0.0483 | G72: 0.1524 | H72: 0.1555 | M72: WAHLUKE | N72: 13073 | O72: 13073 WAHLUKE SCHOOL DISTRICT | P72: 0.0483 | Q72: 0.1524 | S72: =+F72-P72 -> 0 | T72: =+G72-Q72 -> 0
A73: 67 | B73: 208 | C73: 171 | D73: 13144 | E73: Quincy | F73: 0.055 | G73: 0.1653 | H73: 0.1783 | M73: QUINCY | N73: 13144 | O73: 13144 QUINCY SCHOOL DISTRICT | P73: 0.055 | Q73: 0.1653 | S73: =+F73-P73 -> 0 | T73: =+G73-Q73 -> 0
A74: 68 | B74: 233 | C74: 171 | D74: 13146 | E74: Warden | F74: 0.0441 | G74: 0.1829 | H74: 0.2108 | M74: WARDEN | N74: 13146 | O74: 13146 WARDEN SCHOOL DISTRICT | P74: 0.0441 | Q74: 0.1829 | S74: =+F74-P74 -> 0 | T74: =+G74-Q74 -> 0
A75: 69 | B75: 137 | C75: 171 | D75: 13151 | E75: Coulee/Hartline | F75: 0.0331 | G75: 0.2245 | H75: 0.2254 | M75: COULEE/HARTLINE | N75: 13151 | O75: 13151 COULEE/HARTLINE SCHOOL DISTRICT | P75: 0.0331 | Q75: 0.2245 | S75: =+F75-P75 -> 0 | T75: =+G75-Q75 -> 0
A76: 70 | B76: 81 | C76: 171 | D76: 13156 | E76: Soap Lake | F76: 0.0533 | G76: 0.289 | H76: 0.2455 | M76: SOAP LAKE | N76: 13156 | O76: 13156 SOAP LAKE SCHOOL DISTRICT | P76: 0.0533 | Q76: 0.289 | S76: =+F76-P76 -> 0 | T76: =+G76-Q76 -> 0
A77: 71 | B77: 310 | C77: 105 | D77: 13160 | E77: Royal | F77: 0.0519 | G77: 0.1739 | H77: 0.1901 | M77: ROYAL | N77: 13160 | O77: 13160 ROYAL SCHOOL DISTRICT | P77: 0.0519 | Q77: 0.1739 | S77: =+F77-P77 -> 0 | T77: =+G77-Q77 -> 0
A78: 72 | B78: 16 | C78: 171 | D78: 13161 | E78: Moses Lake | F78: 0.0043 | G78: 0.1519 | H78: 0.1467 | M78: MOSES LAKE | N78: 13161 | O78: 13161 MOSES LAKE SCHOOL DISTRICT | P78: 0.0043 | Q78: 0.1519 | S78: =+F78-P78 -> 0 | T78: =+G78-Q78 -> 0
A79: 73 | B79: 99 | C79: 171 | D79: 13165 | E79: Ephrata | F79: 0.0547 | G79: 0.1849 | H79: 0.1838 | M79: EPHRATA | N79: 13165 | O79: 13165 EPHRATA SCHOOL DISTRICT | P79: 0.0547 | Q79: 0.1849 | S79: =+F79-P79 -> 0 | T79: =+G79-Q79 -> 0
A80: 74 | B80: 73 | C80: 171 | D80: 13167 | E80: Wilson Creek | F80: 0.0603 | G80: 0.299 | H80: 0.3065 | M80: WILSON CREEK | N80: 13167 | O80: 13167 WILSON CREEK SCHOOL DISTRICT | P80: 0.0603 | Q80: 0.299 | S80: =+F80-P80 -> 0 | T80: =+G80-Q80 -> 0
A81: 75 | B81: 38 | C81: 171 | D81: 13301 | E81: Grand Coulee Dam | F81: 0.0537 | G81: 0.2406 | H81: 0.2356 | M81: GRAND COULEE DAM | N81: 13301 | O81: 13301 GRAND COULEE DAM SCHOOL DISTRICT | P81: 0.0537 | Q81: 0.2406 | S81: =+F81-P81 -> 0 | T81: =+G81-Q81 -> 0
A82: 76 | B82: 258 | C82: 113 | D82: 14005 | E82: Aberdeen | F82: 0.0261 | G82: 0.1626 | H82: 0.164 | M82: ABERDEEN | N82: 14005 | O82: 14005 ABERDEEN SCHOOL DISTRICT | P82: 0.0261 | Q82: 0.1626 | S82: =+F82-P82 -> 0 | T82: =+G82-Q82 -> 0
... A121: 115 | B121: 212 | C121: 121 | D121: 17417 | E121: Northshore | F121: 0.0327 | G121: 0.1257 | H121: 0.1214 | M121: NORTHSHORE | N121: 17417 | O121: 17417 NORTHSHORE SCHOOL DISTRICT | P121: 0.0327 | Q121: 0.1257 | S121: =+F121-P121 -> 0 | T121: =+G121-Q121 -> 0
A122: 116 | B122: 58 | D122: 17801 | E122: ESD 121 | F122: 0 | G122: 0.11 | H122: 0 | M122: ESD 121 | N122: 17801 | O122: 17801 PUGET SOUND ESD 121 | Q122: 0.11 | S122: =+F122-P122 -> 0 | T122: =+G122-Q122 -> 0
A123: 117 | B123: 236 | C123: 900 | D123: 17902 | E123: Summit Sierra Charter | F123: 0.1513 | G123: 0.2889 | H123: 0.2499 | M123: SUMMIT: SIERRA | N123: 17902 | O123: 17902 SUMMIT: SIERRA CHARTER | P123: 0.1513 | Q123: 0.2889 | S123: =+F123-P123 -> 0 | T123: =+G123-Q123 -> 0
A124: 217 | B124: 261 | C124: 900 | D124: 17903 | E124: Muckleshoot Tribal | F124: 0.0387 | G124: 0.1535 | H124: 0.1535 | M124: MUCKLESHOOT | N124: 17903 | O124: 17903 MUCKLESHOOT TRIBAL COMPACT | P124: 0.0387 | Q124: 0.1535 | S124: =+F124-P124 -> 0 | T124: =+G124-Q124 -> 0
A125: 118 | B125: 111 | C125: 900 | D125: 17905 | E125: Summit Atlas Charter | F125: 0.1819 | G125: 0.2729 | H125: 0.2371 | M125: SUMMIT: ATLAS | N125: 17905 | O125: 17905 SUMMIT: ATLAS CHARTER | P125: 0.1819 | Q125: 0.2729 | S125: =+F125-P125 -> 0 | T125: =+G125-Q125 -> 0
A126: 119 | B126: 63 | C126: 900 | D126: 17908 | E126: Rainier Prep Charter | F126: 0 | G126: 0.1887 | H126: 0 | M126: RAINIER PREP | N126: 17908 | O126: 17908 RAINIER PREP CHARTER | Q126: 0.1887 | S126: =+F126-P126 -> 0 | T126: =+G126-Q126 -> 0
A127: 120 | B127: 46 | C127: 900 | D127: 17910 | E127: Rainer Valley Leadership Academy | F127: 0.1713 | G127: 0.6631 | H127: 0.5425 | M127: RAINIER VALLEY LEADERSHIP ACADEMY | N127: 17910 | O127: 17910 RAINIER VALLEY LEADERSHIP ACADEMY CHARTER | P127: 0.1713 | Q127: 0.6631 | S127: =+F127-P127 -> 0 | T127: =+G127-Q127 -> 0
A128: 121 | B128: 55 | C128: 900 | D128: 17911 | E128: Impact Charter | F128: 0.1722 | G128: 0.3183 | H128: 0.352 | M128: IMPACT PUGET SOUND | N128: 17911 | O128: 17911 IMPACT PUGET SOUND CHARTER | P128: 0.1722 | Q128: 0.3183 | S128: =+F128-P128 -> 0 | T128: =+G128-Q128 -> 0
A129: 122 | B129: 48 | C129: 900 | D129: 17916 | E129: Impact Salish Sea Charter | F129: 0.0387 | G129: 0.1535 | H129: 0.1535 | M129: IMPACT SALISH SEA | N129: 17916 | O129: 17916 IMPACT SALISH SEA CHARTER | P129: 0.0387 | Q129: 0.1535 | S129: =+F129-P129 -> 0 | T129: =+G129-Q129 -> 0
A130: 123 | B130: 8 | C130: 900 | D130: 17917 | E130: Why Not You Charter | F130: 0.0387 | G130: 0.1535 | H130: 0.1535 | M130: WHY NOT YOU | N130: 17917 | O130: 17917 WHY NOT YOU CHARTER | P130: 0.0387 | Q130: 0.1535 | S130: =+F130-P130 -> 0 | T130: =+G130-Q130 -> 0
A131: 124 | B131: 114 | C131: 900 | D131: 17919 | E131: Impact Renton Charter | F131: 0.0387 | G131: 0.1535 | H131: 0.1535 | M131: IMPACT BLACK RIVER | N131: 17919 | O131: 17919 IMPACT BLACK RIVER CHARTER | P131: 0.0387 | Q131: 0.1535 | S131: =+F131-P131 -> 0 | T131: =+G131-Q131 -> 0
A132: 125 | B132: 273 | C132: 114 | D132: 18100 | E132: Bremerton | F132: 0.0456 | G132: 0.1628 | H132: 0.1542 | M132: BREMERTON | N132: 18100 | O132: 18100 BREMERTON SCHOOL DISTRICT | P132: 0.0456 | Q132: 0.1628 | S132: =+F132-P132 -> 0 | T132: =+G132-Q132 -> 0
A133: 126 | B133: 10 | C133: 121 | D133: 18303 | E133: Bainbridge | F133: 0.0196 | G133: 0.1936 | H133: 0.1728 | M133: BAINBRIDGE | N133: 18303 | O133: 18303 BAINBRIDGE SCHOOL DISTRICT | P133: 0.0196 | Q133: 0.1936 | S133: =+F133-P133 -> 0 | T133: =+G133-Q133 -> 0
A134: 127 | B134: 138 | C134: 114 | D134: 18400 | E134: North Kitsap | F134: 0.069 | G134: 0.2099 | H134: 0.232 | M134: NORTH KITSAP | N134: 18400 | O134: 18400 NORTH KITSAP SCHOOL DISTRICT | P134: 0.069 | Q134: 0.2099 | S134: =+F134-P134 -> 0 | T134: =+G134-Q134 -> 0
A135: 128 | B135: 145 | C135: 114 | D135: 18401 | E135: Central Kitsap | F135: 0.037 | G135: 0.1433 | H135: 0.1448 | M135: CENTRAL KITSAP | N135: 18401 | O135: 18401 CENTRAL KITSAP SCHOOL DISTRICT | P135: 0.037 | Q135: 0.1433 | S135: =+F135-P135 -> 0 | T135: =+G135-Q135 -> 0
A136: 129 | B136: 222 | C136: 114 | D136: 18402 | E136: South Kitsap | F136: 0.0348 | G136: 0.1483 | H136: 0.1547 | M136: SOUTH KITSAP | N136: 18402 | O136: 18402 SOUTH KITSAP SCHOOL DISTRICT | P136: 0.0348 | Q136: 0.1483 | S136: =+F136-P136 -> 0 | T136: =+G136-Q136 -> 0
A137: 130 | B137: 31 | D137: 18801 | E137: ESD 114 | F137: 0 | G137: 0.11 | H137: 0 | M137: ESD 114 | N137: 18801 | O137: 18801 OLYMPIC ESD 114 | Q137: 0.11 | S137: =+F137-P137 -> 0 | T137: =+G137-Q137 -> 0
A138: 131 | B138: 301 | C138: 900 | D138: 18901 | E138: Catalyst Charter | F138: 0.0387 | G138: 0.1535 | H138: 0.1535 | M138: CATALYST | N138: 18901 | O138: 18901 CATALYST PUBLIC SCHOOLS CHARTER | P138: 0.0387 | Q138: 0.1535 | S138: =+F138-P138 -> 0 | T138: =+G138-Q138 -> 0
A139: 132 | B139: 17 | C139: 900 | D139: 18902 | E139: Suquamish Tribal | F139: 0.0387 | G139: 0.1535 | H139: 0.1535 | M139: SUQUAMISH | N139: 18902 | O139: 18902 SUQUAMISH TRIBAL COMPACT | P139: 0.0387 | Q139: 0.1535 | S139: =+F139-P139 -> 0 | T139: =+G139-Q139 -> 0
A140: 133 | B140: 231 | C140: 105 | D140: 19007 | E140: Damman | F140: 0.1436 | G140: 0.8422 | H140: 0.8136 | M140: DAMMAN | N140: 19007 | O140: 19007 DAMMAN SCHOOL DISTRICT | P140: 0.1436 | Q140: 0.8422 | S140: =+F140-P140 -> 0 | T140: =+G140-Q140 -> 0
A141: 134 | B141: 113 | C141: 105 | D141: 19028 | E141: Easton | F141: 0.1 | G141: 0.4147 | H141: 0.3436 | M141: EASTON | N141: 19028 | O141: 19028 EASTON SCHOOL DISTRICT | P141: 0.1 | Q141: 0.4147 | S141: =+F141-P141 -> 0 | T141: =+G141-Q141 -> 0
A142: 135 | B142: 239 | C142: 105 | D142: 19400 | E142: Thorp | F142: 0.0786 | G142: 0.295 | H142: 0.2765 | M142: THORP | N142: 19400 | O142: 19400 THORP SCHOOL DISTRICT | P142: 0.0786 | Q142: 0.295 | S142: =+F142-P142 -> 0 | T142: =+G142-Q142 -> 0
A143: 136 | B143: 302 | C143: 105 | D143: 19401 | E143: Ellensburg | F143: 0.0414 | G143: 0.1613 | H143: 0.1681 | M143: ELLENSBURG | N143: 19401 | O143: 19401 ELLENSBURG SCHOOL DISTRICT | P143: 0.0414 | Q143: 0.1613 | S143: =+F143-P143 -> 0 | T143: =+G143-Q143 -> 0
A144: 137 | B144: 254 | C144: 105 | D144: 19403 | E144: Kittitas | F144: 0.0798 | G144: 0.398 | H144: 0.5458 | M144: KITTITAS | N144: 19403 | O144: 19403 KITTITAS SCHOOL DISTRICT | P144: 0.0798 | Q144: 0.398 | S144: =+F144-P144 -> 0 | T144: =+G144-Q144 -> 0
A145: 138 | B145: 4 | C145: 105 | D145: 19404 | E145: Cle Elum-Roslyn | F145: 0.078 | G145: 0.2178 | H145: 0.2563 | M145: CLE ELUM-ROSLYN | N145: 19404 | O145: 19404 CLE ELUM-ROSLYN SCHOOL DISTRICT | P145: 0.078 | Q145: 0.2178 | S145: =+F145-P145 -> 0 | T145: =+G145-Q145 -> 0
A146: 139 | B146: 43 | C146: 112 | D146: 20094 | E146: Wishram | F146: 0.0966 | G146: 0.2898 | H146: 0.2234 | M146: WISHRAM | N146: 20094 | O146: 20094 WISHRAM SCHOOL DISTRICT | P146: 0.0966 | Q146: 0.2898 | S146: =+F146-P146 -> 0 | T146: =+G146-Q146 -> 0
A147: 140 | B147: 267 | C147: 105 | D147: 20203 | E147: Bickleton | F147: 0.023 | G147: 0.259 | H147: 0.2502 | M147: BICKLETON | N147: 20203 | O147: 20203 BICKLETON SCHOOL DISTRICT | P147: 0.023 | Q147: 0.259 | S147: =+F147-P147 -> 0 | T147: =+G147-Q147 -> 0
A148: 141 | B148: 216 | C148: 112 | D148: 20215 | E148: Centerville | F148: 0.0749 | G148: 0.2686 | H148: 0.2342 | M148: CENTERVILLE | N148: 20215 | O148: 20215 CENTERVILLE SCHOOL DISTRICT | P148: 0.0749 | Q148: 0.2686 | S148: =+F148-P148 -> 0 | T148: =+G148-Q148 -> 0
A149: 142 | B149: 260 | C149: 112 | D149: 20400 | E149: Trout Lake | F149: 0.0355 | G149: 0.2506 | H149: 0.2613 | M149: TROUT LAKE | N149: 20400 | O149: 20400 TROUT LAKE SCHOOL DISTRICT | P149: 0.0355 | Q149: 0.2506 | S149: =+F149-P149 -> 0 | T149: =+G149-Q149 -> 0
... A161: 154 | B161: 248 | C161: 113 | D161: 21232 | E161: Winlock | F161: 0.0439 | G161: 0.1533 | H161: 0.0898 | M161: WINLOCK | N161: 21232 | O161: 21232 WINLOCK SCHOOL DISTRICT | P161: 0.0439 | Q161: 0.1533 | S161: =+F161-P161 -> 0 | T161: =+G161-Q161 -> 0
A162: 155 | B162: 100 | C162: 113 | D162: 21234 | E162: Boistfort | F162: 0 | G162: 0.147 | H162: 0.0295 | M162: BOISTFORT | N162: 21234 | O162: 21234 BOISTFORT SCHOOL DISTRICT | Q162: 0.147 | S162: =+F162-P162 -> 0 | T162: =+G162-Q162 -> 0
A163: 156 | B163: 296 | C163: 113 | D163: 21237 | E163: Toledo | F163: 0.0211 | G163: 0.1936 | H163: 0.1734 | M163: TOLEDO | N163: 21237 | O163: 21237 TOLEDO SCHOOL DISTRICT | P163: 0.0211 | Q163: 0.1936 | S163: =+F163-P163 -> 0 | T163: =+G163-Q163 -> 0
...

Sheet GL 810 Restricted
A1: GL 810 Restricted for Other Items (GF, CPF, DSF, ASB, TVF, PF)
A2: (Return to sheet)
B4: General Fund | C4: Capital Projects Fund | D4: Debt Service Fund | E4: ASB Fund | F4: Transportation Vehicle Fund | G4: Permanent Fund
A5: Total | B5: =SUM(B6:B55) -> 0 | C5: =SUM(C6:C55) -> 0 | D5: =SUM(D6:D55) -> 0 | E5: =SUM(E6:E55) -> 0 | F5: =SUM(F6:F55) -> 0 | G5: =SUM(G6:G55) -> 0
A6: (Enter description of Restriction) | B6: 0
A7: (Enter description of Restriction)
A8: (Enter description of Restriction)
A9: (Enter description of Restriction)
A10: (Enter description of Restriction)
A11: (Enter description of Restriction)
A12: (Enter description of Restriction)
A13: (Enter description of Restriction)
A14: (Enter description of Restriction)
A15: (Enter description of Restriction)
A16: (Enter description of Restriction)
A17: (Enter description of Restriction)
A18: (Enter description of Restriction)
... A55: (Enter description of Restriction)

Sheet GL 815 Restricted
A1: GL 815 Restricted for Unequalized Deductible Revenues
A2: General Fund Only, Cash Basis Districts Only
A3: (Return to summary sheet)
A5: Beginning Balance (from prior year financial data) | C5: 0
A6: Deductible revenues reduced in fiscal year | C6: 0
A7: Net balance | C7: =C5-C6 -> 0
A8: Deductible revenues received but not equalized
A9: Revenue 1400 Local in Lieu of Taxes | B9: 0
A10: Revenue 1600 County-Administered Forests | B10: 0
A11: Revenue 3600 State Forests | B11: 0
A12: Revenue 5400 Federal in lieu of Taxes | B12: 0
A13: Revenue 5500 Federal Forests | B13: 0
A14: Total Deductible revenues received but not equalized | C14: =SUM(B9:B13,C7) -> 0

Sheet GL 819 Restricted

Sheet GL 821 Restricted
A1: GL 821 Restricted for Carryover of Restricted Revenues | F1: ='Fund Balance Summary'!$B$1 -> 14005
A2: General Fund
A3: (Return to summary sheet)
A5: State Recovery Rate | B5: =VLOOKUP($F$1,Indirects!$D$7:$I$342,4,FALSE) -> 0.1626
A6: Federal Restricted Indirect Rate | B6: =VLOOKUP($F$1,Indirects!$D$7:$I$342,3,FALSE) -> 0.0261
A7: Federal Unrestricted Indirect Rate | B7: =VLOOKUP($F$1,Indirects!$D$7:$I$342,5,FALSE) -> 0.164
A10: Activity 34 Professional Learning Days | E10: Activity 34: RCW 43.09.2856: School district audits: (3) The use of the state allocation provided for professional learning under RCW 28A.150.415 must be audited as part of the regular financial audits of school districts by the state auditor's office to ensure compliance with the limitations and conditions of RCW 28A.150.415.
A11: Beginning Balance (PY Carryover) | C11: =VLOOKUP($F$1,ALLOC!$B$7:$AR$338,42,FALSE) -> 0
A12: Add Current Year Activity 34 Allocation | C12: =VLOOKUP($F$1,ALLOC!$B$7:$AR$338,43,FALSE) -> 353454.04 | D12: 1191PLD
A13: Total Available | C13: =+C11+C12 -> 353454.04
A15: Direct Expenditures, Activity 34 | C15: 0
A16: Carryover | C16: =IF(C15>C13,0,MIN(C13*1,C13-C15)) -> 353454.04
A18: Special Education Program 21
A19: Beginning Balance (PY Carryover) | C19: =VLOOKUP($F$1,ALLOC!$B$7:$AR$338,3,FALSE) -> 0
A20: Add Current Year Allocation (from 1197) | C20: =VLOOKUP($F$1,ALLOC!$B$7:$AR$338,6,FALSE) -> 8037347.9
A21: Total Available | C21: =+C19+C20 -> 8037347.9
A22: Expenditures
A23: Direct Expenditures | B23: 0
A24: Revenue 3121 Allotment | B24: =VLOOKUP($F$1,ALLOC!$B$7:$AR$338,7,FALSE) -> 1291980.7
A25: Indirect Expenditures | B25: =(B23-B24)*(B5) -> -210076.06
A26: Subtotal | B26: =B23-B24+B25 -> -1502056.7
A27: Revenue 7121 | B27: 0
A28: Net | C28: =B26-B27 -> -1502056.7
A29: Carryover | C29: =IF(C28>C21,0,MIN(C20*0.1,C21-C28)) -> 803734.79
A30: Recovery | C30: =MIN(C20,(C28-C19))+C29-C20 -> -8735669.8
A32: State Institutions Program 26
A33: Beginning Balance (PY Carryover) | C33: =VLOOKUP($F$1,ALLOC!$B$7:$AR$338,22,FALSE) -> 0
A34: Add Current Year Allocation (from 1197) | C34: =VLOOKUP($F$1,ALLOC!$B$7:$AR$338,21,FALSE) -> 0
A35: Total Available | C35: =+C33+C34 -> 0
A36: Expenditures
A37: Direct Expenditures | B37: 0
A38: Indirect Expenditures | B38: =VLOOKUP($F$1,ALLOC!$B$7:$AR$338,23,FALSE) -> 0 | C38: =B37+B38 -> 0
A39: Carryover | C39: =IF(C38>C35,0,MIN(C34*0.1,C35-C38)) -> 0
A40: Recovery | C40: =MIN(C34,C38-C33)+C39-C34 -> 0
A42: Special Education–Other–Federal Program 29 | F42: REVENUE 5329 IMPACT AID Section 7003(d): Payments for Children with Disabilities provide additional assistance to school districts that educate federally connected children who are eligible for services under the Individuals with Disabilities Act (IDEA). These awards are in addition to Basic Support Payments and IDEA resources provided on behalf of these children. A school district that receives these specific Impact Aid resources MUST use them for the increased costs of educating federally connected children with disabilities.
A43: Beginning Balance (PY Carryover) | C43: 0
A44: Add Current Year Federal Award (Revenue 5329) | C44: 0
A45: Total Available | C45: =+C43+C44 -> 0
A46: Expenditures, Program 29
A47: Direct Expenditures | C47: 0
A48: Carryover | C48: =IF(C47>C45,0,MIN(C45*1,C45-C47)) -> 0
A50: Vocational Education Program 31 | F50: CTE Programs 31 & 34 Combined Carryover and Recovery Amounts. Districts apply percentages on how Carryover and Recovery is applied to programs for next year. The Σ in each section should equal 100%. Percentages are included in the F-196. | R50: Different ways to calculate CTE
A51: Beginning Balance (PY Carryover) | C51: =VLOOKUP($F$1,ALLOC!$B$7:$AR$338,26,FALSE) -> 0 | R51: =VLOOKUP($F$1,ALLOC!$B$7:$AR$338,28,FALSE) -> 2502526.4
A52: Direct Expenditures | C52: 0 | R52: =ROUND(VLOOKUP($F$1,ALLOC!$B$7:$AR$338,29,FALSE),2) -> 238.62
A53: Minimum Direct Expenditures (from 1191) | C53: =VLOOKUP($F$1,ALLOC!$B$7:$AR$338,28,FALSE) -> 2502526.4 | F53: Total Carryover | G53: =+C54+C64 -> 366797.9 | H53: To Prog 31 | I53: 0 | J53: =+G$53*I53 -> 0 | R53: =ROUND(VLOOKUP($F$1,ALLOC!$B$7:$AR$338,30,FALSE),2) -> 2247573.7
A54: Allowed Carryover | C54: =MAX(MIN(C53+C51-C52,C53*0.1),0) -> 250252.64 | H54: To Prog 34 | I54: 0 | J54: =+G$53*I54 -> 0 | R54: =IFERROR(ROUND(R53/R52,2),0) -> 9419.05
A55: Unspent | C55: =MIN(+C52+C54-C53-C51,0) -> -2252273.8 | H55: Transfer to CPF | I55: 0 | J55: =+G$53*I55 -> 0 | R55: =IFERROR(ROUND(R51/R52,2),0) -> 10487.5
A56: Voc Enhancement | C56: =+R56 -> 254953.54 | H56: Σ = 100% | I56: =SUM(I53:I55) -> 0 | J56: =SUM(J53:J55) -> 0 | R56: =ROUND((R55-R54)*R52,2) -> 254953.54 | S56: =ROUND(VLOOKUP($F$1,ALLOC!$B$7:$AR$338,29,FALSE)*VLOOKUP($F$1,ALLOC!$B$7:$AR$338,33,FALSE),2) -> 0 | T56: =ROUND(VLOOKUP($F$1,ALLOC!$B$7:$AR$338,32,FALSE)-VLOOKUP($F$1,ALLOC!$B$7:$AR$338,31,FALSE),2)*(VLOOKUP($F$1,ALLOC!$B$7:$AR$338,29,FALSE)) -> 0
A57: Recovery | C57: =IF(MAX(C55,-C56)>0,0,MAX(C55,-C56)) -> -254953.54 | R57: Carryover/ Recovery Tool | S57: Orig F/B tool | T57: Another calc
A58: Allowable Carryover | C58: =IF(C57<0,0,MAX(MIN(C53+C51-C52,C53*0.1),0)) -> 0
F59: Total Recovery | G59: =+C57+C67 -> -344218.66 | H59: To Prog 31 | I59: 0 | J59: =+G$59*I59 -> 0
A60: Middle School Vocational Education Program 34 | H60: To Prog 34 | I60: 0 | J60: =+G$59*I60 -> 0 | R60: Different ways to calculate CTE
A61: Beginning Balance (PY Carryover) | C61: =VLOOKUP($F$1,ALLOC!$B$7:$AR$338,25,FALSE) -> 0 | H61: Σ = 100% | I61: =SUM(I59:I60) -> 0 | J61: =SUM(J59:J60) -> 0 | R61: =VLOOKUP($F$1,ALLOC!$B$7:$AR$338,27,FALSE) -> 1165452.5
A62: Direct Expenditures | C62: 0 | R62: =ROUND(VLOOKUP($F$1,ALLOC!$B$7:$AR$338,34,FALSE),2) -> 116.49
A63: Minimum Direct Expenditures (from 1191) | C63: =VLOOKUP($F$1,ALLOC!$B$7:$AR$338,27,FALSE) -> 1165452.5 | R63: =ROUND(VLOOKUP($F$1,ALLOC!$B$7:$AR$338,35,FALSE),2) -> 1076187.6
A64: Allowed Carryover | C64: =MAX(MIN(C63+C61-C62,C63*0.1),0) -> 116545.25 | R64: =IFERROR(ROUND(R63/R62,2),0) -> 9238.45
A65: Unspent | C65: =MIN(+C62+C64-C63-C61,0) -> -1048907.3 | R65: =IFERROR(ROUND(R61/R62,2),0) -> 10004.74
A66: Voc Enhancement | C66: =+R66 -> 89265.12 | R66: =ROUND((R65-R64)*R62,2) -> 89265.12 | S66: =ROUND(VLOOKUP($F$1,ALLOC!$B$7:$AR$338,34,FALSE)*VLOOKUP($F$1,ALLOC!$B$7:$AR$338,38,FALSE),2) -> 0 | T66: =ROUND(VLOOKUP($F$1,ALLOC!$B$7:$AR$338,37,FALSE)-VLOOKUP($F$1,ALLOC!$B$7:$AR$338,36,FALSE),2)*(VLOOKUP($F$1,ALLOC!$B$7:$AR$338,34,FALSE)) -> 0
A67: Recovery | C67: =IF(MAX(C65,-C66)>0,0,MAX(C65,-C66)) -> -89265.12 | R67: Carryover/ Recovery Tool | S67: Orig F/B tool | T67: Another calc
A68: Allowable Carryover | C68: =IF(C67<0,0,MAX(MIN(C63+C61-C62,C63*0.1),0)) -> 0
A70: LAP Program 55
A71: Beginning Balance (PY Carryover) | C71: =VLOOKUP($F$1,ALLOC!$B$7:$AR$338,4,FALSE) -> 0
A72: Add Current Year Allocation (from 1197) | C72: =VLOOKUP($F$1,ALLOC!$B$7:$AR$338,9,FALSE) -> 1495847.4
A73: Total Available | C73: =C71+C72 -> 1495847.4
A74: Expenditures
A75: Direct Expenditures | B75: 0
A76: Indirect Expenditures | B76: =B75*B6 -> 0 | C76: =B75+B76 -> 0
A77: Carryover | C77: =IF(C76>C73,0,MIN(C72*0.1,C73-C76)) -> 149584.74
A78: Recovery | C78: =IF(C76>C73,0,+C76-C71+C77-C72) -> -1346262.7
A80: LAP Program 55 High Poverty
A81: Beginning Balance (PY Carryover) | C81: =VLOOKUP($F$1,ALLOC!$B$7:$AR$338,5,FALSE) -> 33274.85
A82: Add Current Year Allocation (from 1197) | C82: =VLOOKUP($F$1,ALLOC!$B$7:$AR$338,8,FALSE) -> 985846.72
A83: Total Available | C83: =C81+C82 -> 1019121.6
A84: Expenditures
A85: Direct Expenditures | B85: 0
A86: Indirect Expenditures | B86: =B85*B6 -> 0 | C86: =B85+B86 -> 0
A87: Carryover | C87: =IF(C86>C83,0,MIN(C82*0.1,C83-C86)) -> 98584.672
A88: Recovery | C88: =IF(C86>C83,0,+C86-C81+C87-C82) -> -920536.9
A90: LAP Program 55 Total Carryover | C90: =+C87+C77 -> 248169.42
A91: LAP Program 55 Total Recovery | C91: =+C78+C88 -> -2266799.6
A94: State Institutions Program 56
A95: Beginning Balance (PY Carryover) | C95: =VLOOKUP($F$1,ALLOC!$B$7:$AR$338,19,FALSE) -> 0
A96: Add Current Year Allocation (from 1197) | C96: =VLOOKUP($F$1,ALLOC!$B$7:$AR$338,18,FALSE) -> 226761.03
A97: Total Available | C97: =+C95+C96 -> 226761.03
A98: Expenditures
A99: Direct Expenditures | B99: 0
A100: Indirect Expenditures | B100: =VLOOKUP($F$1,ALLOC!$B$7:$AR$338,20,FALSE) -> 7257.49 | C100: =B99+B100 -> 7257.49
A101: Carryover | C101: =IF(C100>C97,0,MIN(C96*0.1,C97-C100)) -> 22676.103
A102: Recovery | C102: =MIN(C96,C100-C95)+C101-C96 -> -196827.44
A104: State Institutions Program 59
A105: Beginning Balance (PY Carryover) | C105: =VLOOKUP($F$1,ALLOC!$B$7:$AR$338,16,FALSE) -> 0
A106: Add Current Year Allocation (from 1197) | C106: =VLOOKUP($F$1,ALLOC!$B$7:$AR$338,15,FALSE) -> 0
A107: Total Available | C107: =+C105+C106 -> 0
A108: Expenditures
A109: Direct Expenditures | B109: 0
A110: Indirect Expenditures | B110: =VLOOKUP($F$1,ALLOC!$B$7:$AR$338,17,FALSE) -> 0 | C110: =B109+B110 -> 0
A111: Carryover | C111: =IF(C110>C107,0,MIN(C106*0.1,C107-C110)) -> 0
A112: Recovery | C112: =MIN(C106,C110-C105)+C111-C106 -> 0
A114: Bilingual Program 65
A115: Current Year Allocation | C115: =VLOOKUP($F$1,ALLOC!$B$7:$AR$338,10,FALSE) -> 813199.41
...

Sheet 1191 PLD 34 Annual Detail
C1: 2025–26
B2: from August Data Extract | C2: Calc TAB
B3: From Jackie McDonald August 27, 2026 | C3: 3100pd | D3: 3031pd | E3: 3034pd | F3: 3045pd | G3: 4120pd | H3: 4155rpd | I3: 4155hppd | J3: 4165pd | K3: 4174hp | L3: 09pd | R3: 2025-26
A4: CCDDD | B4: OrganizationName | C4: Rev 3100 PD Gen Apport | D4: CTE Prog 31 | E4: CTE Prog 34 | F4: Skill Ctr Prog 45 | G4: Rev 4121 PD SpEd | H4: Rev 4155 PD LAP | I4: 4155hppd Total LAP HiPov PD | J4: Rev 4165 PD TBIP | K4: Rev 4174 PD HiCap | L4: TK Prog 09 | N4: Activity 34 Total | R4: PLD Activity 34 Total
B5: STATE SUMMARY | C5: =SUM(C6:C335) -> 87623330 | D5: =SUM(D6:D335) -> 6002691.5 | E5: =SUM(E6:E335) -> 1416041.7 | F5: =SUM(F6:F335) -> 795623.06 | G5: =SUM(G6:G335) -> 29522.72 | H5: =SUM(H6:H335) -> 5490699.7 | I5: =SUM(I6:I335) -> 2339985.9 | J5: =SUM(J6:J335) -> 4305862.5 | ... L5: =SUM(L6:L335) -> 871020.85 | N5: =SUM(C5:M5) -> 1.0938461e+08 | R5: =SUM(R6:R335) -> 1.0938461e+08
A6: 14005 | B6: Aberdeen School District | C6: 207182.73 | D6: 20632.4 | E6: 10071.84 | F6: 6427.29 | G6: 86.75 | H6: 20863.65 | I6: 13750.31 | J6: 11500.99 | K6: 1338.19 | L6: 0 | N6: =SUM(C6:M6) -> 291854.15 | Q6: =TEXT(A6, "00000") -> 14005 | R6: =N6 -> 291854.15
A7: 21226 | B7: Adna School District | C7: 53598.55 | D7: 4287.37 | E7: 936.36 | F7: 0 | G7: 90.96 | H7: 1582.52 | I7: 0 | J7: 0 | K7: 293.41 | L7: 0 | N7: =SUM(C7:M7) -> 60789.17 | Q7: =TEXT(A7, "00000") -> 21226 | R7: =N7 -> 60789.17
A8: 22017 | B8: Almira School District | C8: 19918.6 | D8: 667.55 | E8: 81.71 | F8: 0 | G8: 86.02 | H8: 450.17 | I8: 0 | J8: 0 | K8: 46.25 | L8: 0 | N8: =SUM(C8:M8) -> 21250.3 | Q8: =TEXT(A8, "00000") -> 22017 | R8: =N8 -> 21250.3
A9: 29103 | B9: Anacortes School District | C9: 234047.68 | D9: 10689.01 | E9: 3265.54 | F9: 0 | G9: 101.35 | H9: 9102.74 | I9: 248.58 | J9: 1462.88 | K9: 1305.5 | L9: 0 | N9: =SUM(C9:M9) -> 260223.28 | Q9: =TEXT(A9, "00000") -> 29103 | R9: =N9 -> 260223.28
A10: 31016 | B10: Arlington School District | C10: 473920.05 | D10: 37331.95 | E10: 3548.1 | F10: 0 | G10: 101.05 | H10: 24716.88 | I10: 806.55 | J10: 10492.3 | K10: 2795.21 | L10: 0 | N10: =SUM(C10:M10) -> 553712.09 | Q10: =TEXT(A10, "00000") -> 31016 | R10: =N10 -> 553712.09
A11: 02420 | B11: Asotin-Anatone School District | C11: 54022.26 | D11: 4019.18 | E11: 132.58 | F11: 0 | G11: 89.14 | H11: 2378.82 | I11: 0 | J11: 0 | K11: 277.5 | L11: 3461.09 | N11: =SUM(C11:M11) -> 64380.57 | Q11: =TEXT(A11, "00000") -> 02420 | R11: =N11 -> 64380.57
A12: 17408 | B12: Auburn School District | C12: 1505143.4 | D12: 79463.99 | E12: 21823.63 | F12: 0 | G12: 99 | H12: 109508.4 | I12: 64792.3 | J12: 149716.09 | K12: 8495.31 | L12: 19625.55 | N12: =SUM(C12:M12) -> 1958667.7 | Q12: =TEXT(A12, "00000") -> 17408 | R12: =N12 -> 1958667.7
A13: 18303 | B13: Bainbridge Island School District | C13: 302688.44 | D13: 31124.44 | E13: 5392.42 | F13: 0 | G13: 105.14 | H13: 4623.15 | I13: 0 | J13: 1546.06 | K13: 1816.91 | L13: 0 | N13: =SUM(C13:M13) -> 347296.56 | Q13: =TEXT(A13, "00000") -> 18303 | R13: =N13 -> 347296.56
A14: 06119 | B14: Battle Ground School District | C14: 881444.93 | D14: 91092.9 | E14: 6413.72 | F14: 0 | G14: 95.69 | H14: 54063.9 | I14: 3702.06 | J14: 38836.8 | K14: 6038.95 | L14: 15793.51 | N14: =SUM(C14:M14) -> 1097482.5 | Q14: =TEXT(A14, "00000") -> 06119 | R14: =N14 -> 1097482.5
A15: 17405 | B15: Bellevue School District | C15: 1765950.6 | D15: 86380.65 | E15: 23300.19 | F15: 0 | G15: 99 | H15: 50826.38 | I15: 10105.6 | J15: 121842.14 | K15: 10389.4 | L15: 0 | N15: =SUM(C15:M15) -> 2068894 | Q15: =TEXT(A15, "00000") -> 17405 | R15: =N15 -> 2068894
A16: 37501 | B16: Bellingham School District | C16: 790141.61 | D16: 87442.16 | E16: 53060.46 | F16: 0 | G16: 92.42 | H16: 44033.22 | I16: 9105.7 | J16: 28555.81 | K16: 5034.94 | L16: 26911.82 | N16: =SUM(C16:M16) -> 1044378.1 | Q16: =TEXT(A16, "00000") -> 37501 | R16: =N16 -> 1044378.1
A17: 01122 | B17: Benge School District | C17: 2960.04 | D17: 0 | E17: 0 | F17: 0 | G17: 86.1 | H17: 0 | I17: 0 | J17: 0 | K17: 0 | L17: 0 | N17: =SUM(C17:M17) -> 3046.14 | Q17: =TEXT(A17, "00000") -> 01122 | R17: =N17 -> 3046.14
... A281: 17905 | B281: Summit Public School: Atlas | C281: 54066.35 | D281: 0 | E281: 0 | F281: 0 | G281: 91.22 | H281: 2797.92 | I281: 0 | J281: 3381.87 | K281: 322 | L281: 0 | N281: =SUM(C281:M281) -> 60659.36 | Q281: =TEXT(A281, "00000") -> 17905 | R281: =N281 -> 60659.36
A282: 27905 | B282: Summit Public School: Olympus
A283: 17902 | B283: Summit Public School: Sierra | C283: 19792.8 | D283: 0 | E283: 0 | F283: 0 | G283: 92.57 | H283: 967.81 | I283: 0 | J283: 727.67 | K283: 83.68 | L283: 0 | N283: =SUM(C283:M283) -> 21664.53 | Q283: =TEXT(A283, "00000") -> 17902 | R283: =N283 -> 21664.53
A284: 27320 | B284: Sumner-Bonney Lake School District | C284: 907769.18 | D284: 56920.33 | E284: 10605.33 | F284: 0 | G284: 98.01 | H284: 38166.75 | I284: 2189.44 | J284: 19157.62 | K284: 5205.97 | L284: 0 | N284: =SUM(C284:M284) -> 1040112.6 | Q284: =TEXT(A284, "00000") -> 27320 | R284: =N284 -> 1040112.6
A285: 39201 | B285: Sunnyside School District | C285: 458039.92 | D285: 30503.83 | E285: 3382.46 | F285: 0 | G285: 87.97 | H285: 55382.03 | I285: 27050.45 | J285: 46691.55 | K285: 2546.87 | L285: 3885.05 | N285: =SUM(C285:M285) -> 627570.13 | Q285: =TEXT(A285, "00000") -> 39201 | R285: =N285 -> 627570.13
A286: 18902 | B286: Suquamish Tribal Education Department | C286: 22865.42 | D286: 809.54 | E286: 125.52 | F286: 0 | G286: 91.45 | H286: 594.87 | I286: 403.87 | J286: 0 | K286: 41.84 | L286: 0 | N286: =SUM(C286:M286) -> 24932.51 | Q286: =TEXT(A286, "00000") -> 18902 | R286: =N286 -> 24932.51
A287: 27010 | B287: Tacoma School District | C287: 2255827 | D287: 141167.25 | E287: 29476.32 | F287: 4074.99 | G287: 97.19 | H287: 176365.83 | I287: 90792.8 | J287: 104014.07 | K287: 13254.08 | L287: 76233.35 | N287: =SUM(C287:M287) -> 2891302.9 | Q287: =TEXT(A287, "00000") -> 27010 | R287: =N287 -> 2891302.9
A288: 14077 | B288: Taholah School District | C288: 24824.25 | D288: 206.58 | E288: 0 | F288: 0 | G288: 86.66 | H288: 1429.14 | I288: 847.93 | J288: 0 | K288: 0 | L288: 0 | N288: =SUM(C288:M288) -> 27394.56 | Q288: =TEXT(A288, "00000") -> 14077 | R288: =N288 -> 27394.56
A289: 17409 | B289: Tahoma School District | C289: 845624.6 | D289: 54048.35 | E289: 4252.62 | F289: 0 | G289: 105.92 | H289: 20864.36 | I289: 0 | J289: 17328.35 | K289: 4828.16 | L289: 2187.44 | N289: =SUM(C289:M289) -> 949239.8 | Q289: =TEXT(A289, "00000") -> 17409 | R289: =N289 -> 949239.8
A290: 38265 | B290: Tekoa School District | C290: 20670.94 | D290: 2378.82 | E290: 1026.76 | F290: 0 | G290: 87.2 | H290: 1250.31 | I290: 874.14 | J290: 40.09 | K290: 83.25 | L290: 712.26 | N290: =SUM(C290:M290) -> 27123.77 | Q290: =TEXT(A290, "00000") -> 38265 | R290: =N290 -> 27123.77
A291: 34402 | B291: Tenino School District | C291: 94739.77 | D291: 8001.36 | E291: 2583.87 | F291: 0 | G291: 88.71 | H291: 6189.88 | I291: 3960.6 | J291: 587.38 | K291: 542.68 | L291: 1805.31 | N291: =SUM(C291:M291) -> 118499.56 | Q291: =TEXT(A291, "00000") -> 34402 | R291: =N291 -> 118499.56
A292: 19400 | B292: Thorp School District | C292: 30410.62 | D292: 2513.38 | E292: 1880.95 | F292: 0 | G292: 97.1 | H292: 1253.42 | I292: 0 | J292: 158.51 | K292: 116.02 | L292: 2070.51 | N292: =SUM(C292:M292) -> 38500.51 | Q292: =TEXT(A292, "00000") -> 19400 | R292: =N292 -> 38500.51
A293: 21237 | B293: Toledo School District | C293: 69066.05 | D293: 5730.45 | E293: 2132.15 | F293: 0 | G293: 88.87 | H293: 4702.14 | I293: 2986.25 | J293: 222 | K293: 407 | L293: 0 | N293: =SUM(C293:M293) -> 85334.91 | Q293: =TEXT(A293, "00000") -> 21237 | R293: =N293 -> 85334.91
A294: 24404 | B294: Tonasket School District | C294: 74924.46 | D294: 4165.64 | E294: 502.59 | F294: 0 | G294: 87.65 | H294: 7321.47 | I294: 4771.53 | J294: 3118.83 | K294: 457.88 | L294: 0 | N294: =SUM(C294:M294) -> 95350.05 | Q294: =TEXT(A294, "00000") -> 24404 | R294: =N294 -> 95350.05
... A335: 39205 | B335: Zillah School District | C335: 105271.04 | D335: 6401.09 | E335: 0 | F335: 0 | G335: 88.41 | H335: 8579.49 | I335: 4773.06 | J335: 4060.8 | K335: 568.88 | L335: 5271.03 | N335: =SUM(C335:M335) -> 135013.8 | Q335: =TEXT(A335, "00000") -> 39205 | R335: =N335 -> 135013.8

Sheet PLD Allocation
D1: 2019-20 FBRT | H1: 2020-21 FBRT | L1: 2021-22 FBRT | P1: 2022-23 FBRT | T1: 2023-24 FBRT | X1: 2024-25 FBRT | AB1: 2025-26 FBRT
B2: 1 | C2: 2 | D2: 42 | E2: 43 | H2: 42 | I2: 43 | L2: 42 | M2: 43 | P2: 42 | Q2: 43 | T2: 42 | U2: 43 | X2: 42 | Y2: 43 | AB2: 42 | AC2: 43
D3: Paul Entry | E3: Paul Entry | G3: F-196 | H3: Paul Entry | I3: Paul Entry | L3: Paul Entry | M3: Paul Entry | P3: Paul Entry | Q3: Paul Entry | T3: Paul Entry | U3: Paul Entry | X3: Paul Entry | Y3: Paul Entry | AB3: Paul Entry | AC3: Paul Entry | AU3: 2025–26 | AY3: Recalculated
W4: Manual Revision | AT4: from August Data Extract | AU4: Calc TAB
D5: 2018-19 PLD 34 | E5: 2019-20 PLD 34 | F5: 2019-20 PLD 34 | G5: 2019-20 PLD 34 | H5: 2019-20 PLD 34 | I5: 2020-21 PLD 34 | J5: 2020-21 PLD 34 | K5: 2020-21 PLD 34 | L5: 20-21 PLD 34 | M5: 2021-22 PLD 34 | N5: 2021-22 PLD 34 | O5: 2021-22 PLD 34 | P5: 22-23 PLD 34 | Q5: 2022-23 PLD 34 | R5: 22-23 PLD 34 | S5: 22-23 PLD 34 | T5: 23-24 PLD 34 | U5: 2023-24 PLD 34 | V5: 23-24 PLD 34 | W5: 23-24 PLD 34 | X5: 24-25 PLD 34 | Y5: 2024-25 PLD 34 | Z5: 24-25 PLD 34 | AA5: 2024-25 PLD 34 | AB5: 25-26 PLD 34 | AC5: 2025-26 PLD 34 | AD5: 25-26 PLD 34 | AM5: Expenditures | AO5: 2025-26 | AT5: From Jackie McDonald August 27, 2026 | AU5: 3100pd | AV5: 3031pd | AW5: 3034pd | AX5: 3045pd | AY5: 4120pd | AZ5: 4155rpd | BA5: 4155hppd | BB5: 4165pd | BC5: 4174hp | BD5: 09pd | BJ5: 2025-26
D6: Carryover | E6: Allocation | F6: Funds Available | G6: Expenditures | H6: Carryover | I6: Allocation | J6: Funds Available | K6: Expenditures | L6: Carryover | M6: Allocation | N6: Funds Available | O6: Expenditures | P6: Carryover | Q6: Allocation | R6: Funds Available | S6: Expenditures | T6: Carryover | U6: Allocation | V6: Funds Available | W6: Expenditures | X6: Carryover | Y6: Allocation | Z6: Funds Available | AA6: Expenditures | AB6: Carryover | AC6: Allocation | AD6: Funds Available | AM6: 2024–25 | AO6: PLD Activity 34 Total | AS6: CCDDD | AT6: OrganizationName | AU6: Rev 3100 PD Gen Apport | AV6: CTE Prog 31 | AW6: CTE Prog 34 | AX6: Skill Ctr Prog 45 | AY6: Rev 4121 PD SpEd | AZ6: Rev 4155 PD LAP | BA6: 4155hppd Total LAP HiPov PD | BB6: Rev 4165 PD TBIP | BC6: Rev 4174 PD HiCap | BD6: TK Prog 09 | BF6: Activity 34 Total | BJ6: PLD Activity 34 Total
B7: ccddd | D7: 4431745.6 | E7: =SUM(E8:E337) -> 75279599 | F7: =SUM(F8:F337) -> 79711345 | G7: =SUM(G8:G337) -> 71820405 | H7: =SUM(H8:H337) -> 11041927 | I7: =SUM(I8:I337) -> 1.0601403e+08 | J7: =SUM(J8:J337) -> 1.1705595e+08 | K7: =SUM(K8:K337) -> 1.0959299e+08 | L7: =SUM(L8:L337) -> 14991267 | ... AD7: =SUM(AD8:AD337) -> 1.4987702e+08 | AM7: Activity 34 | AO7: =SUM(AO8:AO337) -> 1.2524011e+08 | AT7: STATE SUMMARY | AU7: =SUM(AU8:AU337) -> 87623330 | AV7: =SUM(AV8:AV337) -> 6002691.5 | AW7: =SUM(AW8:AW337) -> 1416041.7 | AX7: =SUM(AX8:AX337) -> 795623.06 | AY7: =SUM(AY8:AY337) -> 15885018 | AZ7: =SUM(AZ8:AZ337) -> 5490699.7 | BA7: =SUM(BA8:BA337) -> 2339985.9 | BB7: =SUM(BB8:BB337) -> 4305862.5 | ... BD7: =SUM(BD8:BD337) -> 871020.85 | BF7: =SUM(AU7:BE7) -> 1.2524011e+08 | BJ7: =SUM(BJ8:BJ337) -> 1.2524011e+08
A8: 1 | B8: 14005 | C8: ABERDEEN | D8: 9625.91 | E8: 221517.12 | F8: =+D8+E8 -> 231143.03 | G8: 205945.92 | H8: 25197.11 | I8: 302266.43 | J8: =+H8+I8 -> 327463.54 | K8: 268870.09 | L8: 58593.45 | M8: 305959.77 | N8: =+L8+M8 -> 364553.22 | O8: 314410.53 | P8: 50142.69 | Q8: 335212.84 | R8: =+P8+Q8 -> 385355.53 | S8: 410240.02 | T8: 0 | U8: 340731.16 | V8: =+T8+U8 -> 340731.16 | W8: 402872.65 | X8: =IF(+V8-W8<0,0,(+V8-W8)) -> 0 | Y8: 353855.61 | Z8: =+X8+Y8 -> 353855.61 | AA8: 362749.97 | AB8: =IF(+Z8-AA8<0,0,(+Z8-AA8)) -> 0 | AC8: 353454.04 | AD8: =+AB8+AC8 -> 353454.04 | AF8: =+AH8-B8 -> 0 | AG8: 1 | AH8: 14005 | AI8: ABERDEEN | AJ8: =+AL8-B8 -> 0 | AL8: 14005 | AM8: 362749.97 | AN8: 14005 | AO8: 353454.04 | AQ8: =+AS8-B8 -> 0 | AS8: 14005 | AT8: Aberdeen School District | AU8: 207182.73 | AV8: 20632.4 | AW8: 10071.84 | AX8: 6427.29 | AY8: 61686.64 | AZ8: 20863.65 | BA8: 13750.31 | BB8: 11500.99 | BC8: 1338.19 | BD8: 0 | BF8: =SUM(AU8:BE8) -> 353454.04 | BI8: =TEXT(AS8, "00000") -> 14005 | BJ8: =BF8 -> 353454.04 | BK8: =+BI8-B8 -> 0
A9: 2 | B9: 21226 | C9: ADNA | D9: 0 | E9: 39549.07 | F9: =+D9+E9 -> 39549.07 | G9: 35521.78 | H9: 4027.29 | I9: 54665.87 | J9: =+H9+I9 -> 58693.16 | K9: 65238.89 | L9: 0 | M9: 58486.44 | N9: =+L9+M9 -> 58486.44 | O9: 63104.67 | P9: 0 | Q9: 64225.45 | R9: =+P9+Q9 -> 64225.45 | S9: 58203.87 | T9: 6021.58 | U9: 63495.86 | V9: =+T9+U9 -> 69517.44 | W9: 60413.67 | X9: =IF(+V9-W9<0,0,(+V9-W9)) -> 9103.77 | Y9: 66264.62 | Z9: =+X9+Y9 -> 75368.39 | AA9: 61999.88 | AB9: =IF(+Z9-AA9<0,0,(+Z9-AA9)) -> 13368.51 | AC9: 67265.14 | AD9: =+AB9+AC9 -> 80633.65 | AF9: =+AH9-B9 -> 0 | AG9: 2 | AH9: 21226 | AI9: ADNA | AJ9: =+AL9-B9 -> 0 | AL9: 21226 | AM9: 61999.88 | AN9: 21226 | AO9: 67265.14 | AQ9: =+AS9-B9 -> 0 | AS9: 21226 | AT9: Adna School District | AU9: 53598.55 | AV9: 4287.37 | AW9: 936.36 | AX9: 0 | AY9: 6566.93 | AZ9: 1582.52 | BA9: 0 | BB9: 0 | BC9: 293.41 | BD9: 0 | BF9: =SUM(AU9:BE9) -> 67265.14 | BI9: =TEXT(AS9, "00000") -> 21226 | BJ9: =BF9 -> 67265.14 | BK9: =+BI9-B9 -> 0
A10: 3 | B10: 22017 | C10: ALMIRA | D10: 0 | E10: 13204.45 | F10: =+D10+E10 -> 13204.45 | G10: 2509.55 | H10: 10694.9 | I10: 20031.07 | J10: =+H10+I10 -> 30725.97 | K10: 3893.6 | L10: 26832.37 | M10: 21333.45 | N10: =+L10+M10 -> 48165.82 | O10: 894.51 | P10: 47271.31 | Q10: 22579.13 | R10: =+P10+Q10 -> 69850.44 | S10: 13370.42 | T10: 56480.02 | U10: 22305.48 | V10: =+T10+U10 -> 78785.5 | W10: 16769.11 | X10: =IF(+V10-W10<0,0,(+V10-W10)) -> 62016.39 | Y10: 23377.04 | Z10: =+X10+Y10 -> 85393.43 | AA10: 21872.18 | AB10: =IF(+Z10-AA10<0,0,(+Z10-AA10)) -> 63521.25 | AC10: 22444.46 | AD10: =+AB10+AC10 -> 85965.71 | AF10: =+AH10-B10 -> 0 | AG10: 3 | AH10: 22017 | AI10: ALMIRA | AJ10: =+AL10-B10 -> 0 | AL10: 22017 | AM10: 21872.18 | AN10: 22017 | AO10: 22444.46 | AQ10: =+AS10-B10 -> 0 | AS10: 22017 | AT10: Almira School District | AU10: 19918.6 | AV10: 667.55 | AW10: 81.71 | AX10: 0 | AY10: 1280.18 | AZ10: 450.17 | BA10: 0 | BB10: 0 | BC10: 46.25 | BD10: 0 | BF10: =SUM(AU10:BE10) -> 22444.46 | BI10: =TEXT(AS10, "00000") -> 22017 | BJ10: =BF10 -> 22444.46 | BK10: =+BI10-B10 -> 0
A11: 4 | B11: 29103 | C11: ANACORTES | D11: 0 | E11: 175788.78 | F11: =+D11+E11 -> 175788.78 | G11: 343995.45 | H11: 0 | I11: 239784.36 | J11: =+H11+I11 -> 239784.36 | K11: 317863.43 | L11: 0 | M11: 237721.8 | N11: =+L11+M11 -> 237721.8 | O11: 326223.56 | P11: 0 | Q11: 264780.55 | R11: =+P11+Q11 -> 264780.55 | S11: 349336.15 | T11: 0 | U11: 293624.25 | V11: =+T11+U11 -> 293624.25 | W11: 347565.12 | X11: =IF(+V11-W11<0,0,(+V11-W11)) -> 0 | Y11: 307430.04 | Z11: =+X11+Y11 -> 307430.04 | AA11: 349638.21 | AB11: =IF(+Z11-AA11<0,0,(+Z11-AA11)) -> 0 | AC11: 305172.45 | AD11: =+AB11+AC11 -> 305172.45 | AF11: =+AH11-B11 -> 0 | AG11: 4 | AH11: 29103 | AI11: ANACORTES | AJ11: =+AL11-B11 -> 0 | AL11: 29103 | AM11: 349638.21 | AN11: 29103 | AO11: 305172.45 | AQ11: =+AS11-B11 -> 0 | AS11: 29103 | AT11: Anacortes School District | AU11: 234047.68 | AV11: 10689.01 | AW11: 3265.54 | AX11: 0 | AY11: 45050.52 | AZ11: 9102.74 | BA11: 248.58 | BB11: 1462.88 | BC11: 1305.5 | BD11: 0 | BF11: =SUM(AU11:BE11) -> 305172.45 | BI11: =TEXT(AS11, "00000") -> 29103 | BJ11: =BF11 -> 305172.45 | BK11: =+BI11-B11 -> 0
A12: 5 | B12: 31016 | C12: ARLINGTON | D12: 10462.94 | E12: 399146.57 | F12: =+D12+E12 -> 409609.51 | G12: 382702.78 | H12: 26906.73 | I12: 547695.9 | J12: =+H12+I12 -> 574602.63 | K12: 606157.09 | L12: 0 | M12: 542520.91 | N12: =+L12+M12 -> 542520.91 | O12: 569298.42 | P12: 0 | Q12: 589501.2 | R12: =+P12+Q12 -> 589501.2 | S12: 648338.15 | T12: 0 | U12: 628021.57 | V12: =+T12+U12 -> 628021.57 | W12: 637070.47 | X12: =IF(+V12-W12<0,0,(+V12-W12)) -> 0 | Y12: 676299.96 | Z12: =+X12+Y12 -> 676299.96 | AA12: 647235.72 | AB12: =IF(+Z12-AA12<0,0,(+Z12-AA12)) -> 29064.24 | AC12: 651445.42 | AD12: =+AB12+AC12 -> 680509.66 | AF12: =+AH12-B12 -> 0 | AG12: 5 | AH12: 31016 | AI12: ARLINGTON | AJ12: =+AL12-B12 -> 0 | AL12: 31016 | AM12: 647235.72 | AN12: 31016 | AO12: 651445.42 | AQ12: =+AS12-B12 -> 0 | AS12: 31016 | AT12: Arlington School District | AU12: 473920.05 | AV12: 37331.95 | AW12: 3548.1 | AX12: 0 | AY12: 97834.38 | AZ12: 24716.88 | BA12: 806.55 | BB12: 10492.3 | BC12: 2795.21 | BD12: 0 | BF12: =SUM(AU12:BE12) -> 651445.42 | BI12: =TEXT(AS12, "00000") -> 31016 | BJ12: =BF12 -> 651445.42 | BK12: =+BI12-B12 -> 0
A13: 6 | B13: 02420 | C13: ASOTIN | D13: 588.37 | E13: 37704.5 | F13: =+D13+E13 -> 38292.87 | G13: 38172.63 | H13: 120.24 | I13: 59746.35 | J13: =+H13+I13 -> 59866.59 | K13: 61433.12 | L13: 0 | M13: 60272.93 | N13: =+L13+M13 -> 60272.93 | O13: 59117.92 | P13: 1155.01 | Q13: 64172.84 | R13: =+P13+Q13 -> 65327.85 | S13: 62181.28 | T13: 3146.57 | U13: 59627.65 | V13: =+T13+U13 -> 62774.22 | W13: 65057.49 | X13: =IF(+V13-W13<0,0,(+V13-W13)) -> 0 | Y13: 71067.47 | Z13: =+X13+Y13 -> 71067.47 | AA13: 66436.64 | AB13: =IF(+Z13-AA13<0,0,(+Z13-AA13)) -> 4630.83 | AC13: 74448.08 | AD13: =+AB13+AC13 -> 79078.91 | AF13: =+AH13-B13 -> 0 | AG13: 6 | AH13: 02420 | AI13: ASOTIN | AJ13: =+AL13-B13 -> 0 | AL13: 02420 | AM13: 66436.64 | AN13: 02420 | AO13: 74448.08 | AQ13: =+AS13-B13 -> 0 | AS13: 02420 | AT13: Asotin-Anatone School District | AU13: 54022.26 | AV13: 4019.18 | AW13: 132.58 | AX13: 0 | AY13: 10156.65 | AZ13: 2378.82 | BA13: 0 | BB13: 0 | BC13: 277.5 | BD13: 3461.09 | BF13: =SUM(AU13:BE13) -> 74448.08 | BI13: =TEXT(AS13, "00000") -> 02420 | BJ13: =BF13 -> 74448.08 | BK13: =+BI13-B13 -> 0
A14: 7 | B14: 17408 | C14: AUBURN | D14: 13096.36 | E14: 1282819.9 | F14: =+D14+E14 -> 1295916.2 | G14: 723273.16 | H14: 572643.07 | I14: 1850391.1 | J14: =+H14+I14 -> 2423034.2 | K14: 565011.19 | L14: 1858023 | M14: 1872584.9 | N14: =+L14+M14 -> 3730607.9 | O14: 410067.67 | P14: 3320540.2 | Q14: 2080316.5 | R14: =+P14+Q14 -> 5400856.7 | S14: 1534940.3 | T14: 3865916.4 | U14: 2113021.5 | V14: =+T14+U14 -> 5978938 | W14: 1753711.6 | X14: =IF(+V14-W14<0,0,(+V14-W14)) -> 4225226.4 | Y14: 2221252.9 | Z14: =+X14+Y14 -> 6446479.3 | AA14: 2265313.6 | AB14: =IF(+Z14-AA14<0,0,(+Z14-AA14)) -> 4181165.7 | AC14: 2183424.2 | AD14: =+AB14+AC14 -> 6364589.9 | AF14: =+AH14-B14 -> 0 | AG14: 7 | AH14: 17408 | AI14: AUBURN | AJ14: =+AL14-B14 -> 0 | AL14: 17408 | AM14: 2265313.6 | AN14: 17408 | AO14: 2183424.2 | AQ14: =+AS14-B14 -> 0 | AS14: 17408 | AT14: Auburn School District | AU14: 1505143.4 | AV14: 79463.99 | AW14: 21823.63 | AX14: 0 | AY14: 224855.52 | AZ14: 109508.4 | BA14: 64792.3 | BB14: 149716.09 | BC14: 8495.31 | BD14: 19625.55 | BF14: =SUM(AU14:BE14) -> 2183424.2 | BI14: =TEXT(AS14, "00000") -> 17408 | BJ14: =BF14 -> 2183424.2 | BK14: =+BI14-B14 -> 0
A15: 8 | B15: 18303 | C15: BAINBRIDGE | D15: 0 | E15: 251833.89 | F15: =+D15+E15 -> 251833.89 | G15: 290595.01 | H15: 0 | I15: 342775.98 | J15: =+H15+I15 -> 342775.98 | K15: 480337.09 | L15: 0 | M15: 353654.45 | N15: =+L15+M15 -> 353654.45 | O15: 435041.71 | P15: 0 | Q15: 382050.65 | R15: =+P15+Q15 -> 382050.65 | S15: 478035.76 | T15: 0 | U15: 397144.27 | V15: =+T15+U15 -> 397144.27 | W15: 397144.27 | X15: =IF(+V15-W15<0,0,(+V15-W15)) -> 0 | Y15: 416453.85 | Z15: =+X15+Y15 -> 416453.85 | AA15: 414321.57 | AB15: =IF(+Z15-AA15<0,0,(+Z15-AA15)) -> 2132.28 | AC15: 379370.76 | AD15: =+AB15+AC15 -> 381503.04 | AF15: =+AH15-B15 -> 0 | AG15: 8 | AH15: 18303 | AI15: BAINBRIDGE | AJ15: =+AL15-B15 -> 0 | AL15: 18303 | AM15: 414321.57 | AN15: 18303 | AO15: 379370.76 | AQ15: =+AS15-B15 -> 0 | AS15: 18303 | AT15: Bainbridge Island School District | AU15: 302688.44 | AV15: 31124.44 | AW15: 5392.42 | AX15: 0 | AY15: 32179.34 | AZ15: 4623.15 | BA15: 0 | BB15: 1546.06 | BC15: 1816.91 | BD15: 0 | BF15: =SUM(AU15:BE15) -> 379370.76 | BI15: =TEXT(AS15, "00000") -> 18303 | BJ15: =BF15 -> 379370.76 | BK15: =+BI15-B15 -> 0
A16: 9 | B16: 06119 | C16: BATTLE GROUND | D16: 180656.74 | E16: 735047.54 | F16: =+D16+E16 -> 915704.28 | G16: 546286.39 | H16: 369417.89 | I16: 944857.63 | J16: =+H16+I16 -> 1314275.5 | K16: 1141487.2 | L16: 172788.32 | M16: 993802.53 | N16: =+L16+M16 -> 1166590.8 | O16: 620940.85 | P16: 545650 | Q16: 1131333.2 | R16: =+P16+Q16 -> 1676983.2 | S16: 1454648.6 | T16: 222334.56 | U16: 1211502 | V16: =+T16+U16 -> 1433836.5 | W16: 987100.27 | X16: =IF(+V16-W16<0,0,(+V16-W16)) -> 446736.27 | Y16: 1312818.3 | Z16: =+X16+Y16 -> 1759554.5 | AA16: 1020579.1 | AB16: =IF(+Z16-AA16<0,0,(+Z16-AA16)) -> 738975.4 | AC16: 1287421.5 | AD16: =+AB16+AC16 -> 2026396.9 | AF16: =+AH16-B16 -> 0 | AG16: 9 | AH16: 06119 | AI16: BATTLE GROUND | AJ16: =+AL16-B16 -> 0 | AL16: 06119 | AM16: 1020579.1 | AN16: 06119 | AO16: 1287421.5 | AQ16: =+AS16-B16 -> 0 | AS16: 06119 | AT16: Battle Ground School District | AU16: 881444.93 | AV16: 91092.9 | AW16: 6413.72 | AX16: 0 | AY16: 190034.7 | AZ16: 54063.9 | BA16: 3702.06 | BB16: 38836.8 | BC16: 6038.95 | BD16: 15793.51 | BF16: =SUM(AU16:BE16) -> 1287421.5 | BI16: =TEXT(AS16, "00000") -> 06119 | BJ16: =BF16 -> 1287421.5 | BK16: =+BI16-B16 -> 0
A17: 10 | B17: 17405 | C17: BELLEVUE | D17: 69719.28 | E17: 1402931.4 | F17: =+D17+E17 -> 1472650.6 | G17: 1725033.8 | H17: 0 | I17: 1995367.3 | J17: =+H17+I17 -> 1995367.3 | K17: 2308382.4 | L17: 0 | M17: 1891310.5 | N17: =+L17+M17 -> 1891310.5 | O17: 2234498.3 | P17: 0 | Q17: 2071883.4 | R17: =+P17+Q17 -> 2071883.4 | S17: 2121738 | T17: 0 | U17: 2165353.5 | V17: =+T17+U17 -> 2165353.5 | W17: 892326.59 | X17: =IF(+V17-W17<0,0,(+V17-W17)) -> 1273026.9 | Y17: 2340874.2 | Z17: =+X17+Y17 -> 3613901.1 | AA17: 3563630.8 | AB17: =IF(+Z17-AA17<0,0,(+Z17-AA17)) -> 50270.29 | AC17: 2211402.7 | AD17: =+AB17+AC17 -> 2261673 | AF17: =+AH17-B17 -> 0 | AG17: 10 | AH17: 17405 | AI17: BELLEVUE | AJ17: =+AL17-B17 -> 0 | AL17: 17405 | AM17: 3563630.8 | AN17: 17405 | AO17: 2211402.7 | AQ17: =+AS17-B17 -> 0 | AS17: 17405 | AT17: Bellevue School District | AU17: 1765950.6 | AV17: 86380.65 | AW17: 23300.19 | AX17: 0 | AY17: 142607.72 | AZ17: 50826.38 | BA17: 10105.6 | BB17: 121842.14 | BC17: 10389.4 | BD17: 0 | BF17: =SUM(AU17:BE17) -> 2211402.7 | BI17: =TEXT(AS17, "00000") -> 17405 | BJ17: =BF17 -> 2211402.7 | BK17: =+BI17-B17 -> 0
A18: 11 | B18: 37501 | C18: BELLINGHAM | D18: 0 | E18: 781204.36 | F18: =+D18+E18 -> 781204.36 | G18: 908454.25 | H18: 0 | I18: 1083382.1 | J18: =+H18+I18 -> 1083382.1 | K18: 1050916.5 | L18: 32465.56 | M18: 1097833.1 | N18: =+L18+M18 -> 1130298.7 | O18: 1137920.8 | P18: 0 | Q18: 1189284.3 | R18: =+P18+Q18 -> 1189284.3 | S18: 1189284.3 | T18: 0 | U18: 1171407.3 | V18: =+T18+U18 -> 1171407.3 | W18: 1201903.1 | X18: =IF(+V18-W18<0,0,(+V18-W18)) -> 0 | Y18: 1252459.8 | Z18: =+X18+Y18 -> 1252459.8 | AA18: 1252459.8 | AB18: =IF(+Z18-AA18<0,0,(+Z18-AA18)) -> 0 | AC18: 1223672.1 | AD18: =+AB18+AC18 -> 1223672.1 | AF18: =+AH18-B18 -> 0 | AG18: 11 | AH18: 37501 | AI18: BELLINGHAM | AJ18: =+AL18-B18 -> 0 | AL18: 37501 | AM18: 1252459.8 | AN18: 37501 | AO18: 1223672.1 | AQ18: =+AS18-B18 -> 0 | AS18: 37501 | AT18: Bellingham School District | AU18: 790141.61 | AV18: 87442.16 | AW18: 53060.46 | AX18: 0 | AY18: 179386.34 | AZ18: 44033.22 | BA18: 9105.7 | BB18: 28555.81 | BC18: 5034.94 | BD18: 26911.82 | BF18: =SUM(AU18:BE18) -> 1223672.1 | BI18: =TEXT(AS18, "00000") -> 37501 | BJ18: =BF18 -> 1223672.1 | BK18: =+BI18-B18 -> 0
A19: 12 | B19: 01122 | C19: BENGE | D19: 15.18 | E19: 2290.95 | F19: =+D19+E19 -> 2306.13 | H19: 2306.13 | I19: 3272.66 | J19: =+H19+I19 -> 5578.79 | K19: 50 | L19: 5528.79 | M19: 2921.46 | N19: =+L19+M19 -> 8450.25 | O19: 5250.52 | P19: 3199.73 | Q19: 2908.01 | R19: =+P19+Q19 -> 6107.74 | S19: 4820.04 | T19: 1287.7 | U19: 3039.6 | V19: =+T19+U19 -> 4327.3 | W19: 2798.26 | X19: =IF(+V19-W19<0,0,(+V19-W19)) -> 1529.04 | Y19: 3363.35 | Z19: =+X19+Y19 -> 4892.39 | AA19: 2852.61 | AB19: =IF(+Z19-AA19<0,0,(+Z19-AA19)) -> 2039.78 | AC19: 2960.04 | AD19: =+AB19+AC19 -> 4999.82 | AF19: =+AH19-B19 -> 0 | AG19: 12 | AH19: 01122 | AI19: BENGE | AJ19: =+AL19-B19 -> 0 | AL19: 01122 | AM19: 2852.61 | AN19: 01122 | AO19: 2960.04 | AQ19: =+AS19-B19 -> 0 | AS19: 01122 | AT19: Benge School District | AU19: 2960.04 | AV19: 0 | AW19: 0 | AX19: 0 | AY19: 0 | AZ19: 0 | BA19: 0 | BB19: 0 | BC19: 0 | BD19: 0 | BF19: =SUM(AU19:BE19) -> 2960.04 | BI19: =TEXT(AS19, "00000") -> 01122 | BJ19: =BF19 -> 2960.04 | BK19: =+BI19-B19 -> 0
A20: 13 | B20: 27403 | C20: BETHEL | D20: 138866.75 | E20: 1285710.3 | F20: =+D20+E20 -> 1424577 | G20: 1760340.1 | H20: 0 | I20: 1828148.7 | J20: =+H20+I20 -> 1828148.7 | K20: 1832083.8 | L20: 0 | M20: 1818329.8 | N20: =+L20+M20 -> 1818329.8 | O20: 1363805 | P20: 454524.87 | Q20: 2016573.6 | R20: =+P20+Q20 -> 2471098.5 | S20: 1951910.6 | T20: 519187.9 | U20: 2212075.2 | V20: =+T20+U20 -> 2731263.1 | W20: 1849885.7 | X20: =IF(+V20-W20<0,0,(+V20-W20)) -> 881377.37 | Y20: 2360221.3 | Z20: =+X20+Y20 -> 3241598.7 | AA20: 2950906.6 | AB20: =IF(+Z20-AA20<0,0,(+Z20-AA20)) -> 290692.05 | AC20: 2345447.1 | AD20: =+AB20+AC20 -> 2636139.2 | AF20: =+AH20-B20 -> 0 | AG20: 13 | AH20: 27403 | AI20: BETHEL | AJ20: =+AL20-B20 -> 0 | AL20: 27403 | AM20: 2950906.6 | AN20: 27403 | AO20: 2345447.1 | AQ20: =+AS20-B20 -> 0 | AS20: 27403 | AT20: Bethel School District | AU20: 1630091.7 | AV20: 95454.59 | AW20: 22380.21 | AX20: 57340.41 | AY20: 302655.83 | AZ20: 111816.08 | BA20: 53122.57 | BB20: 48883.48 | BC20: 9759.37 | BD20: 13942.9 | BF20: =SUM(AU20:BE20) -> 2345447.1 | BI20: =TEXT(AS20, "00000") -> 27403 | BJ20: =BF20 -> 2345447.1 | BK20: =+BI20-B20 -> 0
A21: 14 | B21: 20203 | C21: BICKLETON | D21: 289.89 | E21: 13241.37 | F21: =+D21+E21 -> 13531.26 | G21: 3104.85 | H21: 10426.41 | I21: 18261.71 | J21: =+H21+I21 -> 28688.12 | K21: 15325.58 | L21: 13362.54 | M21: 18821.87 | N21: =+L21+M21 -> 32184.41 | O21: 9755.57 | P21: 22428.84 | Q21: 19607.22 | R21: =+P21+Q21 -> 42036.06 | S21: 38277.6 | T21: 3758.46 | U21: 19581.17 | V21: =+T21+U21 -> 23339.63 | W21: 18587.37 | X21: =IF(+V21-W21<0,0,(+V21-W21)) -> 4752.26 | Y21: 20246.31 | Z21: =+X21+Y21 -> 24998.57 | AA21: 22115.36 | AB21: =IF(+Z21-AA21<0,0,(+Z21-AA21)) -> 2883.21 | AC21: 19540.89 | AD21: =+AB21+AC21 -> 22424.1 | AF21: =+AH21-B21 -> 0 | AG21: 14 | AH21: 20203 | AI21: BICKLETON | AJ21: =+AL21-B21 -> 0 | AL21: 20203 | AM21: 22115.36 | AN21: 20203 | AO21: 19540.89 | AQ21: =+AS21-B21 -> 0 | AS21: 20203 | AT21: Bickleton School District | AU21: 19338.93 | AV21: 86.33 | AW21: 115.63 | AX21: 0 | AY21: 0 | AZ21: 0 | BA21: 0 | BB21: 0 | BC21: 0 | BD21: 0 | BF21: =SUM(AU21:BE21) -> 19540.89 | BI21: =TEXT(AS21, "00000") -> 20203 | BJ21: =BF21 -> 19540.89 | BK21: =+BI21-B21 -> 0
A22: 15 | B22: 37503 | C22: BLAINE | D22: 0 | E22: 159782.18 | F22: =+D22+E22 -> 159782.18 | G22: 150796.55 | H22: 8985.63 | I22: 224512.77 | J22: =+H22+I22 -> 233498.4 | K22: 196261.3 | L22: 37237.1 | M22: 221575.74 | N22: =+L22+M22 -> 258812.84 | O22: 196991.22 | P22: 61821.62 | Q22: 230010.46 | R22: =+P22+Q22 -> 291832.08 | S22: 318508.6 | T22: 0 | U22: 227214.36 | V22: =+T22+U22 -> 227214.36 | W22: 227273.56 | X22: =IF(+V22-W22<0,0,(+V22-W22)) -> 0 | Y22: 234719.66 | Z22: =+X22+Y22 -> 234719.66 | AA22: 235059.87 | AB22: =IF(+Z22-AA22<0,0,(+Z22-AA22)) -> 0 | AC22: 232912.1 | AD22: =+AB22+AC22 -> 232912.1 | AF22: =+AH22-B22 -> 0 | AG22: 15 | AH22: 37503 | AI22: BLAINE | AJ22: =+AL22-B22 -> 0 | AL22: 37503 | AM22: 235059.87 | AN22: 37503 | AO22: 232912.1 | AQ22: =+AS22-B22 -> 0 | AS22: 37503 | AT22: Blaine School District | AU22: 160949.94 | AV22: 10344.6 | AW22: 832.26 | AX22: 0 | AY22: 35439.22 | AZ22: 10318.69 | BA22: 4460.04 | BB22: 3151.21 | BC22: 939.32 | BD22: 6476.82 | BF22: =SUM(AU22:BE22) -> 232912.1 | BI22: =TEXT(AS22, "00000") -> 37503 | BJ22: =BF22 -> 232912.1 | BK22: =+BI22-B22 -> 0
A23: 16 | B23: 21234 | C23: BOISTFORT | D23: 0 | E23: 6854.09 | F23: =+D23+E23 -> 6854.09 | H23: 6854.09 | I23: 9285.29 | J23: =+H23+I23 -> 16139.38 | K23: 1675 | L23: 14464.38 | M23: 8844.4 | N23: =+L23+M23 -> 23308.78 | P23: 23308.78 | Q23: 8798.35 | R23: =+P23+Q23 -> 32107.13 | S23: 2450 | T23: 29657.13 | U23: 14037.19 | V23: =+T23+U23 -> 43694.32 | W23: 10413.04 | X23: =IF(+V23-W23<0,0,(+V23-W23)) -> 33281.28 | Y23: 16834.23 | Z23: =+X23+Y23 -> 50115.51 | AA23: 10703.57 | AB23: =IF(+Z23-AA23<0,0,(+Z23-AA23)) -> 39411.94 | AC23: 13272.96 | AD23: =+AB23+AC23 -> 52684.9 | AF23: =+AH23-B23 -> 0 | AG23: 16 | AH23: 21234 | AI23: BOISTFORT | AJ23: =+AL23-B23 -> 0 | AL23: 21234 | AM23: 10703.57 | AN23: 21234 | AO23: 13272.96 | AQ23: =+AS23-B23 -> 0 | AS23: 21234 | AT23: Boistfort School District | AU23: 8081.52 | AV23: 0 | AW23: 69.37 | AX23: 0 | AY23: 2709.34 | AZ23: 1523.18 | BA23: 337.63 | BB23: 0 | BC23: 172.67 | BD23: 379.25 | BF23: =SUM(AU23:BE23) -> 13272.96 | BI23: =TEXT(AS23, "00000") -> 21234 | BJ23: =BF23 -> 13272.96 | BK23: =+BI23-B23 -> 0
A24: 17 | B24: 18100 | C24: BREMERTON | D24: 22186.54 | E24: 383717.68 | F24: =+D24+E24 -> 405904.22 | G24: 366033.48 | H24: 39870.74 | I24: 525451.71 | J24: =+H24+I24 -> 565322.45 | K24: 528080.27 | L24: 37242.18 | M24: 516389.1 | N24: =+L24+M24 -> 553631.28 | O24: 537860.39 | P24: 15770.89 | Q24: 557267.32 | R24: =+P24+Q24 -> 573038.21 | S24: 547633.95 | T24: 25404.26 | U24: 560335.72 | V24: =+T24+U24 -> 585739.98 | W24: 533961.79 | X24: =IF(+V24-W24<0,0,(+V24-W24)) -> 51778.19 | Y24: 609969.29 | Z24: =+X24+Y24 -> 661747.48 | AA24: 598519.41 | AB24: =IF(+Z24-AA24<0,0,(+Z24-AA24)) -> 63228.07 | AC24: 597799.83 | AD24: =+AB24+AC24 -> 661027.9 | AF24: =+AH24-B24 -> 0 | AG24: 17 | AH24: 18100 | AI24: BREMERTON | AJ24: =+AL24-B24 -> 0 | AL24: 18100 | AM24: 598519.41 | AN24: 18100 | AO24: 597799.83 | AQ24: =+AS24-B24 -> 0 | AS24: 18100 | AT24: Bremerton School District | AU24: 369561.39 | AV24: 29556.4 | AW24: 12978.11 | AX24: 35612.48 | AY24: 76621.61 | AZ24: 32783.64 | BA24: 20191.2 | BB24: 18177.35 | BC24: 2317.65 | BD24: 0 | BF24: =SUM(AU24:BE24) -> 597799.83 | BI24: =TEXT(AS24, "00000") -> 18100 | BJ24: =BF24 -> 597799.83 | BK24: =+BI24-B24 -> 0
A25: 18 | B25: 24111 | C25: BREWSTER | D25: 0 | E25: 66863.81 | F25: =+D25+E25 -> 66863.81 | G25: 56066.42 | H25: 10797.39 | I25: 96448.21 | J25: =+H25+I25 -> 107245.6 | K25: 81421.08 | L25: 25824.52 | M25: 100266.53 | N25: =+L25+M25 -> 126091.05 | O25: 94550.88 | P25: 31540.17 | Q25: 110591.35 | R25: =+P25+Q25 -> 142131.52 | S25: 106844.23 | T25: 35287.29 | U25: 109352.26 | V25: =+T25+U25 -> 144639.55 | W25: 95402.78 | X25: =IF(+V25-W25<0,0,(+V25-W25)) -> 49236.77 | Y25: 117921.61 | Z25: =+X25+Y25 -> 167158.38 | AA25: 167158.38 | AB25: =IF(+Z25-AA25<0,0,(+Z25-AA25)) -> 8.7311491e-11 | AC25: 119185.85 | AD25: =+AB25+AC25 -> 119185.85 | AF25: =+AH25-B25 -> 0 | AG25: 18 | AH25: 24111 | AI25: BREWSTER | AJ25: =+AL25-B25 -> 0 | AL25: 24111 | AM25: 167158.38 | AN25: 24111 | AO25: 119185.85 | AQ25: =+AS25-B25 -> 0 | AS25: 24111 | AT25: Brewster School District | AU25: 67417.99 | AV25: 7443.27 | AW25: 1390.6 | AX25: 0 | AY25: 12968.23 | AZ25: 9191.54 | BA25: 4376.85 | BB25: 10020.96 | BC25: 410.08 | BD25: 5966.33 | BF25: =SUM(AU25:BE25) -> 119185.85 | BI25: =TEXT(AS25, "00000") -> 24111 | BJ25: =BF25 -> 119185.85 | BK25: =+BI25-B25 -> 0
A26: 19 | B26: 09075 | C26: BRIDGEPORT | D26: 0 | E26: 55379.88 | F26: =+D26+E26 -> 55379.88 | G26: 54699.94 | H26: 679.94 | I26: 80208.39 | J26: =+H26+I26 -> 80888.33 | K26: 64431.62 | L26: 16456.71 | M26: 79486.89 | N26: =+L26+M26 -> 95943.6 | O26: 66487.98 | P26: 29455.62 | Q26: 86881.57 | R26: =+P26+Q26 -> 116337.19 | S26: 63565.54 | T26: 52771.65 | U26: 83412.97 | V26: =+T26+U26 -> 136184.62 | W26: 70017.41 | X26: =IF(+V26-W26<0,0,(+V26-W26)) -> 66167.21 | Y26: 93934.61 | Z26: =+X26+Y26 -> 160101.82 | AA26: 71784.89 | AB26: =IF(+Z26-AA26<0,0,(+Z26-AA26)) -> 88316.93 | AC26: 93789.31 | AD26: =+AB26+AC26 -> 182106.24 | AF26: =+AH26-B26 -> 0 | AG26: 19 | AH26: 09075 | AI26: BRIDGEPORT | AJ26: =+AL26-B26 -> 0 | AL26: 09075 | AM26: 71784.89 | AN26: 09075 | AO26: 93789.31 | AQ26: =+AS26-B26 -> 0 | AS26: 09075 | AT26: Bridgeport School District | AU26: 58078.44 | AV26: 2176.87 | AW26: 464.05 | AX26: 0 | AY26: 9186.13 | AZ26: 6697.09 | BA26: 3390.17 | BB26: 10088.8 | BC26: 311.43 | BD26: 3396.33 | BF26: =SUM(AU26:BE26) -> 93789.31 | BI26: =TEXT(AS26, "00000") -> 09075 | BJ26: =BF26 -> 93789.31 | BK26: =+BI26-B26 -> 0
A27: 20 | B27: 16046 | C27: BRINNON | D27: 580.96 | E27: 5049.04 | F27: =+D27+E27 -> 5630 | G27: 4520.88 | H27: 1109.12 | I27: 8152.18 | J27: =+H27+I27 -> 9261.3 | K27: 6031.86 | L27: 3229.44 | M27: 8346.32 | N27: =+L27+M27 -> 11575.76 | O27: 6846.36 | P27: 4729.4 | Q27: 9043.04 | R27: =+P27+Q27 -> 13772.44 | S27: 8240.2 | T27: 5532.24 | U27: 8303.7 | V27: =+T27+U27 -> 13835.94 | W27: 8933.45 | X27: =IF(+V27-W27<0,0,(+V27-W27)) -> 4902.49 | Y27: 8584.34 | Z27: =+X27+Y27 -> 13486.83 | AA27: 11630.24 | AB27: =IF(+Z27-AA27<0,0,(+Z27-AA27)) -> 1856.59 | AC27: 8129.55 | AD27: =+AB27+AC27 -> 9986.14 | AF27: =+AH27-B27 -> 0 | AG27: 20 | AH27: 16046 | AI27: BRINNON | AJ27: =+AL27-B27 -> 0 | AL27: 16046 | AM27: 11630.24 | AN27: 16046 | AO27: 8129.55 | AQ27: =+AS27-B27 -> 0 | AS27: 16046 | AT27: Brinnon School District | AU27: 5938.58 | AV27: 0 | AW27: 0 | AX27: 0 | AY27: 808.07 | AZ27: 536.51 | BA27: 323.75 | BB27: 0 | BC27: 29.3 | BD27: 493.34 | BF27: =SUM(AU27:BE27) -> 8129.55 | BI27: =TEXT(AS27, "00000") -> 16046 | BJ27: =BF27 -> 8129.55 | BK27: =+BI27-B27 -> 0
A28: 21 | B28: 29100 | C28: BURLINGTON EDISON | D28: 0 | E28: 266280.19 | F28: =+D28+E28 -> 266280.19 | G28: 313589.41 | H28: 0 | I28: 375972.04 | J28: =+H28+I28 -> 375972.04 | K28: 424308.4 | L28: 0 | M28: 367753.95 | N28: =+L28+M28 -> 367753.95 | O28: 404316.04 | P28: 0 | Q28: 399363.54 | R28: =+P28+Q28 -> 399363.54 | S28: 431089.78 | T28: 0 | U28: 408670.04 | V28: =+T28+U28 -> 408670.04 | W28: 467523.9 | X28: =IF(+V28-W28<0,0,(+V28-W28)) -> 0 | Y28: 426809.21 | Z28: =+X28+Y28 -> 426809.21 | AA28: 548475.81 | AB28: =IF(+Z28-AA28<0,0,(+Z28-AA28)) -> 0 | AC28: 406468.74 | AD28: =+AB28+AC28 -> 406468.74 | AF28: =+AH28-B28 -> 0 | AG28: 21 | AH28: 29100 | AI28: BURLINGTON EDISON | AJ28: =+AL28-B28 -> 0 | AL28: 29100 | AM28: 548475.81 | AN28: 29100 | AO28: 406468.74 | AQ28: =+AS28-B28 -> 0 | AS28: 29100 | AT28: Burlington-Edison School District | AU28: 257839.68 | AV28: 24551.81 | AW28: 5739.52 | AX28: 0 | AY28: 60944.28 | AZ28: 19867.3 | BA28: 12047.12 | BB28: 20312.78 | BC28: 1522.94 | BD28: 3643.31 | BF28: =SUM(AU28:BE28) -> 406468.74 | BI28: =TEXT(AS28, "00000") -> 29100 | BJ28: =BF28 -> 406468.74 | BK28: =+BI28-B28 -> 0
A29: 22 | B29: 06117 | C29: CAMAS | D29: 0 | E29: 459024.77 | F29: =+D29+E29 -> 459024.77 | G29: 476843.58 | H29: 0 | I29: 652696.09 | J29: =+H29+I29 -> 652696.09 | K29: 813582.94 | L29: 0 | M29: 644508.97 | N29: =+L29+M29 -> 644508.97 | O29: 931327.01 | P29: 0 | Q29: 705181.39 | R29: =+P29+Q29 -> 705181.39 | S29: 906834.14 | T29: 0 | U29: 722920.29 | V29: =+T29+U29 -> 722920.29 | W29: 902494.79 | X29: =IF(+V29-W29<0,0,(+V29-W29)) -> 0 | Y29: 761741.33 | Z29: =+X29+Y29 -> 761741.33 | AA29: 626438.23 | AB29: =IF(+Z29-AA29<0,0,(+Z29-AA29)) -> 135303.1 | AC29: 759136.56 | AD29: =+AB29+AC29 -> 894439.66 | AF29: =+AH29-B29 -> 0 | AG29: 22 | AH29: 06117 | AI29: CAMAS | AJ29: =+AL29-B29 -> 0 | AL29: 06117 | AM29: 626438.23 | AN29: 06117 | AO29: 759136.56 | AQ29: =+AS29-B29 -> 0 | AS29: 06117 | AT29: Camas School District | AU29: 600568.76 | AV29: 38672.3 | AW29: 3379.84 | AX29: 0 | AY29: 87994.76 | AZ29: 14021.34 | BA29: 0 | BB29: 8857.45 | BC29: 3430.72 | BD29: 2211.39 | BF29: =SUM(AU29:BE29) -> 759136.56 | BI29: =TEXT(AS29, "00000") -> 06117 | BJ29: =BF29 -> 759136.56 | BK29: =+BI29-B29 -> 0
A30: 23 | B30: 05401 | C30: CAPE FLATTERY | D30: 21186.09 | E30: 45131.52 | F30: =+D30+E30 -> 66317.61 | G30: 70381.07 | H30: 0 | I30: 67132.19 | J30: =+H30+I30 -> 67132.19 | K30: 64871.25 | L30: 2260.94 | M30: 64920.81 | N30: =+L30+M30 -> 67181.75 | O30: 69469.49 | P30: 0 | Q30: 69068.31 | R30: =+P30+Q30 -> 69068.31 | S30: 64025.23 | T30: 5043.08 | U30: 71193.54 | V30: =+T30+U30 -> 76236.62 | W30: 62398.95 | X30: =IF(+V30-W30<0,0,(+V30-W30)) -> 13837.67 | Y30: 72782.03 | Z30: =+X30+Y30 -> 86619.7 | AA30: 67557.57 | AB30: =IF(+Z30-AA30<0,0,(+Z30-AA30)) -> 19062.13 | AC30: 74677.2 | AD30: =+AB30+AC30 -> 93739.33 | AF30: =+AH30-B30 -> 0 | AG30: 23 | AH30: 05401 | AI30: CAPE FLATTERY | AJ30: =+AL30-B30 -> 0 | AL30: 05401 | AM30: 67557.57 | AN30: 05401 | AO30: 74677.2 | AQ30: =+AS30-B30 -> 0 | AS30: 05401 | AT30: Cape Flattery School District | AU30: 58631.91 | AV30: 877.22 | AW30: 0 | AX30: 0 | AY30: 9277.29 | AZ30: 3498.09 | BA30: 2181.48 | BB30: 0 | BC30: 211.21 | BD30: 0 | BF30: =SUM(AU30:BE30) -> 74677.2 | BI30: =TEXT(AS30, "00000") -> 05401 | BJ30: =BF30 -> 74677.2 | BK30: =+BI30-B30 -> 0
A31: 24 | B31: 27019 | C31: CARBONADO | D31: 691.29 | E31: 12579.12 | F31: =+D31+E31 -> 13270.41 | G31: 10305.56 | H31: 2964.85 | I31: 19477.9 | J31: =+H31+I31 -> 22442.75 | K31: 16475.5 | L31: 5967.25 | M31: 19107.19 | N31: =+L31+M31 -> 25074.44 | O31: 8645.23 | P31: 16429.21 | Q31: 19939.68 | R31: =+P31+Q31 -> 36368.89 | S31: 30454.64 | T31: 5914.25 | U31: 20166.72 | V31: =+T31+U31 -> 26080.97 | W31: 17038.1 | X31: =IF(+V31-W31<0,0,(+V31-W31)) -> 9042.87 | Y31: 20844.35 | Z31: =+X31+Y31 -> 29887.22 | AA31: 19854.19 | AB31: =IF(+Z31-AA31<0,0,(+Z31-AA31)) -> 10033.03 | AC31: 19189.24 | AD31: =+AB31+AC31 -> 29222.27 | AF31: =+AH31-B31 -> 0 | AG31: 24 | AH31: 27019 | AI31: CARBONADO | AJ31: =+AL31-B31 -> 0 | AL31: 27019 | AM31: 19854.19 | AN31: 27019 | AO31: 19189.24 | AQ31: =+AS31-B31 -> 0 | AS31: 27019 | AT31: Carbonado School District | AU31: 15642.45 | AV31: 0 | AW31: 0 | AX31: 0 | AY31: 2834.28 | AZ31: 632.43 | BA31: 0 | BB31: 0 | BC31: 80.08 | BD31: 0 | BF31: =SUM(AU31:BE31) -> 19189.24 | BI31: =TEXT(AS31, "00000") -> 27019 | BJ31: =BF31 -> 19189.24 | BK31: =+BI31-B31 -> 0
A32: 25 | B32: 04228 | C32: CASCADE | D32: 37553.34 | E32: 75844.11 | F32: =+D32+E32 -> 113397.45 | G32: 82437.24 | H32: 30960.21 | I32: 101436.2 | J32: =+H32+I32 -> 132396.41 | K32: 142531.88 | L32: 0 | M32: 107613.41 | N32: =+L32+M32 -> 107613.41 | O32: 146752.42 | P32: 0 | Q32: 117640.42 | R32: =+P32+Q32 -> 117640.42 | S32: 169507.04 | T32: 0 | U32: 118727.24 | V32: =+T32+U32 -> 118727.24 | W32: 171040.47 | X32: =IF(+V32-W32<0,0,(+V32-W32)) -> 0 | Y32: 113589.53 | Z32: =+X32+Y32 -> 113589.53 | AA32: 113590 | AB32: =IF(+Z32-AA32<0,0,(+Z32-AA32)) -> 0 | AC32: 112718.91 | AD32: =+AB32+AC32 -> 112718.91 | AF32: =+AH32-B32 -> 0 | AG32: 25 | AH32: 04228 | AI32: CASCADE | AJ32: =+AL32-B32 -> 0 | AL32: 04228 | AM32: 113590 | AN32: 04228 | AO32: 112718.91 | AQ32: =+AS32-B32 -> 0 | AS32: 04228 | AT32: Cascade School District | AU32: 85592.94 | AV32: 11027.68 | AW32: 4803.89 | AX32: 0 | AY32: 0 | AZ32: 5394.37 | BA32: 0 | BB32: 3453.38 | BC32: 527.25 | BD32: 1919.4 | BF32: =SUM(AU32:BE32) -> 112718.91 | BI32: =TEXT(AS32, "00000") -> 04228 | BJ32: =BF32 -> 112718.91 | BK32: =+BI32-B32 -> 0
A33: 26 | B33: 04222 | C33: CASHMERE | D33: 0 | E33: 101689.51 | F33: =+D33+E33 -> 101689.51 | G33: 100717.38 | H33: 972.13 | I33: 151027.12 | J33: =+H33+I33 -> 151999.25 | K33: 161485.47 | L33: 0 | M33: 148797.45 | N33: =+L33+M33 -> 148797.45 | O33: 168177.52 | P33: 0 | Q33: 164617.56 | R33: =+P33+Q33 -> 164617.56 | S33: 186221.86 | T33: 0 | U33: 168603.78 | V33: =+T33+U33 -> 168603.78 | W33: 188131.16 | X33: =IF(+V33-W33<0,0,(+V33-W33)) -> 0 | Y33: 180199.68 | Z33: =+X33+Y33 -> 180199.68 | AA33: 190664.45 | AB33: =IF(+Z33-AA33<0,0,(+Z33-AA33)) -> 0 | AC33: 169157.08 | AD33: =+AB33+AC33 -> 169157.08 | AF33: =+AH33-B33 -> 0 | AG33: 26 | AH33: 04222 | AI33: CASHMERE | AJ33: =+AL33-B33 -> 0 | AL33: 04222 | AM33: 190664.45 | AN33: 04222 | AO33: 169157.08 | AQ33: =+AS33-B33 -> 0 | AS33: 04222 | AT33: CASHMERE SCHOOL DISTRICT | AU33: 124747.41 | AV33: 12467.68 | AW33: 4183.15 | AX33: 0 | AY33: 14665.83 | AZ33: 7623.96 | BA33: 0 | BB33: 4741.12 | BC33: 727.93 | BD33: 0 | BF33: =SUM(AU33:BE33) -> 169157.08 | BI33: =TEXT(AS33, "00000") -> 04222 | BJ33: =BF33 -> 169157.08 | BK33: =+BI33-B33 -> 0
A34: 27 | B34: 08401 | C34: CASTLE ROCK | D34: 10674.57 | E34: 90980.56 | F34: =+D34+E34 -> 101655.13 | G34: 68954.28 | H34: 32700.85 | I34: 127613.24 | J34: =+H34+I34 -> 160314.09 | K34: 128308.57 | L34: 32005.52 | M34: 127784.99 | N34: =+L34+M34 -> 159790.51 | O34: 171969.28 | P34: 0 | Q34: 146105.33 | R34: =+P34+Q34 -> 146105.33 | S34: 142129.69 | T34: 3975.64 | U34: 148116.64 | V34: =+T34+U34 -> 152092.28 | W34: 153917.43 | X34: =IF(+V34-W34<0,0,(+V34-W34)) -> 0 | Y34: 160403.02 | Z34: =+X34+Y34 -> 160403.02 | AA34: 151294.26 | AB34: =IF(+Z34-AA34<0,0,(+Z34-AA34)) -> 9108.76 | AC34: 154477.84 | AD34: =+AB34+AC34 -> 163586.6 | AF34: =+AH34-B34 -> 0 | AG34: 27 | AH34: 08401 | AI34: CASTLE ROCK | AJ34: =+AL34-B34 -> 0 | AL34: 08401 | AM34: 151294.26 | AN34: 08401 | AO34: 154477.84 | AQ34: =+AS34-B34 -> 0 | AS34: 08401 | AT34: Castle Rock School District | AU34: 107756.24 | AV34: 7956.65 | AW34: 565.8 | AX34: 0 | AY34: 25170.37 | AZ34: 7253.63 | BA34: 4529.47 | BB34: 632.09 | BC34: 613.59 | BD34: 0 | BF34: =SUM(AU34:BE34) -> 154477.84 | BI34: =TEXT(AS34, "00000") -> 08401 | BJ34: =BF34 -> 154477.84 | BK34: =+BI34-B34 -> 0
A35: 28 | B35: 18901 | C35: CATALYST | F35: =+D35+E35 -> 0 | H35: 0 | I35: 20871.8 | J35: =+H35+I35 -> 20871.8 | K35: 16368.93 | L35: 4502.87 | M35: 34659 | N35: =+L35+M35 -> 39161.87 | O35: 30702.32 | P35: 8459.55 | Q35: 55331.33 | R35: =+P35+Q35 -> 63790.88 | S35: 36244.58 | T35: 27546.3 | U35: 60312.58 | V35: =+T35+U35 -> 87858.88 | W35: 39637.99 | X35: =IF(+V35-W35<0,0,(+V35-W35)) -> 48220.89 | Y35: 81897.69 | Z35: =+X35+Y35 -> 130118.58 | AA35: 79408.83 | AB35: =IF(+Z35-AA35<0,0,(+Z35-AA35)) -> 50709.75 | AC35: 81595.09 | AD35: =+AB35+AC35 -> 132304.84 | AF35: =+AH35-B35 -> 0 | AG35: 28 | AH35: 18901 | AI35: CATALYST | AJ35: =+AL35-B35 -> 0 | AL35: 18901 | AM35: 79408.83 | AN35: 18901 | AO35: 81595.09 | AQ35: =+AS35-B35 -> 0 | AS35: 18901 | AT35: Catalyst Public Schools | AU35: 67835.82 | AV35: 0 | AW35: 0 | AX35: 0 | AY35: 10324.64 | AZ35: 2990.75 | BA35: 0 | BB35: 172.82 | BC35: 271.06 | BD35: 0 | BF35: =SUM(AU35:BE35) -> 81595.09 | BI35: =TEXT(AS35, "00000") -> 18901 | BJ35: =BF35 -> 81595.09 | BK35: =+BI35-B35 -> 0
A36: 29 | B36: 20215 | C36: CENTERVILLE | D36: 0 | E36: 5277.86 | F36: =+D36+E36 -> 5277.86 | G36: 4978.64 | H36: 299.22 | I36: 8200.22 | J36: =+H36+I36 -> 8499.44 | K36: 4430.52 | L36: 4068.92 | M36: 8289.36 | N36: =+L36+M36 -> 12358.28 | O36: 7173.55 | P36: 5184.73 | Q36: 9609.71 | R36: =+P36+Q36 -> 14794.44 | S36: 7932.37 | T36: 6862.07 | U36: 9326.76 | V36: =+T36+U36 -> 16188.83 | W36: 8254.25 | X36: =IF(+V36-W36<0,0,(+V36-W36)) -> 7934.58 | Y36: 9755.65 | Z36: =+X36+Y36 -> 17690.23 | AA36: 7531.36 | AB36: =IF(+Z36-AA36<0,0,(+Z36-AA36)) -> 10158.87 | AC36: 10098.04 | AD36: =+AB36+AC36 -> 20256.91 | AF36: =+AH36-B36 -> 0 | AG36: 29 | AH36: 20215 | AI36: CENTERVILLE | AJ36: =+AL36-B36 -> 0 | AL36: 20215 | AM36: 7531.36 | AN36: 20215 | AO36: 10098.04 | AQ36: =+AS36-B36 -> 0 | AS36: 20215 | AT36: Centerville School District | AU36: 9723.42 | AV36: 0 | AW36: 0 | AX36: 0 | AY36: 0 | AZ36: 333 | BA36: 0 | BB36: 0 | BC36: 41.62 | BD36: 0 | BF36: =SUM(AU36:BE36) -> 10098.04 | BI36: =TEXT(AS36, "00000") -> 20215 | BJ36: =BF36 -> 10098.04 | BK36: =+BI36-B36 -> 0
A37: 30 | B37: 18401 | C37: CENTRAL KITSAP | D37: 98218.45 | E37: 827753.23 | F37: =+D37+E37 -> 925971.68 | G37: 653734.68 | H37: 272237 | I37: 1097864.2 | J37: =+H37+I37 -> 1370101.2 | K37: 1992802.2 | L37: 0 | M37: 1134961 | N37: =+L37+M37 -> 1134961 | O37: 1134961 | P37: 0 | Q37: 1229228.1 | R37: =+P37+Q37 -> 1229228.1 | S37: 1229316.3 | T37: 0 | U37: 1304418.2 | V37: =+T37+U37 -> 1304418.2 | W37: 1304418.7 | X37: =IF(+V37-W37<0,0,(+V37-W37)) -> 0 | Y37: 1387981.5 | Z37: =+X37+Y37 -> 1387981.5 | AA37: 1387643.2 | AB37: =IF(+Z37-AA37<0,0,(+Z37-AA37)) -> 338.31 | AC37: 1347084.5 | AD37: =+AB37+AC37 -> 1347422.8 | AF37: =+AH37-B37 -> 0 | AG37: 30 | AH37: 18401 | AI37: CENTRAL KITSAP | AJ37: =+AL37-B37 -> 0 | AL37: 18401 | AM37: 1387643.2 | AN37: 18401 | AO37: 1347084.5 | AQ37: =+AS37-B37 -> 0 | AS37: 18401 | AT37: Central Kitsap School District | AU37: 997951.57 | AV37: 67855.74 | AW37: 12293.29 | AX37: 0 | AY37: 180538.44 | AZ37: 51437.72 | BA37: 9389.25 | BB37: 15108.94 | BC37: 5875.8 | BD37: 6633.78 | BF37: =SUM(AU37:BE37) -> 1347084.5 | BI37: =TEXT(AS37, "00000") -> 18401 | BJ37: =BF37 -> 1347084.5 | BK37: =+BI37-B37 -> 0
A38: 31 | B38: 32356 | C38: CENTRAL VALLEY | D38: 0 | E38: 876722.46 | F38: =+D38+E38 -> 876722.46 | G38: 1072817.8 | H38: 0 | I38: 1236070.1 | J38: =+H38+I38 -> 1236070.1 | K38: 1101982 | L38: 134088.14 | M38: 1266040.7 | N38: =+L38+M38 -> 1400128.8 | O38: 1032709 | P38: 367419.86 | Q38: 1387423.1 | R38: =+P38+Q38 -> 1754843 | S38: 1243762.2 | T38: 511080.76 | U38: 1504449.7 | V38: =+T38+U38 -> 2015530.5 | W38: 1056773 | X38: =IF(+V38-W38<0,0,(+V38-W38)) -> 958757.44 | Y38: 1616854.9 | Z38: =+X38+Y38 -> 2575612.3 | AA38: 1148563.2 | AB38: =IF(+Z38-AA38<0,0,(+Z38-AA38)) -> 1427049.1 | AC38: 1591229.1 | AD38: =+AB38+AC38 -> 3018278.2 | AF38: =+AH38-B38 -> 0 | AG38: 31 | AH38: 32356 | AI38: CENTRAL VALLEY | AJ38: =+AL38-B38 -> 0 | AL38: 32356 | AM38: 1148563.2 | AN38: 32356 | AO38: 1591229.1 | AQ38: =+AS38-B38 -> 0 | AS38: 32356 | AT38: Central Valley School District | AU38: 1113818.5 | AV38: 65522.7 | AW38: 41478.79 | AX38: 6722.86 | AY38: 248684 | AZ38: 64454.87 | BA38: 20681.67 | BB38: 23272.7 | BC38: 6592.99 | BD38: 0 | BF38: =SUM(AU38:BE38) -> 1591229.1 | BI38: =TEXT(AS38, "00000") -> 32356 | BJ38: =BF38 -> 1591229.1 | BK38: =+BI38-B38 -> 0
A39: 32 | B39: 21401 | C39: CENTRALIA | D39: 2863.33 | E39: 224913.62 | F39: =+D39+E39 -> 227776.95 | G39: 230166.2 | H39: 0 | I39: 331220.31 | J39: =+H39+I39 -> 331220.31 | K39: 319231.04 | L39: 11989.27 | M39: 338708.95 | N39: =+L39+M39 -> 350698.22 | O39: 322226.95 | P39: 28471.27 | Q39: 372653.76 | R39: =+P39+Q39 -> 401125.03 | S39: 368899.55 | T39: 32225.48 | U39: 374786.54 | V39: =+T39+U39 -> 407012.02 | W39: 139132.18 | X39: =IF(+V39-W39<0,0,(+V39-W39)) -> 267879.84 | Y39: 382042.49 | Z39: =+X39+Y39 -> 649922.33 | AA39: 398046.88 | AB39: =IF(+Z39-AA39<0,0,(+Z39-AA39)) -> 251875.45 | AC39: 371119.77 | AD39: =+AB39+AC39 -> 622995.22 | AF39: =+AH39-B39 -> 0 | AG39: 32 | AH39: 21401 | AI39: CENTRALIA | AJ39: =+AL39-B39 -> 0 | AL39: 21401 | AM39: 398046.88 | AN39: 21401 | AO39: 371119.77 | AQ39: =+AS39-B39 -> 0 | AS39: 21401 | AT39: Centralia School District | AU39: 236399.25 | AV39: 25854.1 | AW39: 9410.46 | AX39: 0 | AY39: 46503.62 | AZ39: 23302.61 | BA39: 14852.62 | BB39: 13355.64 | BC39: 1441.47 | BD39: 0 | BF39: =SUM(AU39:BE39) -> 371119.77 | BI39: =TEXT(AS39, "00000") -> 21401 | BJ39: =BF39 -> 371119.77 | BK39: =+BI39-B39 -> 0
A40: 33 | B40: 21302 | C40: CHEHALIS | D40: 0 | E40: 190269.51 | F40: =+D40+E40 -> 190269.51 | G40: 196864.37 | H40: 0 | I40: 275721.3 | J40: =+H40+I40 -> 275721.3 | K40: 292409.84 | L40: 0 | M40: 271014.66 | N40: =+L40+M40 -> 271014.66 | O40: 286190.07 | P40: 0 | Q40: 287566.2 | R40: =+P40+Q40 -> 287566.2 | S40: 317721.88 | T40: 0 | U40: 305620.04 | V40: =+T40+U40 -> 305620.04 | W40: 330834.36 | X40: =IF(+V40-W40<0,0,(+V40-W40)) -> 0 | Y40: 326847.24 | Z40: =+X40+Y40 -> 326847.24 | AA40: 353828.38 | AB40: =IF(+Z40-AA40<0,0,(+Z40-AA40)) -> 0 | AC40: 321247.73 | AD40: =+AB40+AC40 -> 321247.73 | AF40: =+AH40-B40 -> 0 | AG40: 33 | AH40: 21302 | AI40: CHEHALIS | AJ40: =+AL40-B40 -> 0 | AL40: 21302 | AM40: 353828.38 | AN40: 21302 | AO40: 321247.73 | AQ40: =+AS40-B40 -> 0 | AS40: 21302 | AT40: Chehalis School District | AU40: 230302.68 | AV40: 20171.81 | AW40: 0 | AX40: 0 | AY40: 41920.88 | AZ40: 16200.29 | BA40: 7737.79 | BB40: 3581.89 | BC40: 1332.39 | BD40: 0 | BF40: =SUM(AU40:BE40) -> 321247.73 | BI40: =TEXT(AS40, "00000") -> 21302 | BJ40: =BF40 -> 321247.73 | BK40: =+BI40-B40 -> 0
A41: 34 | B41: 32360 | C41: CHENEY | D41: 31461.71 | E41: 312671.68 | F41: =+D41+E41 -> 344133.39 | G41: 324839.05 | H41: 19294.34 | I41: 438704.27 | J41: =+H41+I41 -> 457998.61 | K41: 478598.86 | L41: 0 | M41: 463817.03 | N41: =+L41+M41 -> 463817.03 | O41: 503099.9 | P41: 0 | Q41: 516782.13 | R41: =+P41+Q41 -> 516782.13 | S41: 504559.11 | T41: 12223.02 | U41: 553524.99 | V41: =+T41+U41 -> 565748.01 | W41: 530558.25 | X41: =IF(+V41-W41<0,0,(+V41-W41)) -> 35189.76 | Y41: 586686.82 | Z41: =+X41+Y41 -> 621876.58 | AA41: 573289.75 | AB41: =IF(+Z41-AA41<0,0,(+Z41-AA41)) -> 48586.83 | AC41: 589820.96 | AD41: =+AB41+AC41 -> 638407.79 | AF41: =+AH41-B41 -> 0 | AG41: 34 | AH41: 32360 | AI41: CHENEY | AJ41: =+AL41-B41 -> 0 | AL41: 32360 | AM41: 573289.75 | AN41: 32360 | AO41: 589820.96 | AQ41: =+AS41-B41 -> 0 | AS41: 32360 | AT41: Cheney School District | AU41: 412994.91 | AV41: 18347.62 | AW41: 8807.66 | AX41: 0 | AY41: 92128.83 | AZ41: 29013.02 | BA41: 12826.83 | BB41: 13280.1 | BC41: 2421.99 | BD41: 0 | BF41: =SUM(AU41:BE41) -> 589820.96 | BI41: =TEXT(AS41, "00000") -> 32360 | BJ41: =BF41 -> 589820.96 | BK41: =+BI41-B41 -> 0
A42: 35 | B42: 33036 | C42: CHEWELAH | D42: 3122.16 | E42: 42800.87 | F42: =+D42+E42 -> 45923.03 | G42: 36063.54 | H42: 9859.49 | I42: 53065.72 | J42: =+H42+I42 -> 62925.21 | K42: 44234.91 | L42: 18690.3 | M42: 60902 | N42: =+L42+M42 -> 79592.3 | O42: 56113.75 | P42: 23478.55 | Q42: 68662.82 | R42: =+P42+Q42 -> 92141.37 | S42: 92141.37 | T42: 1.4551915e-11 | U42: 74077.37 | V42: =+T42+U42 -> 74077.37 | W42: 72224.23 | X42: =IF(+V42-W42<0,0,(+V42-W42)) -> 1853.14 | Y42: 75059.41 | Z42: =+X42+Y42 -> 76912.55 | AA42: 79830.41 | AB42: =IF(+Z42-AA42<0,0,(+Z42-AA42)) -> 0 | AC42: 73030.09 | AD42: =+AB42+AC42 -> 73030.09 | AF42: =+AH42-B42 -> 0 | AG42: 35 | AH42: 33036 | AI42: CHEWELAH | AJ42: =+AL42-B42 -> 0 | AL42: 33036 | AM42: 79830.41 | AN42: 33036 | AO42: 73030.09 | AQ42: =+AS42-B42 -> 0 | AS42: 33036 | AT42: Chewelah School District | AU42: 45533.74 | AV42: 2960.04 | AW42: 880.3 | AX42: 0 | AY42: 13450.04 | AZ42: 4520.23 | BA42: 3553.59 | BB42: 63.21 | BC42: 320.67 | BD42: 1748.27 | BF42: =SUM(AU42:BE42) -> 73030.09 | BI42: =TEXT(AS42, "00000") -> 33036 | BJ42: =BF42 -> 73030.09 | BK42: =+BI42-B42 -> 0
A43: 36 | B43: 27901 | C43: CHIEF LESCHI TRIBAL | D43: 17014.51 | E43: 30316.4 | F43: =+D43+E43 -> 47330.91 | H43: 47330.91 | I43: 47271.62 | J43: =+H43+I43 -> 94602.53 | L43: 94602.53 | M43: 54922.07 | N43: =+L43+M43 -> 149524.6 | O43: 55838.08 | P43: 93686.52 | Q43: 71059.07 | R43: =+P43+Q43 -> 164745.59 | S43: 191466.22 | T43: 0 | U43: 79501.43 | V43: =+T43+U43 -> 79501.43 | X43: =IF(+V43-W43<0,0,(+V43-W43)) -> 79501.43 | Y43: 81219.46 | Z43: =+X43+Y43 -> 160720.89 | AA43: 149808.2 | AB43: =IF(+Z43-AA43<0,0,(+Z43-AA43)) -> 10912.69 | AC43: 93374.02 | AD43: =+AB43+AC43 -> 104286.71 | AF43: =+AH43-B43 -> 0 | AG43: 36 | AH43: 27901 | AI43: CHIEF LESCHI TRIBAL | AJ43: =+AL43-B43 -> 0 | AL43: 27901 | AM43: 149808.2 | AN43: 27901 | AO43: 93374.02 | AQ43: =+AS43-B43 -> 0 | AS43: 27901 | AT43: Chief Leschi Tribal Compact | AU43: 62053.78 | AV43: 4437.59 | AW43: 787.38 | AX43: 0 | AY43: 16548.4 | AZ43: 4430.69 | BA43: 3259.99 | BB43: 0 | BC43: 0 | BD43: 1856.19 | BF43: =SUM(AU43:BE43) -> 93374.02 | BI43: =TEXT(AS43, "00000") -> 27901 | BJ43: =BF43 -> 93374.02 | BK43: =+BI43-B43 -> 0
A44: 37 | B44: 16049 | C44: CHIMACUM | D44: 27286.76 | E44: 56431.49 | F44: =+D44+E44 -> 83718.25 | G44: 47281.52 | H44: 36436.73 | I44: 72315.84 | J44: =+H44+I44 -> 108752.57 | K44: 65308.52 | L44: 43444.05 | M44: 68586.46 | N44: =+L44+M44 -> 112030.51 | O44: 60777.44 | P44: 51253.07 | Q44: 80244.7 | R44: =+P44+Q44 -> 131497.77 | S44: 63417.88 | T44: 68079.89 | U44: 80761.12 | V44: =+T44+U44 -> 148841.01 | W44: 78217.97 | X44: =IF(+V44-W44<0,0,(+V44-W44)) -> 70623.04 | Y44: 86877.31 | Z44: =+X44+Y44 -> 157500.35 | AA44: 82216.42 | AB44: =IF(+Z44-AA44<0,0,(+Z44-AA44)) -> 75283.93 | AC44: 79197.51 | AD44: =+AB44+AC44 -> 154481.44 | AF44: =+AH44-B44 -> 0 | AG44: 37 | AH44: 16049 | AI44: CHIMACUM | AJ44: =+AL44-B44 -> 0 | AL44: 16049 | AM44: 82216.42 | AN44: 16049 | AO44: 79197.51 | AQ44: =+AS44-B44 -> 0 | AS44: 16049 | AT44: Chimacum School District | AU44: 55416.38 | AV44: 5711.89 | AW44: 756.29 | AX44: 0 | AY44: 6338.11 | AZ44: 4023.19 | BA44: 3422.29 | BB44: 0 | BC44: 324.62 | BD44: 3204.74 | BF44: =SUM(AU44:BE44) -> 79197.51 | BI44: =TEXT(AS44, "00000") -> 16049 | BJ44: =BF44 -> 79197.51 | BK44: =+BI44-B44 -> 0
A45: 38 | B45: 02250 | C45: CLARKSTON | D45: 0 | E45: 157801.41 | F45: =+D45+E45 -> 157801.41 | G45: 175036.57 | H45: 0 | I45: 222572.67 | J45: =+H45+I45 -> 222572.67 | K45: 228187.86 | L45: 0 | M45: 214171.54 | N45: =+L45+M45 -> 214171.54 | O45: 218115.49 | P45: 0 | Q45: 239310.15 | R45: =+P45+Q45 -> 239310.15 | S45: 260073.85 | T45: 0 | U45: 237804.24 | V45: =+T45+U45 -> 237804.24 | W45: 205642.78 | X45: =IF(+V45-W45<0,0,(+V45-W45)) -> 32161.46 | Y45: 254598.64 | Z45: =+X45+Y45 -> 286760.1 | AA45: 218151.9 | AB45: =IF(+Z45-AA45<0,0,(+Z45-AA45)) -> 68608.2 | AC45: 263176.94 | AD45: =+AB45+AC45 -> 331785.14 | AF45: =+AH45-B45 -> 0 | AG45: 38 | AH45: 02250 | AI45: CLARKSTON | AJ45: =+AL45-B45 -> 0 | AL45: 02250 | AM45: 218151.9 | AN45: 02250 | AO45: 263176.94 | AQ45: =+AS45-B45 -> 0 | AS45: 02250 | AT45: Clarkston School District | AU45: 173510.74 | AV45: 11163.36 | AW45: 581.22 | AX45: 0 | AY45: 51375.28 | AZ45: 13110.51 | BA45: 5778.25 | BB45: 561.18 | BC45: 1046.81 | BD45: 6049.59 | BF45: =SUM(AU45:BE45) -> 263176.94 | BI45: =TEXT(AS45, "00000") -> 02250 | BJ45: =BF45 -> 263176.94 | BK45: =+BI45-B45 -> 0
A46: 39 | B46: 19404 | C46: CLE ELUM-ROSLYN | D46: 4361.72 | E46: 53411.73 | F46: =+D46+E46 -> 57773.45 | G46: 50143.81 | H46: 7629.64 | I46: 75910.25 | J46: =+H46+I46 -> 83539.89 | K46: 83129.38 | L46: 410.51 | M46: 78316.4 | N46: =+L46+M46 -> 78726.91 | O46: 100066.54 | P46: 0 | Q46: 88998.93 | R46: =+P46+Q46 -> 88998.93 | S46: 115988.8 | T46: 0 | U46: 93128.94 | V46: =+T46+U46 -> 93128.94 | W46: 96150.2 | X46: =IF(+V46-W46<0,0,(+V46-W46)) -> 0 | Y46: 110135.81 | Z46: =+X46+Y46 -> 110135.81 | AA46: 151188.34 | AB46: =IF(+Z46-AA46<0,0,(+Z46-AA46)) -> 0 | AC46: 112765.19 | AD46: =+AB46+AC46 -> 112765.19 | AF46: =+AH46-B46 -> 0 | AG46: 39 | AH46: 19404 | AI46: CLE ELUM-ROSLYN | AJ46: =+AL46-B46 -> 0 | AL46: 19404 | AM46: 151188.34 | AN46: 19404 | AO46: 112765.19 | AQ46: =+AS46-B46 -> 0 | AS46: 19404 | AT46: Cle Elum-Roslyn School District | AU46: 76138.48 | AV46: 8386.66 | AW46: 601.38 | AX46: 0 | AY46: 16789.3 | AZ46: 4265.23 | BA46: 0 | BB46: 563.8 | BC46: 436.32 | BD46: 5584.02 | BF46: =SUM(AU46:BE46) -> 112765.19 | BI46: =TEXT(AS46, "00000") -> 19404 | BJ46: =BF46 -> 112765.19 | BK46: =+BI46-B46 -> 0
A47: 40 | B47: 27400 | C47: CLOVER PARK | D47: 0 | E47: 891396.82 | F47: =+D47+E47 -> 891396.82 | G47: 832821.71 | H47: 58575.11 | I47: 1242519.1 | J47: =+H47+I47 -> 1301094.2 | K47: 1148138 | L47: 152956.21 | M47: 1212526.2 | N47: =+L47+M47 -> 1365482.5 | O47: 1206593.4 | P47: 158889.04 | Q47: 1341661.9 | R47: =+P47+Q47 -> 1500550.9 | S47: 1351240.7 | T47: 149310.19 | U47: 1377922.8 | V47: =+T47+U47 -> 1527233 | W47: 1391475.1 | X47: =IF(+V47-W47<0,0,(+V47-W47)) -> 135757.87 | Y47: 1485233.1 | Z47: =+X47+Y47 -> 1620990.9 | AA47: 1501029.3 | AB47: =IF(+Z47-AA47<0,0,(+Z47-AA47)) -> 119961.6 | AC47: 1482602.2 | AD47: =+AB47+AC47 -> 1602563.8 | AF47: =+AH47-B47 -> 0 | AG47: 40 | AH47: 27400 | AI47: CLOVER PARK | AJ47: =+AL47-B47 -> 0 | AL47: 27400 | AM47: 1501029.3 | AN47: 27400 | AO47: 1482602.2 | AQ47: =+AS47-B47 -> 0 | AS47: 27400 | AT47: Clover Park School District | AU47: 981446.26 | AV47: 55550.97 | AW47: 34419.28 | AX47: 0 | AY47: 220439.94 | AZ47: 84178.69 | BA47: 46804.79 | BB47: 54202.77 | BC47: 5559.51 | BD47: 0 | BF47: =SUM(AU47:BE47) -> 1482602.2 | BI47: =TEXT(AS47, "00000") -> 27400 | BJ47: =BF47 -> 1482602.2 | BK47: =+BI47-B47 -> 0
A48: 41 | B48: 38300 | C48: COLFAX | D48: 4751.7 | E48: 35094.47 | F48: =+D48+E48 -> 39846.17 | G48: 28194.46 | H48: 11651.71 | I48: 50951.29 | J48: =+H48+I48 -> 62603 | K48: 44570.45 | L48: 18032.55 | M48: 50527.44 | N48: =+L48+M48 -> 68559.99 | O48: 39006.05 | P48: 29553.94 | Q48: 58456.25 | R48: =+P48+Q48 -> 88010.19 | S48: 45593.3 | T48: 42416.89 | U48: 57217.33 | V48: =+T48+U48 -> 99634.22 | W48: 53741.5 | X48: =IF(+V48-W48<0,0,(+V48-W48)) -> 45892.72 | Y48: 62788.25 | Z48: =+X48+Y48 -> 108680.97 | AA48: 53841.82 | AB48: =IF(+Z48-AA48<0,0,(+Z48-AA48)) -> 54839.15 | AC48: 63163.02 | AD48: =+AB48+AC48 -> 118002.17 | AF48: =+AH48-B48 -> 0 | AG48: 41 | AH48: 38300 | AI48: COLFAX | AJ48: =+AL48-B48 -> 0 | AL48: 38300 | AM48: 53841.82 | AN48: 38300 | AO48: 63163.02 | AQ48: =+AS48-B48 -> 0 | AS48: 38300 | AT48: Colfax School District | AU48: 46069.19 | AV48: 3961.89 | AW48: 822.52 | AX48: 0 | AY48: 7962.71 | AZ48: 1778.13 | BA48: 0 | BB48: 0 | BC48: 237.3 | BD48: 2331.28 | BF48: =SUM(AU48:BE48) -> 63163.02 | BI48: =TEXT(AS48, "00000") -> 38300 | BJ48: =BF48 -> 63163.02 | BK48: =+BI48-B48 -> 0
A49: 42 | B49: 36250 | C49: COLLEGE PLACE | D49: 11897.2 | E49: 102199.89 | F49: =+D49+E49 -> 114097.09 | G49: 35828.61 | H49: 78268.48 | I49: 153668.64 | J49: =+H49+I49 -> 231937.12 | K49: 183718.14 | L49: 48218.98 | M49: 152422.79 | N49: =+L49+M49 -> 200641.77 | O49: 98883.98 | P49: 101757.79 | Q49: 166190.19 | R49: =+P49+Q49 -> 267947.98 | S49: 154949.22 | T49: 112998.76 | U49: 163628.17 | V49: =+T49+U49 -> 276626.93 | W49: 175487.92 | X49: =IF(+V49-W49<0,0,(+V49-W49)) -> 101139.01 | Y49: 172444.55 | Z49: =+X49+Y49 -> 273583.56 | AA49: 317505.71 | AB49: =IF(+Z49-AA49<0,0,(+Z49-AA49)) -> 0 | AC49: 184145.46 | AD49: =+AB49+AC49 -> 184145.46 | AF49: =+AH49-B49 -> 0 | AG49: 42 | AH49: 36250 | AI49: COLLEGE PLACE | AJ49: =+AL49-B49 -> 0 | AL49: 36250 | AM49: 317505.71 | AN49: 36250 | AO49: 184145.46 | AQ49: =+AS49-B49 -> 0 | AS49: 36250 | AT49: College Place School District | AU49: 115951.85 | AV49: 11701.41 | AW49: 1987.24 | AX49: 0 | AY49: 31425.9 | AZ49: 7919.64 | BA49: 6613.84 | BB49: 6165.21 | BC49: 675.26 | BD49: 1705.11 | BF49: =SUM(AU49:BE49) -> 184145.46 | BI49: =TEXT(AS49, "00000") -> 36250 | BJ49: =BF49 -> 184145.46 | BK49: =+BI49-B49 -> 0
A50: 43 | B50: 38306 | C50: COLTON | D50: 984.37 | E50: 17459 | F50: =+D50+E50 -> 18443.37 | G50: 15464.09 | H50: 2979.28 | I50: 25138.35 | J50: =+H50+I50 -> 28117.63 | K50: 23217.45 | L50: 4900.18 | M50: 25897.57 | N50: =+L50+M50 -> 30797.75 | O50: 25286.64 | P50: 5511.11 | Q50: 26364.93 | R50: =+P50+Q50 -> 31876.04 | S50: 21383.28 | T50: 10492.76 | U50: 25360.64 | V50: =+T50+U50 -> 35853.4 | W50: 21239.06 | X50: =IF(+V50-W50<0,0,(+V50-W50)) -> 14614.34 | Y50: 26497.59 | Z50: =+X50+Y50 -> 41111.93 | AA50: 22358.74 | AB50: =IF(+Z50-AA50<0,0,(+Z50-AA50)) -> 18753.19 | AC50: 30520.99 | AD50: =+AB50+AC50 -> 49274.18 | AF50: =+AH50-B50 -> 0 | AG50: 43 | AH50: 38306 | AI50: COLTON | AJ50: =+AL50-B50 -> 0 | AL50: 38306 | AM50: 22358.74 | AN50: 38306 | AO50: 30520.99 | AQ50: =+AS50-B50 -> 0 | AS50: 38306 | AT50: Colton School District | AU50: 24380.25 | AV50: 505.67 | AW50: 201.96 | AX50: 0 | AY50: 3536.84 | AZ50: 470.21 | BA50: 0 | BB50: 0 | BC50: 0 | BD50: 1426.06 | BF50: =SUM(AU50:BE50) -> 30520.99 | BI50: =TEXT(AS50, "00000") -> 38306 | BJ50: =BF50 -> 30520.99 | BK50: =+BI50-B50 -> 0
A51: 44 | B51: 33206 | C51: COLUMBIA (STEVENS) | D51: 0 | E51: 13367.11 | F51: =+D51+E51 -> 13367.11 | G51: 11624.79 | H51: 1742.32 | I51: 20196.39 | J51: =+H51+I51 -> 21938.71 | K51: 17920.85 | L51: 4017.86 | M51: 20660.95 | N51: =+L51+M51 -> 24678.81 | O51: 25886.84 | P51: 0 | Q51: 23738.09 | R51: =+P51+Q51 -> 23738.09 | S51: 24042.19 | T51: 0 | U51: 22489.99 | V51: =+T51+U51 -> 22489.99 | W51: 23856.5 | X51: =IF(+V51-W51<0,0,(+V51-W51)) -> 0 | Y51: 24051.49 | Z51: =+X51+Y51 -> 24051.49 | AA51: 27882.36 | AB51: =IF(+Z51-AA51<0,0,(+Z51-AA51)) -> 0 | AC51: 23942.59 | AD51: =+AB51+AC51 -> 23942.59 | AF51: =+AH51-B51 -> 0 | AG51: 44 | AH51: 33206 | AI51: COLUMBIA (STEVENS) | AJ51: =+AL51-B51 -> 0 | AL51: 33206 | AM51: 27882.36 | AN51: 33206 | AO51: 23942.59 | AQ51: =+AS51-B51 -> 0 | AS51: 33206 | AT51: Columbia (Stevens) School District | AU51: 19391.35 | AV51: 766.22 | AW51: 151.08 | AX51: 0 | AY51: 2244.88 | AZ51: 797.06 | BA51: 504.13 | BB51: 0 | BC51: 46.25 | BD51: 41.62 | BF51: =SUM(AU51:BE51) -> 23942.59 | BI51: =TEXT(AS51, "00000") -> 33206 | BJ51: =BF51 -> 23942.59 | BK51: =+BI51-B51 -> 0
A52: 45 | B52: 36400 | C52: COLUMBIA (WALLA WALLA) | D52: 3268.5 | E52: 52722.74 | F52: =+D52+E52 -> 55991.24 | G52: 47908.07 | H52: 8083.17 | I52: 74875.4 | J52: =+H52+I52 -> 82958.57 | K52: 73374.51 | L52: 9584.06 | M52: 78946.36 | N52: =+L52+M52 -> 88530.42 | O52: 69385.84 | P52: 19144.58 | Q52: 88935.75 | R52: =+P52+Q52 -> 108080.33 | S52: 34844.26 | T52: 73236.07 | U52: 89785.7 | V52: =+T52+U52 -> 163021.77 | W52: 146196.99 | X52: =IF(+V52-W52<0,0,(+V52-W52)) -> 16824.78 | Y52: 94260.68 | Z52: =+X52+Y52 -> 111085.46 | AA52: 137139.47 | AB52: =IF(+Z52-AA52<0,0,(+Z52-AA52)) -> 0 | AC52: 94853.99 | AD52: =+AB52+AC52 -> 94853.99 | AF52: =+AH52-B52 -> 0 | AG52: 45 | AH52: 36400 | AI52: COLUMBIA (WALLA WALLA) | AJ52: =+AL52-B52 -> 0 | AL52: 36400 | AM52: 137139.47 | AN52: 36400 | AO52: 94853.99 | AQ52: =+AS52-B52 -> 0 | AS52: 36400 | AT52: Columbia (Walla Walla) School District | AU52: 62170.08 | AV52: 5334.24 | AW52: 0 | AX52: 0 | AY52: 13970.92 | AZ52: 4276.64 | BA52: 3538.17 | BB52: 3397.88 | BC52: 340.71 | BD52: 1825.35 | BF52: =SUM(AU52:BE52) -> 94853.99 | BI52: =TEXT(AS52, "00000") -> 36400 | BJ52: =BF52 -> 94853.99 | BK52: =+BI52-B52 -> 0
A53: 46 | B53: 33115 | C53: COLVILLE | D53: 11476.13 | E53: 112449.19 | F53: =+D53+E53 -> 123925.32 | G53: 133857.33 | H53: 0 | I53: 150618.21 | J53: =+H53+I53 -> 150618.21 | K53: 152633.57 | L53: 0 | M53: 152899.47 | N53: =+L53+M53 -> 152899.47 | O53: 161166.07 | P53: 0 | Q53: 175770.7 | R53: =+P53+Q53 -> 175770.7 | S53: 185235.1 | T53: 0 | U53: 179720.37 | V53: =+T53+U53 -> 179720.37 | W53: 207026.25 | X53: =IF(+V53-W53<0,0,(+V53-W53)) -> 0 | Y53: 202147.72 | Z53: =+X53+Y53 -> 202147.72 | AA53: 229714.41 | AB53: =IF(+Z53-AA53<0,0,(+Z53-AA53)) -> 0 | AC53: 205329.62 | AD53: =+AB53+AC53 -> 205329.62 | AF53: =+AH53-B53 -> 0 | AG53: 46 | AH53: 33115 | AI53: COLVILLE | AJ53: =+AL53-B53 -> 0 | AL53: 33115 | AM53: 229714.41 | AN53: 33115 | AO53: 205329.62 | AQ53: =+AS53-B53 -> 0 | AS53: 33115 | AT53: Colville School District | AU53: 129068.46 | AV53: 9676.25 | AW53: 2243.09 | AX53: 1391.71 | AY53: 33642.38 | AZ53: 10862.73 | BA53: 8076.1 | BB53: 211.65 | BC53: 759.99 | BD53: 9397.26 | BF53: =SUM(AU53:BE53) -> 205329.62 | BI53: =TEXT(AS53, "00000") -> 33115 | BJ53: =BF53 -> 205329.62 | BK53: =+BI53-B53 -> 0
A54: 47 | B54: 29011 | C54: CONCRETE | D54: 1378.51 | E54: 40776.15 | F54: =+D54+E54 -> 42154.66 | G54: 37843.62 | H54: 4311.04 | I54: 60340.06 | J54: =+H54+I54 -> 64651.1 | K54: 58324.67 | L54: 6326.43 | M54: 61316.3 | N54: =+L54+M54 -> 67642.73 | O54: 58344.55 | P54: 9298.18 | Q54: 67374.43 | R54: =+P54+Q54 -> 76672.61 | S54: 62220.29 | T54: 14452.32 | U54: 66578.15 | V54: =+T54+U54 -> 81030.47 | W54: 98681.82 | X54: =IF(+V54-W54<0,0,(+V54-W54)) -> 0 | Y54: 70982.69 | Z54: =+X54+Y54 -> 70982.69 | AA54: 87949.17 | AB54: =IF(+Z54-AA54<0,0,(+Z54-AA54)) -> 0 | AC54: 70139.13 | AD54: =+AB54+AC54 -> 70139.13 | AF54: =+AH54-B54 -> 0 | AG54: 47 | AH54: 29011 | AI54: CONCRETE | AJ54: =+AL54-B54 -> 0 | AL54: 29011 | AM54: 87949.17 | AN54: 29011 | AO54: 70139.13 | AQ54: =+AS54-B54 -> 0 | AS54: 29011 | AT54: Concrete School District | AU54: 46375 | AV54: 2220.87 | AW54: 441.23 | AX54: 0 | AY54: 11355.74 | AZ54: 3557.62 | BA54: 2454.55 | BB54: 335.01 | BC54: 220.61 | BD54: 3178.5 | BF54: =SUM(AU54:BE54) -> 70139.13 | BI54: =TEXT(AS54, "00000") -> 29011 | BJ54: =BF54 -> 70139.13 | BK54: =+BI54-B54 -> 0
A55: 48 | B55: 29317 | C55: CONWAY | D55: 0 | E55: 31209.13 | F55: =+D55+E55 -> 31209.13 | G55: 28561.89 | H55: 2647.24 | I55: 46495.96 | J55: =+H55+I55 -> 49143.2 | K55: 53129.17 | L55: 0 | M55: 47335.9 | N55: =+L55+M55 -> 47335.9 | O55: 50661.11 | P55: 0 | Q55: 47456.54 | R55: =+P55+Q55 -> 47456.54 | S55: 46638.38 | T55: 818.16 | U55: 50003.39 | V55: =+T55+U55 -> 50821.55 | W55: 55246.14 | X55: =IF(+V55-W55<0,0,(+V55-W55)) -> 0 | Y55: 52353.02 | Z55: =+X55+Y55 -> 52353.02 | AA55: 47136.58 | AB55: =IF(+Z55-AA55<0,0,(+Z55-AA55)) -> 5216.44 | AC55: 49424.57 | AD55: =+AB55+AC55 -> 54641.01 | AF55: =+AH55-B55 -> 0 | AG55: 48 | AH55: 29317 | AI55: CONWAY | AJ55: =+AL55-B55 -> 0 | AL55: 29317 | AM55: 47136.58 | AN55: 29317 | AO55: 49424.57 | AQ55: =+AS55-B55 -> 0 | AS55: 29317 | AT55: Conway School District | AU55: 43106.57 | AV55: 0 | AW55: 0 | AX55: 0 | AY55: 4095.08 | AZ55: 1348.42 | BA55: 0 | BB55: 661.69 | BC55: 212.81 | BD55: 0 | BF55: =SUM(AU55:BE55) -> 49424.57 | BI55: =TEXT(AS55, "00000") -> 29317 | BJ55: =BF55 -> 49424.57 | BK55: =+BI55-B55 -> 0
... A61: 54 | B61: 10050 | C61: CURLEW | D61: 0 | E61: 17428.8 | F61: =+D61+E61 -> 17428.8 | G61: 6874.05 | H61: 10554.75 | I61: 25098.41 | J61: =+H61+I61 -> 35653.16 | K61: 21811.1 | L61: 13842.06 | M61: 26694.11 | N61: =+L61+M61 -> 40536.17 | O61: 20303.65 | P61: 20232.52 | Q61: 27265.76 | R61: =+P61+Q61 -> 47498.28 | S61: 20695.9 | T61: 26802.38 | U61: 27825.15 | V61: =+T61+U61 -> 54627.53 | W61: 47381.99 | X61: =IF(+V61-W61<0,0,(+V61-W61)) -> 7245.54 | Y61: 30856.16 | Z61: =+X61+Y61 -> 38101.7 | AA61: 29815.78 | AB61: =IF(+Z61-AA61<0,0,(+Z61-AA61)) -> 8285.92 | AC61: 28702.89 | AD61: =+AB61+AC61 -> 36988.81 | AF61: =+AH61-B61 -> 0 | AG61: 54 | AH61: 10050 | AI61: CURLEW | AJ61: =+AL61-B61 -> 0 | AL61: 10050 | AM61: 29815.78 | AN61: 10050 | AO61: 28702.89 | AQ61: =+AS61-B61 -> 0 | AS61: 10050 | AT61: Curlew School District | AU61: 22047.67 | AV61: 1.55 | AW61: 0 | AX61: 0 | AY61: 4210.1 | AZ61: 1464.6 | BA61: 978.97 | BB61: 0 | BC61: 0 | BD61: 0 | BF61: =SUM(AU61:BE61) -> 28702.89 | BI61: =TEXT(AS61, "00000") -> 10050 | BJ61: =BF61 -> 28702.89 | BK61: =+BI61-B61 -> 0
A62: 55 | B62: 26059 | C62: CUSICK | D62: 1933.59 | E62: 19250.04 | F62: =+D62+E62 -> 21183.63 | H62: 21183.63 | I62: 30575.23 | J62: =+H62+I62 -> 51758.86 | K62: 29071.79 | L62: 22687.07 | M62: 30735.19 | N62: =+L62+M62 -> 53422.26 | O62: 18145.96 | P62: 35276.3 | Q62: 35640.88 | R62: =+P62+Q62 -> 70917.18 | S62: 30473.93 | T62: 40443.25 | U62: 36014.23 | V62: =+T62+U62 -> 76457.48 | W62: 41646.61 | X62: =IF(+V62-W62<0,0,(+V62-W62)) -> 34810.87 | Y62: 39892.55 | Z62: =+X62+Y62 -> 74703.42 | AA62: 50094.4 | AB62: =IF(+Z62-AA62<0,0,(+Z62-AA62)) -> 24609.02 | AC62: 41885.11 | AD62: =+AB62+AC62 -> 66494.13 | AF62: =+AH62-B62 -> 0 | AG62: 55 | AH62: 26059 | AI62: CUSICK | AJ62: =+AL62-B62 -> 0 | AL62: 26059 | AM62: 50094.4 | AN62: 26059 | AO62: 41885.11 | AQ62: =+AS62-B62 -> 0 | AS62: 26059 | AT62: Cusick School District | AU62: 29765.36 | AV62: 960.47 | AW62: 266.71 | AX62: 0 | AY62: 5638.5 | AZ62: 2506.78 | BA62: 1230.27 | BB62: 0 | BC62: 171.12 | BD62: 1345.9 | BF62: =SUM(AU62:BE62) -> 41885.11 | BI62: =TEXT(AS62, "00000") -> 26059 | BJ62: =BF62 -> 41885.11 | BK62: =+BI62-B62 -> 0
A63: 56 | B63: 19007 | C63: DAMMAN | D63: 714.06 | E63: 2696 | F63: =+D63+E63 -> 3410.06 | G63: 1224.55 | H63: 2185.51 | I63: 4257.4 | J63: =+H63+I63 -> 6442.91 | K63: 995.04 | L63: 5447.87 | M63: 4308.36 | N63: =+L63+M63 -> 9756.23 | O63: 6181.76 | P63: 3574.47 | Q63: 4532.4 | R63: =+P63+Q63 -> 8106.87 | S63: 0 | T63: 8106.87 | U63: 4659.82 | V63: =+T63+U63 -> 12766.69 | W63: 5345 | X63: =IF(+V63-W63<0,0,(+V63-W63)) -> 7421.69 | Y63: 4890.8 | Z63: =+X63+Y63 -> 12312.49 | AA63: 9000 | AB63: =IF(+Z63-AA63<0,0,(+Z63-AA63)) -> 3312.49 | AC63: 5148.45 | AD63: =+AB63+AC63 -> 8460.94 | AF63: =+AH63-B63 -> 0 | AG63: 56 | AH63: 19007 | AI63: DAMMAN | AJ63: =+AL63-B63 -> 0 | AL63: 19007 | AM63: 9000 | AN63: 19007 | AO63: 5148.45 | AQ63: =+AS63-B63 -> 0 | AS63: 19007 | AT63: Damman School District | AU63: 4146.27 | AV63: 0 | AW63: 0 | AX63: 0 | AY63: 1002.18 | AZ63: 0 | BA63: 0 | BB63: 0 | BC63: 0 | BD63: 0 | BF63: =SUM(AU63:BE63) -> 5148.45 | BI63: =TEXT(AS63, "00000") -> 19007 | BJ63: =BF63 -> 5148.45 | BK63: =+BI63-B63 -> 0
A64: 57 | B64: 31330 | C64: DARRINGTON | D64: 1681.08 | E64: 32328.1 | F64: =+D64+E64 -> 34009.18 | G64: 34009.18 | H64: 0 | I64: 44003.08 | J64: =+H64+I64 -> 44003.08 | K64: 44003.08 | L64: 0 | M64: 51622.81 | N64: =+L64+M64 -> 51622.81 | O64: 51629.02 | P64: 0 | Q64: 56322.14 | R64: =+P64+Q64 -> 56322.14 | S64: 56415.94 | T64: 0 | U64: 59786.33 | V64: =+T64+U64 -> 59786.33 | W64: 59854.81 | X64: =IF(+V64-W64<0,0,(+V64-W64)) -> 0 | Y64: 63788.88 | Z64: =+X64+Y64 -> 63788.88 | AA64: 64099.29 | AB64: =IF(+Z64-AA64<0,0,(+Z64-AA64)) -> 0 | AC64: 66866.02 | AD64: =+AB64+AC64 -> 66866.02 | AF64: =+AH64-B64 -> 0 | AG64: 57 | AH64: 31330 | AI64: DARRINGTON | AJ64: =+AL64-B64 -> 0 | AL64: 31330 | AM64: 64099.29 | AN64: 31330 | AO64: 66866.02 | AQ64: =+AS64-B64 -> 0 | AS64: 31330 | AT64: Darrington School District | AU64: 47905.28 | AV64: 1105.08 | AW64: 0 | AX64: 0 | AY64: 12183.5 | AZ64: 2508.88 | BA64: 1607.54 | BB64: 0 | BC64: 205.47 | BD64: 1350.27 | BF64: =SUM(AU64:BE64) -> 66866.02 | BI64: =TEXT(AS64, "00000") -> 31330 | BJ64: =BF64 -> 66866.02 | BK64: =+BI64-B64 -> 0
A65: 58 | B65: 22207 | C65: DAVENPORT | D65: 10465.56 | E65: 37829.23 | F65: =+D65+E65 -> 48294.79 | G65: 43495.43 | H65: 4799.36 | I65: 54391.88 | J65: =+H65+I65 -> 59191.24 | K65: 57861.09 | L65: 1330.15 | M65: 56741.56 | N65: =+L65+M65 -> 58071.71 | O65: 39869 | P65: 18202.71 | Q65: 62881.27 | R65: =+P65+Q65 -> 81083.98 | S65: 74365.19 | T65: 6718.79 | U65: 65729.92 | V65: =+T65+U65 -> 72448.71 | W65: 90015.47 | X65: =IF(+V65-W65<0,0,(+V65-W65)) -> 0 | Y65: 76519.52 | Z65: =+X65+Y65 -> 76519.52 | AA65: 100184.37 | AB65: =IF(+Z65-AA65<0,0,(+Z65-AA65)) -> 0 | AC65: 78793.02 | AD65: =+AB65+AC65 -> 78793.02 | AF65: =+AH65-B65 -> 0 | AG65: 58 | AH65: 22207 | AI65: DAVENPORT | AJ65: =+AL65-B65 -> 0 | AL65: 22207 | AM65: 100184.37 | AN65: 22207 | AO65: 78793.02 | AQ65: =+AS65-B65 -> 0 | AS65: 22207 | AT65: Davenport School District | AU65: 53026.33 | AV65: 4444.68 | AW65: 1239.52 | AX65: 0 | AY65: 11022 | AZ65: 3663.04 | BA65: 3021.71 | BB65: 0 | BC65: 294.46 | BD65: 2081.28 | BF65: =SUM(AU65:BE65) -> 78793.02 | BI65: =TEXT(AS65, "00000") -> 22207 | BJ65: =BF65 -> 78793.02 | BK65: =+BI65-B65 -> 0
A66: 59 | B66: 07002 | C66: DAYTON | D66: 0 | E66: 25597.33 | F66: =+D66+E66 -> 25597.33 | G66: 24649.9 | H66: 947.43 | I66: 38396.99 | J66: =+H66+I66 -> 39344.42 | K66: 25165.27 | L66: 14179.15 | M66: 38147.25 | N66: =+L66+M66 -> 52326.4 | O66: 36733.4 | P66: 15593 | Q66: 39625.21 | R66: =+P66+Q66 -> 55218.21 | S66: 38333.2 | T66: 16885.01 | U66: 40961.96 | V66: =+T66+U66 -> 57846.97 | W66: 51409.46 | X66: =IF(+V66-W66<0,0,(+V66-W66)) -> 6437.51 | Y66: 43088.84 | Z66: =+X66+Y66 -> 49526.35 | AA66: 52464.28 | AB66: =IF(+Z66-AA66<0,0,(+Z66-AA66)) -> 0 | AC66: 42203.5 | AD66: =+AB66+AC66 -> 42203.5 | AF66: =+AH66-B66 -> 0 | AG66: 59 | AH66: 07002 | AI66: DAYTON | AJ66: =+AL66-B66 -> 0 | AL66: 07002 | AM66: 52464.28 | AN66: 07002 | AO66: 42203.5 | AQ66: =+AS66-B66 -> 0 | AS66: 07002 | AT66: Dayton School District | AU66: 35289.84 | AV66: 2138.88 | AW66: 1090.29 | AX66: 0 | AY66: 0 | AZ66: 1919.21 | BA66: 1592.13 | BB66: 22.44 | BC66: 150.71 | BD66: 0 | BF66: =SUM(AU66:BE66) -> 42203.5 | BI66: =TEXT(AS66, "00000") -> 07002 | BJ66: =BF66 -> 42203.5 | BK66: =+BI66-B66 -> 0
A67: 60 | B67: 32414 | C67: DEER PARK | D67: 18066.01 | E67: 129530.28 | F67: =+D67+E67 -> 147596.29 | G67: 92465.66 | H67: 55130.63 | I67: 178818.81 | J67: =+H67+I67 -> 233949.44 | K67: 216407.81 | L67: 17541.63 | M67: 182098.92 | N67: =+L67+M67 -> 199640.55 | O67: 133753.06 | P67: 65887.49 | Q67: 207463.96 | R67: =+P67+Q67 -> 273351.45 | S67: 161374.03 | T67: 111977.42 | U67: 214801.3 | V67: =+T67+U67 -> 326778.72 | W67: 163144.35 | X67: =IF(+V67-W67<0,0,(+V67-W67)) -> 163634.37 | Y67: 227686.83 | Z67: =+X67+Y67 -> 391321.2 | AA67: 261383.19 | AB67: =IF(+Z67-AA67<0,0,(+Z67-AA67)) -> 129938.01 | AC67: 229413.88 | AD67: =+AB67+AC67 -> 359351.89 | AF67: =+AH67-B67 -> 0 | AG67: 60 | AH67: 32414 | AI67: DEER PARK | AJ67: =+AL67-B67 -> 0 | AL67: 32414 | AM67: 261383.19 | AN67: 32414 | AO67: 229413.88 | AQ67: =+AS67-B67 -> 0 | AS67: 32414 | AT67: Deer Park School District | AU67: 158013.7 | AV67: 8473.11 | AW67: 0 | AX67: 0 | AY67: 40979.62 | AZ67: 13400.34 | BA67: 6658.55 | BB67: 724.59 | BC67: 1163.97 | BD67: 0 | BF67: =SUM(AU67:BE67) -> 229413.88 | BI67: =TEXT(AS67, "00000") -> 32414 | BJ67: =BF67 -> 229413.88 | BK67: =+BI67-B67 -> 0
A68: 61 | B68: 27343 | C68: DIERINGER | D68: 50242.57 | E68: 108904.68 | F68: =+D68+E68 -> 159147.25 | G68: 108964.28 | H68: 50182.97 | I68: 143940.99 | J68: =+H68+I68 -> 194123.96 | K68: 139972.45 | L68: 54151.51 | M68: 146618.52 | N68: =+L68+M68 -> 200770.03 | O68: 157425.61 | P68: 43344.42 | Q68: 164257.55 | R68: =+P68+Q68 -> 207601.97 | S68: 207601.97 | T68: 0 | U68: 168551.7 | V68: =+T68+U68 -> 168551.7 | W68: 225008.47 | X68: =IF(+V68-W68<0,0,(+V68-W68)) -> 0 | Y68: 182130.29 | Z68: =+X68+Y68 -> 182130.29 | AA68: 211025.47 | AB68: =IF(+Z68-AA68<0,0,(+Z68-AA68)) -> 0 | AC68: 181862.93 | AD68: =+AB68+AC68 -> 181862.93 | AF68: =+AH68-B68 -> 0 | AG68: 61 | AH68: 27343 | AI68: DIERINGER | AJ68: =+AL68-B68 -> 0 | AL68: 27343 | AM68: 211025.47 | AN68: 27343 | AO68: 181862.93 | AQ68: =+AS68-B68 -> 0 | AS68: 27343 | AT68: Dieringer School District | AU68: 140518.39 | AV68: 0 | AW68: 8766.52 | AX68: 0 | AY68: 22303.92 | AZ68: 3625 | BA68: 0 | BB68: 3549.89 | BC68: 724.28 | BD68: 2374.93 | BF68: =SUM(AU68:BE68) -> 181862.93 | BI68: =TEXT(AS68, "00000") -> 27343 | BJ68: =BF68 -> 181862.93 | BK68: =+BI68-B68 -> 0
A69: 62 | B69: 36101 | C69: DIXIE | D69: 68.22 | E69: 2121.89 | F69: =+D69+E69 -> 2190.11 | G69: 2000.82 | H69: 189.29 | I69: 4013.98 | J69: =+H69+I69 -> 4203.27 | K69: 3836.08 | L69: 367.19 | M69: 3704.07 | N69: =+L69+M69 -> 4071.26 | O69: 3332.4 | P69: 738.86 | Q69: 3682.1 | R69: =+P69+Q69 -> 4420.96 | S69: 0 | T69: 4420.96 | U69: 3871.34 | V69: =+T69+U69 -> 8292.3 | X69: =IF(+V69-W69<0,0,(+V69-W69)) -> 8292.3 | Y69: 3710.07 | Z69: =+X69+Y69 -> 12002.37 | AB69: =IF(+Z69-AA69<0,0,(+Z69-AA69)) -> 12002.37 | AC69: 3756.67 | AD69: =+AB69+AC69 -> 15759.04 | AF69: =+AH69-B69 -> 0 | AG69: 62 | AH69: 36101 | AI69: DIXIE | AJ69: =+AL69-B69 -> 0 | AL69: 36101 | AN69: 36101 | AO69: 3756.67 | AQ69: =+AS69-B69 -> 0 | AS69: 36101 | AT69: Dixie School District | AU69: 3543.42 | AV69: 0 | AW69: 0 | AX69: 0 | AY69: 0 | AZ69: 145.91 | BA69: 67.34 | BB69: 0 | BC69: 0 | BD69: 0 | BF69: =SUM(AU69:BE69) -> 3756.67 | BI69: =TEXT(AS69, "00000") -> 36101 | BJ69: =BF69 -> 3756.67 | BK69: =+BI69-B69 -> 0
A70: 63 | B70: 32361 | C70: EAST VALLEY (SPOKANE) | D70: 18394.21 | E70: 249792.84 | F70: =+D70+E70 -> 268187.05 | G70: 266703.16 | H70: 1483.89 | I70: 315777.56 | J70: =+H70+I70 -> 317261.45 | K70: 316914.93 | L70: 346.52 | M70: 324479.31 | N70: =+L70+M70 -> 324825.83 | O70: 418581.7 | P70: 0 | Q70: 354027.85 | R70: =+P70+Q70 -> 354027.85 | S70: 426458.02 | T70: 0 | U70: 371879.84 | V70: =+T70+U70 -> 371879.84 | W70: 393644.99 | X70: =IF(+V70-W70<0,0,(+V70-W70)) -> 0 | Y70: 390000.44 | Z70: =+X70+Y70 -> 390000.44 | AA70: 442219.34 | AB70: =IF(+Z70-AA70<0,0,(+Z70-AA70)) -> 0 | AC70: 383056.95 | AD70: =+AB70+AC70 -> 383056.95 | AF70: =+AH70-B70 -> 0 | AG70: 63 | AH70: 32361 | AI70: EAST VALLEY (SPOKANE) | AJ70: =+AL70-B70 -> 0 | AL70: 32361 | AM70: 442219.34 | AN70: 32361 | AO70: 383056.95 | AQ70: =+AS70-B70 -> 0 | AS70: 32361 | AT70: East Valley School District (Spokane) | AU70: 261452.66 | AV70: 17372.35 | AW70: 2416.26 | AX70: 0 | AY70: 62607.25 | AZ70: 19020.6 | BA70: 13121.85 | BB70: 5529.97 | BC70: 1536.01 | BD70: 0 | BF70: =SUM(AU70:BE70) -> 383056.95 | BI70: =TEXT(AS70, "00000") -> 32361 | BJ70: =BF70 -> 383056.95 | BK70: =+BI70-B70 -> 0
A71: 64 | B71: 39090 | C71: EAST VALLEY (YAKIMA) | D71: 0 | E71: 209237.51 | F71: =+D71+E71 -> 209237.51 | G71: 179658.9 | H71: 29578.61 | I71: 299349.55 | J71: =+H71+I71 -> 328928.16 | K71: 299198.38 | L71: 29729.78 | M71: 315312.1 | N71: =+L71+M71 -> 345041.88 | O71: 296746.21 | P71: 48295.67 | Q71: 345469.72 | R71: =+P71+Q71 -> 393765.39 | S71: 277286.02 | T71: 116479.37 | U71: 354039.73 | V71: =+T71+U71 -> 470519.1 | W71: 390727.62 | X71: =IF(+V71-W71<0,0,(+V71-W71)) -> 79791.48 | Y71: 378955.55 | Z71: =+X71+Y71 -> 458747.03 | AA71: 440043.1 | AB71: =IF(+Z71-AA71<0,0,(+Z71-AA71)) -> 18703.93 | AC71: 380801.6 | AD71: =+AB71+AC71 -> 399505.53 | AF71: =+AH71-B71 -> 0 | AG71: 64 | AH71: 39090 | AI71: EAST VALLEY (YAKIMA) | AJ71: =+AL71-B71 -> 0 | AL71: 39090 | AM71: 440043.1 | AN71: 39090 | AO71: 380801.6 | AQ71: =+AS71-B71 -> 0 | AS71: 39090 | AT71: East Valley School District (Yakima) | AU71: 242240.71 | AV71: 21753.21 | AW71: 9687.96 | AX71: 0 | AY71: 47877.32 | AZ71: 20046.55 | BA71: 15190.24 | BB71: 11499.44 | BC71: 1433.77 | BD71: 11072.4 | BF71: =SUM(AU71:BE71) -> 380801.6 | BI71: =TEXT(AS71, "00000") -> 39090 | BJ71: =BF71 -> 380801.6 | BK71: =+BI71-B71 -> 0
A72: 65 | B72: 09206 | C72: EASTMONT | D72: 5391.59 | E72: 387248.47 | F72: =+D72+E72 -> 392640.06 | G72: 497864.82 | H72: 0 | I72: 533307.26 | J72: =+H72+I72 -> 533307.26 | K72: 572063.48 | L72: 0 | M72: 544146.74 | N72: =+L72+M72 -> 544146.74 | O72: 555141.58 | P72: 0 | Q72: 591453.9 | R72: =+P72+Q72 -> 591453.9 | S72: 611458.42 | T72: 0 | U72: 622533.87 | V72: =+T72+U72 -> 622533.87 | W72: 673366.95 | X72: =IF(+V72-W72<0,0,(+V72-W72)) -> 0 | Y72: 660542.5 | Z72: =+X72+Y72 -> 660542.5 | AA72: 778748.68 | AB72: =IF(+Z72-AA72<0,0,(+Z72-AA72)) -> 0 | AC72: 646580.03 | AD72: =+AB72+AC72 -> 646580.03 | AF72: =+AH72-B72 -> 0 | AG72: 65 | AH72: 09206 | AI72: EASTMONT | AJ72: =+AL72-B72 -> 0 | AL72: 09206 | AM72: 778748.68 | AN72: 09206 | AO72: 646580.03 | AQ72: =+AS72-B72 -> 0 | AS72: 09206 | AT72: Eastmont School District | AU72: 429816.26 | AV72: 35084.18 | AW72: 10750.18 | AX72: 0 | AY72: 71370.33 | AZ72: 33544.03 | BA72: 26307.35 | BB72: 29193.39 | BC72: 2539.16 | BD72: 7975.15 | BF72: =SUM(AU72:BE72) -> 646580.03 | BI72: =TEXT(AS72, "00000") -> 09206 | BJ72: =BF72 -> 646580.03 | BK72: =+BI72-B72 -> 0
A73: 66 | B73: 19028 | C73: EASTON | D73: 2286.1 | E73: 13067.74 | F73: =+D73+E73 -> 15353.84 | G73: 12684.06 | H73: 2669.78 | I73: 19633.84 | J73: =+H73+I73 -> 22303.62 | K73: 12301.02 | L73: 10002.6 | M73: 19771.85 | N73: =+L73+M73 -> 29774.45 | O73: 5567.92 | P73: 24206.53 | Q73: 21056.86 | R73: =+P73+Q73 -> 45263.39 | S73: 11425.54 | T73: 33837.85 | U73: 23173.75 | V73: =+T73+U73 -> 57011.6 | W73: 10024.86 | X73: =IF(+V73-W73<0,0,(+V73-W73)) -> 46986.74 | Y73: 24627.44 | Z73: =+X73+Y73 -> 71614.18 | AA73: 13999.17 | AB73: =IF(+Z73-AA73<0,0,(+Z73-AA73)) -> 57615.01 | AC73: 24971.52 | AD73: =+AB73+AC73 -> 82586.53 | AF73: =+AH73-B73 -> 0 | AG73: 66 | AH73: 19028 | AI73: EASTON | AJ73: =+AL73-B73 -> 0 | AL73: 19028 | AM73: 13999.17 | AN73: 19028 | AO73: 24971.52 | AQ73: =+AS73-B73 -> 0 | AS73: 19028 | AT73: Easton School District | AU73: 21683.77 | AV73: 200.29 | AW73: 37.99 | AX73: 0 | AY73: 1906.41 | AZ73: 718.3 | BA73: 424.76 | BB73: 0 | BC73: 0 | BD73: 0 | BF73: =SUM(AU73:BE73) -> 24971.52 | BI73: =TEXT(AS73, "00000") -> 19028 | BJ73: =BF73 -> 24971.52 | BK73: =+BI73-B73 -> 0
A74: 67 | B74: 27404 | C74: EATONVILLE | D74: 0 | E74: 111628.41 | F74: =+D74+E74 -> 111628.41 | G74: 84500.97 | H74: 27127.44 | I74: 147550.77 | J74: =+H74+I74 -> 174678.21 | K74: 178649.72 | L74: 0 | M74: 158043.58 | N74: =+L74+M74 -> 158043.58 | O74: 173640.13 | P74: 0 | Q74: 182508.17 | R74: =+P74+Q74 -> 182508.17 | S74: 207319.61 | T74: 0 | U74: 187486.43 | V74: =+T74+U74 -> 187486.43 | W74: 217470.85 | X74: =IF(+V74-W74<0,0,(+V74-W74)) -> 0 | Y74: 205770.53 | Z74: =+X74+Y74 -> 205770.53 | AA74: 165502.57 | AB74: =IF(+Z74-AA74<0,0,(+Z74-AA74)) -> 40267.96 | AC74: 204031.95 | AD74: =+AB74+AC74 -> 244299.91 | AF74: =+AH74-B74 -> 0 | AG74: 67 | AH74: 27404 | AI74: EATONVILLE | AJ74: =+AL74-B74 -> 0 | AL74: 27404 | AM74: 165502.57 | AN74: 27404 | AO74: 204031.95 | AQ74: =+AS74-B74 -> 0 | AS74: 27404 | AT74: Eatonville School District | AU74: 142863.54 | AV74: 10390.97 | AW74: 5864.58 | AX74: 0 | AY74: 28221.02 | AZ74: 8584.12 | BA74: 1009.8 | BB74: 667.55 | BC74: 854.09 | BD74: 5576.28 | BF74: =SUM(AU74:BE74) -> 204031.95 | BI74: =TEXT(AS74, "00000") -> 27404 | BJ74: =BF74 -> 204031.95 | BK74: =+BI74-B74 -> 0
A75: 68 | B75: 31015 | C75: EDMONDS | D75: 110028.19 | E75: 1495761 | F75: =+D75+E75 -> 1605789.2 | G75: 1251673.6 | H75: 354115.64 | I75: 2148434.2 | J75: =+H75+I75 -> 2502549.9 | K75: 2148434.2 | L75: 354115.64 | M75: 2149894.5 | N75: =+L75+M75 -> 2504010.2 | O75: 2148926.4 | P75: 355083.82 | Q75: 2304116.2 | R75: =+P75+Q75 -> 2659200 | S75: 2659200 | T75: 0 | U75: 2412924 | V75: =+T75+U75 -> 2412924 | W75: 2412924 | X75: =IF(+V75-W75<0,0,(+V75-W75)) -> 0 | Y75: 2559362.2 | Z75: =+X75+Y75 -> 2559362.2 | AA75: 2559362.2 | AB75: =IF(+Z75-AA75<0,0,(+Z75-AA75)) -> 0 | AC75: 2500578 | AD75: =+AB75+AC75 -> 2500578 | AF75: =+AH75-B75 -> 0 | AG75: 68 | AH75: 31015 | AI75: EDMONDS | AJ75: =+AL75-B75 -> 0 | AL75: 31015 | AM75: 2559362.2 | AN75: 31015 | AO75: 2500578 | AQ75: =+AS75-B75 -> 0 | AS75: 31015 | AT75: Edmonds School District | AU75: 1800466.1 | AV75: 95109.12 | AW75: 10371.21 | AX75: 0 | AY75: 346199.18 | AZ75: 97252.13 | BA75: 26056.27 | BB75: 114712.73 | BC75: 10411.24 | BD75: 0 | BF75: =SUM(AU75:BE75) -> 2500578 | BI75: =TEXT(AS75, "00000") -> 31015 | BJ75: =BF75 -> 2500578 | BK75: =+BI75-B75 -> 0
A76: 69 | B76: 19401 | C76: ELLENSBURG | D76: 0 | E76: 200581.94 | F76: =+D76+E76 -> 200581.94 | G76: 223711.22 | H76: 0 | I76: 275833.47 | J76: =+H76+I76 -> 275833.47 | K76: 247822.9 | L76: 28010.57 | M76: 288375.72 | N76: =+L76+M76 -> 316386.29 | O76: 280499.61 | P76: 35886.68 | Q76: 310588.04 | R76: =+P76+Q76 -> 346474.72 | S76: 378668.75 | T76: 0 | U76: 320033.48 | V76: =+T76+U76 -> 320033.48 | W76: 456772.58 | X76: =IF(+V76-W76<0,0,(+V76-W76)) -> 0 | Y76: 342136.51 | Z76: =+X76+Y76 -> 342136.51 | AA76: 364060.3 | AB76: =IF(+Z76-AA76<0,0,(+Z76-AA76)) -> 0 | AC76: 342199.8 | AD76: =+AB76+AC76 -> 342199.8 | AF76: =+AH76-B76 -> 0 | AG76: 69 | AH76: 19401 | AI76: ELLENSBURG | AJ76: =+AL76-B76 -> 0 | AL76: 19401 | AM76: 364060.3 | AN76: 19401 | AO76: 342199.8 | AQ76: =+AS76-B76 -> 0 | AS76: 19401 | AT76: Ellensburg School District | AU76: 240490.89 | AV76: 16747.35 | AW76: 2472.87 | AX76: 0 | AY76: 48879.89 | AZ76: 14659.91 | BA76: 7350.77 | BB76: 5556.24 | BC76: 1430.69 | BD76: 4611.19 | BF76: =SUM(AU76:BE76) -> 342199.8 | BI76: =TEXT(AS76, "00000") -> 19401 | BJ76: =BF76 -> 342199.8 | BK76: =+BI76-B76 -> 0
A77: 70 | B77: 14068 | C77: ELMA | D77: 0 | E77: 106526.43 | F77: =+D77+E77 -> 106526.43 | G77: 100421.02 | H77: 6105.41 | I77: 150672.45 | J77: =+H77+I77 -> 156777.86 | K77: 149811.79 | L77: 6966.07 | M77: 154013.63 | N77: =+L77+M77 -> 160979.7 | O77: 141429.46 | P77: 19550.24 | Q77: 175382.52 | R77: =+P77+Q77 -> 194932.76 | S77: 141189.51 | T77: 53743.25 | U77: 175741.21 | V77: =+T77+U77 -> 229484.46 | W77: 180009.07 | X77: =IF(+V77-W77<0,0,(+V77-W77)) -> 49475.39 | Y77: 183791.69 | Z77: =+X77+Y77 -> 233267.08 | AA77: 176827.93 | AB77: =IF(+Z77-AA77<0,0,(+Z77-AA77)) -> 56439.15 | AC77: 176989.7 | AD77: =+AB77+AC77 -> 233428.85 | AF77: =+AH77-B77 -> 0 | AG77: 70 | AH77: 14068 | AI77: ELMA | AJ77: =+AL77-B77 -> 0 | AL77: 14068 | AM77: 176827.93 | AN77: 14068 | AO77: 176989.7 | AQ77: =+AS77-B77 -> 0 | AS77: 14068 | AT77: Elma School District | AU77: 95011.11 | AV77: 27998.59 | AW77: 4048.47 | AX77: 0 | AY77: 27595.55 | AZ77: 9959.3 | BA77: 7138.01 | BB77: 3370.13 | BC77: 695.31 | BD77: 1173.23 | BF77: =SUM(AU77:BE77) -> 176989.7 | BI77: =TEXT(AS77, "00000") -> 14068 | BJ77: =BF77 -> 176989.7 | BK77: =+BI77-B77 -> 0
A78: 71 | B78: 38308 | C78: ENDICOTT | D78: 764.97 | E78: 12553.25 | F78: =+D78+E78 -> 13318.22 | G78: 13381.05 | H78: 0 | I78: 19254.27 | J78: =+H78+I78 -> 19254.27 | K78: 19076.6 | L78: 177.67 | M78: 19422.94 | N78: =+L78+M78 -> 19600.61 | O78: 23947.76 | P78: 0 | Q78: 20504.09 | R78: =+P78+Q78 -> 20504.09 | S78: 18366.59 | T78: 2137.5 | U78: 20832.47 | V78: =+T78+U78 -> 22969.97 | X78: =IF(+V78-W78<0,0,(+V78-W78)) -> 22969.97 | Y78: 21451.88 | Z78: =+X78+Y78 -> 44421.85 | AA78: 21278.16 | AB78: =IF(+Z78-AA78<0,0,(+Z78-AA78)) -> 23143.69 | AC78: 22114.44 | AD78: =+AB78+AC78 -> 45258.13 | AF78: =+AH78-B78 -> 0 | AG78: 71 | AH78: 38308 | AI78: ENDICOTT | AJ78: =+AL78-B78 -> 0 | AL78: 38308 | AM78: 21278.16 | AN78: 38308 | AO78: 22114.44 | AQ78: =+AS78-B78 -> 0 | AS78: 38308 | AT78: Endicott School District | AU78: 19548.6 | AV78: 0 | AW78: 0 | AX78: 0 | AY78: 1764.16 | AZ78: 474.84 | BA78: 326.84 | BB78: 0 | BC78: 0 | BD78: 0 | BF78: =SUM(AU78:BE78) -> 22114.44 | BI78: =TEXT(AS78, "00000") -> 38308 | BJ78: =BF78 -> 22114.44 | BK78: =+BI78-B78 -> 0
A79: 72 | B79: 04127 | C79: ENTIAT | D79: 879.1 | E79: 25870.42 | F79: =+D79+E79 -> 26749.52 | G79: 27298.21 | H79: 0 | I79: 39254.08 | J79: =+H79+I79 -> 39254.08 | K79: 33610.47 | L79: 5643.61 | M79: 40955.26 | N79: =+L79+M79 -> 46598.87 | O79: 32834.23 | P79: 13764.64 | Q79: 45510.19 | R79: =+P79+Q79 -> 59274.83 | S79: 43851.52 | T79: 15423.31 | U79: 51658.7 | V79: =+T79+U79 -> 67082.01 | W79: 59405.08 | X79: =IF(+V79-W79<0,0,(+V79-W79)) -> 7676.93 | Y79: 53072.12 | Z79: =+X79+Y79 -> 60749.05 | AA79: 60749 | AB79: =IF(+Z79-AA79<0,0,(+Z79-AA79)) -> 0.05 | AC79: 54251.13 | AD79: =+AB79+AC79 -> 54251.18 | AF79: =+AH79-B79 -> 0 | AG79: 72 | AH79: 04127 | AI79: ENTIAT | AJ79: =+AL79-B79 -> 0 | AL79: 04127 | AM79: 60749 | AN79: 04127 | AO79: 54251.13 | AQ79: =+AS79-B79 -> 0 | AS79: 04127 | AT79: Entiat School District | AU79: 41664.78 | AV79: 2233.48 | AW79: 2360.14 | AX79: 0 | AY79: 0 | AZ79: 2722.5 | BA79: 1899.98 | BB79: 3182.66 | BC79: 187.59 | BD79: 0 | BF79: =SUM(AU79:BE79) -> 54251.13 | BI79: =TEXT(AS79, "00000") -> 04127 | BJ79: =BF79 -> 54251.13 | BK79: =+BI79-B79 -> 0
A80: 73 | B80: 17216 | C80: ENUMCLAW | D80: 77504.13 | E80: 293751.14 | F80: =+D80+E80 -> 371255.27 | G80: 233052.25 | H80: 138203.02 | I80: 419949.58 | J80: =+H80+I80 -> 558152.6 | K80: 371398.67 | L80: 186753.93 | M80: 438004.43 | N80: =+L80+M80 -> 624758.36 | O80: 394147.49 | P80: 230610.87 | Q80: 486490.75 | R80: =+P80+Q80 -> 717101.62 | S80: 415920.89 | T80: 301180.73 | U80: 505115.71 | V80: =+T80+U80 -> 806296.44 | W80: 424037.56 | X80: =IF(+V80-W80<0,0,(+V80-W80)) -> 382258.88 | Y80: 539815.41 | Z80: =+X80+Y80 -> 922074.29 | AA80: 703558.2 | AB80: =IF(+Z80-AA80<0,0,(+Z80-AA80)) -> 218516.09 | AC80: 527602.6 | AD80: =+AB80+AC80 -> 746118.69 | AF80: =+AH80-B80 -> 0 | AG80: 73 | AH80: 17216 | AI80: ENUMCLAW | AJ80: =+AL80-B80 -> 0 | AL80: 17216 | AM80: 703558.2 | AN80: 17216 | AO80: 527602.6 | AQ80: =+AS80-B80 -> 0 | AS80: 17216 | AT80: Enumclaw School District | AU80: 364737.32 | AV80: 44161.82 | AW80: 16443.27 | AX80: 0 | AY80: 70882.79 | AZ80: 14830.53 | BA80: 0 | BB80: 9400.1 | BC80: 2170.45 | BD80: 4976.32 | BF80: =SUM(AU80:BE80) -> 527602.6 | BI80: =TEXT(AS80, "00000") -> 17216 | BJ80: =BF80 -> 527602.6 | BK80: =+BI80-B80 -> 0
A81: 74 | B81: 13165 | C81: EPHRATA | D81: 0 | E81: 170427.08 | F81: =+D81+E81 -> 170427.08 | G81: 170427.08 | H81: 0 | I81: 254721.88 | J81: =+H81+I81 -> 254721.88 | K81: 245876.41 | L81: 8845.47 | M81: 255693.6 | N81: =+L81+M81 -> 264539.07 | O81: 264539.07 | P81: 0 | Q81: 279159.2 | R81: =+P81+Q81 -> 279159.2 | S81: 279159.2 | T81: 0 | U81: 301067.45 | V81: =+T81+U81 -> 301067.45 | W81: 301067.45 | X81: =IF(+V81-W81<0,0,(+V81-W81)) -> 5.8207661e-11 | Y81: 318891.72 | Z81: =+X81+Y81 -> 318891.72 | AA81: 318892 | AB81: =IF(+Z81-AA81<0,0,(+Z81-AA81)) -> 0 | AC81: 316349.19 | AD81: =+AB81+AC81 -> 316349.19 | AF81: =+AH81-B81 -> 0 | AG81: 74 | AH81: 13165 | AI81: EPHRATA | AJ81: =+AL81-B81 -> 0 | AL81: 13165 | AM81: 318892 | AN81: 13165 | AO81: 316349.19 | AQ81: =+AS81-B81 -> 0 | AS81: 13165 | AT81: Ephrata School District | AU81: 209547.25 | AV81: 19395.78 | AW81: 3886.53 | AX81: 0 | AY81: 41431.55 | AZ81: 16285.28 | BA81: 12727.44 | BB81: 11837.57 | BC81: 1237.79 | BD81: 0 | BF81: =SUM(AU81:BE81) -> 316349.19 | BI81: =TEXT(AS81, "00000") -> 13165 | BJ81: =BF81 -> 316349.19 | BK81: =+BI81-B81 -> 0
A82: 75 | B82: 06701 | C82: ESA 112 | D82: 0 | F82: =+D82+E82 -> 0 | H82: 0 | J82: =+H82+I82 -> 0 | L82: 0 | N82: =+L82+M82 -> 0 | R82: =+P82+Q82 -> 0 | S82: 0 | T82: 0 | V82: =+T82+U82 -> 0 | X82: =IF(+V82-W82<0,0,(+V82-W82)) -> 0 | Y82: 0 | Z82: =+X82+Y82 -> 0 | AB82: =IF(+Z82-AA82<0,0,(+Z82-AA82)) -> 0 | AC82: 0 | AD82: =+AB82+AC82 -> 0 | AF82: =+AH82-B82 -> 0 | AG82: 75 | AH82: 06701 | AI82: ESA 112 | AJ82: =+AL82-B82 -> 0 | AL82: 06701 | AN82: 06701 | AO82: 0 | AQ82: =+AS82-B82 -> 0 | AS82: 06701 | AT82: ESA 112 | AU82: 0 | AV82: 0 | AW82: 0 | AX82: 0 | AY82: 0 | AZ82: 0 | BA82: 0 | BB82: 0 | BC82: 0 | BD82: 0 | BF82: =SUM(AU82:BE82) -> 0 | BI82: =TEXT(AS82, "00000") -> 06701 | BJ82: =BF82 -> 0 | BK82: =+BI82-B82 -> 0
A83: 76 | B83: 32801 | C83: ESD 101 | D83: 0 | F83: =+D83+E83 -> 0 | H83: 0 | J83: =+H83+I83 -> 0 | L83: 0 | N83: =+L83+M83 -> 0 | R83: =+P83+Q83 -> 0 | T83: 0 | V83: =+T83+U83 -> 0 | X83: =IF(+V83-W83<0,0,(+V83-W83)) -> 0 | Y83: 0 | Z83: =+X83+Y83 -> 0 | AB83: =IF(+Z83-AA83<0,0,(+Z83-AA83)) -> 0 | AC83: 0 | AD83: =+AB83+AC83 -> 0 | AF83: =+AH83-B83 -> 0 | AG83: 76 | AH83: 32801 | AI83: ESD 101 | AJ83: =+AL83-B83 -> 0 | AL83: 32801 | AN83: 32801 | AO83: 0 | AQ83: =+AS83-B83 -> 0 | AS83: 32801 | AT83: Educational Service District 101 | AU83: 0 | AV83: 0 | AW83: 0 | AX83: 0 | AY83: 0 | AZ83: 0 | BA83: 0 | BB83: 0 | BC83: 0 | BD83: 0 | BF83: =SUM(AU83:BE83) -> 0 | BI83: =TEXT(AS83, "00000") -> 32801 | BJ83: =BF83 -> 0 | BK83: =+BI83-B83 -> 0
A84: 77 | B84: 39801 | C84: ESD 105 | D84: 0 | F84: =+D84+E84 -> 0 | H84: 0 | J84: =+H84+I84 -> 0 | L84: 0 | N84: =+L84+M84 -> 0 | R84: =+P84+Q84 -> 0 | S84: 0 | T84: 0 | V84: =+T84+U84 -> 0 | X84: =IF(+V84-W84<0,0,(+V84-W84)) -> 0 | Y84: 0 | Z84: =+X84+Y84 -> 0 | AB84: =IF(+Z84-AA84<0,0,(+Z84-AA84)) -> 0 | AC84: 0 | AD84: =+AB84+AC84 -> 0 | AF84: =+AH84-B84 -> 0 | AG84: 77 | AH84: 39801 | AI84: ESD 105 | AJ84: =+AL84-B84 -> 0 | AL84: 39801 | AN84: 39801 | AO84: 0 | AQ84: =+AS84-B84 -> 0 | AS84: 39801 | AT84: Educational Service District 105 | AU84: 0 | AV84: 0 | AW84: 0 | AX84: 0 | AY84: 0 | AZ84: 0 | BA84: 0 | BB84: 0 | BC84: 0 | BD84: 0 | BF84: =SUM(AU84:BE84) -> 0 | BI84: =TEXT(AS84, "00000") -> 39801 | BJ84: =BF84 -> 0 | BK84: =+BI84-B84 -> 0
